Workbook
Name All_In: Calculator!$BF$38
Name Bill_Cycle: Calculator!$BF$9
Name Buffer_Days: Calculator!$BH$2
Name Calc_inputs: Calculator!$BV$10:$BV$21
Name Complaint_Input: Calculator!$W$24
Name Days_Per_Cycle: Calculator!$CL$10:$CL$23
Name Default_Plan: Calculator!$BF$33
Name Energy_Nom: Calculator!$BX$10:$BX$21
Name hdr_RGDB_TotalCost: Database!$BO$7
Name Locked: Codes!$E$1
Name Meter_Needed: Calculator!$BF$26
Name Meter_Reads: Calculator!$CK$10:$CK$23
Name Months_Entered: Calculator!$BS$4
Name More_Plans: Calculator!$BF$15
Name Mos_Until_EOM: Calculator!$BH$10:$BH$21
Name Moving: Calculator!$BF$11
Name Old_c_kWh: Calculator!$BG$27
Name Old_Rate: Calculator!$BF$28
Name Old_Rate_Input: Calculator!$BF$27
Name Page_Sel: Calculator!$U$36
Name Pick_A_Plan: Calculator!$BF$13
Name Plan_Cost: Calculator!$BF$20
Name Plan_DBRow: Calculator!$BF$19
Name Plan_Input: Calculator!$A$24
Name Plan_Length: Calculator!$BF$21
Name Plans: Database!$B$8:$CQ$360
Name Plans_Count: Calculator!$BF$18
Name Prior_Read: Calculator!$V$21
Name Projd_Retail: Calculator!$BL$10:$BL$21
Name Rate_Nom: Calculator!$BW$10:$BW$21
Name Rate_Type: Calculator!$BF$22
Name Rel_Date: Calculator!$BE$2
Name Renew_Input: Calculator!$P$24
Name REP_Name: Calculator!$BF$32
Name REP_row: Calculator!$BF$23
Name RGDB_RelDate: Database!$A$3
Name RGDBCount: Database!$E$3
Name RGTOSCount: TOS!$B$3
Name Risk_Default: Calculator!$BF$17
Name Risk_Input: Calculator!$N$24
Name Selected: Calculator!$BF$14
Name Selected_Plan: Calculator!$BF$34
Name Show_Plan: Calculator!$BF$12
Name Sign_Up: Calculator!$BF$16
Name TDU: Calculator!$F$8
Name TDU_IDd: Calculator!$BF$6
Name TDU_ZIP_rank: Calculator!$CM$2
Name Term_Max: Calculator!$J$24
Name Term_Max_Recd: Calculator!$BF$37
Name Term_Min: Calculator!$I$24
Name Term_Min_Recd: Calculator!$BF$36
Name Trend_Data: Trends!$Q$27:$AF$4134
Name Unlock_Code: Calculator!$F$36
Name Usage: Calculator!$BF$10
Name Within_Max: Calculator!$BJ$10:$BJ$21
Name Within_Plan: Calculator!$BI$10:$BI$21
Name ZIP_Code: Calculator!$B$8

Sheet Calculator
A1: ="RateGrinder - ver "& TEXT(Database!$A$3, "m/d/yy h:mma/p") & IF(NOW()>$R$1," is outdated.","") -> RateGrinder - ver 10/26/26 3:51p | R1: =Database!$C$3 -> 46323.16 | U1: by | BD1: Background Calculations: (click "+" above to view)
A2: ©2026 Power To Peruse, LLC. All Rights Reserved. | K2: Terms of Use | BE2: =Database!$A$3 -> 46321.66 | BG2: Misc: | BH2: 14 | BL2: -0.001 | BP2: =IF(ISNUMBER(Prior_Read),MONTH(Prior_Read),0) -> 0 | BS2: =30*(1-MIN(1,$BS$4/3)) -> 30 | BU2: ="<inputs="&ZIP_Code&","&Term_Min&","&Term_Max&","&Risk_Input&","&Renew_Input&","&Complaint_Input&","&BU10&","&BU11&","&BU12&","&BU13&","&BU14&","&BU15&","&BU16&","&BU17&","&BU18&","&BU19&","&BU20&","&BU21&","&BU4&", plan="&LEFT(REP_Name,4)&Plan_Length&","&INDEX(Database!$D$8:$D$360,Plan_DBRow)&","&ROUND(Rel_Date,1)&">" -> #VALUE! | BV2: =COUNTIF(Calc_inputs,">0") -> 0 | BY2: -0.1 | CA2: 0.1 | CD2: =IF(Show_Plan,"Monthly usages","") | CG2: =CG4/CI4 -> #DIV/0! | CJ2: =IF(Show_Plan,"Proj'd Usages","") | CM2: =MATCH(TDU,$CM$10:$CM$12,0) -> #N/A
BG3: Avg: | BK3: =SUMPRODUCT(BK$10:BK$21,$BQ$10:$BQ$21)/$BQ$4 -> 0.054222098 | BL3: =SUMPRODUCT(BL$10:BL$21,$BQ$10:$BQ$21)/$BQ$4 -> 0.054222098 | BQ3: =AVERAGE(BQ10:BQ21) -> 1165 | BR3: =AVERAGE(BR10:BR21) -> 1 | BS3: =AVERAGE(BS10:BS21) -> 0 | BT3: =IF(Months_Entered,AVERAGE(BT10:BT21),$BQ$3) -> 1165 | BU3: =AVERAGE(BU10:BU21) -> 1165 | BV3: =IFERROR(BV4/BV2,"") | BW3: =SUMPRODUCT(BV10:BV21,BW10:BW21)/BV4 -> #DIV/0! | BX3: =SUMPRODUCT(BV10:BV21,BX10:BX21)/BV4 -> #DIV/0! | BY3: =AVERAGE(BY10:BY21) -> 0 | BZ3: =SUMPRODUCT(BY10:BY21,BZ10:BZ21)/BY4 -> #DIV/0! | CA3: =AVERAGE(CA10:CA21) -> 0 | CB3: =SUMPRODUCT(CA10:CA21,CB10:CB21)/CA4 -> #DIV/0! | CF3: =$CF$4/$BV$2 -> #DIV/0! | CL3: =AVERAGE(CL10:CL21) -> #N/A | GT3: Today | GU3: =DATE(YEAR(Database!A3),MONTH(Database!A3),DAY(Database!A3)) -> 46321 | IE3: =IF(Show_Plan,"Extra Cost vs. Start Date","")
A4: Fill in the yellow boxes per the directions below. Click any text for help. | BG4: Sum: | BI4: =SUM(BI10:BI21) -> 12 | BJ4: =SUM(BJ10:BJ21) -> 12 | BQ4: =SUM(BQ10:BQ21) -> 13980 | BR4: =SUM(BR10:BR21) -> 12 | BS4: =SUM(BS10:BS21) -> 0 | BT4: =SUM(BT10:BT21) -> 0 | BU4: =SUM(BU10:BU21) -> 13980 | BV4: =SUM(Calc_inputs) -> 0 | BY4: =SUM(BY10:BY21) -> 0 | CA4: =SUM(CA10:CA21) -> 0 | CF4: =SUM(CF10:CF21) -> 0 | CG4: =SUM(CG10:CG21) -> 0 | CI4: =SUMPRODUCT($BI$10:$BI$21,Calc_inputs) -> 0
A6: =IF(TDU_IDd,"",$BJ$29) -> Step ①: DOUBLE-tap the yellow box, type your ZIP Code, and press Enter. | BE6: TDU selection complete | BF6: =IFERROR(AND(ISNUMBER(ZIP_Code),TDU_ZIP_rank,OR(TDU="Centerpoint",TDU="Oncor")),FALSE()) -> FALSE
BE7: TDU Area | BF7: =IF(TDU_ZIP_rank,HLOOKUP(TDU,ZIPCodes!$B$4:$I$9,6,FALSE)) -> #N/A | GT7: Switch Date | GU7: =GU3+0.5 -> 46321.5 | GV7: =GU7+1 -> 46322.5 | GW7: =GV7+1 -> 46323.5 | GX7: =GW7+1 -> 46324.5 | GY7: =GX7+1 -> 46325.5 | GZ7: =GY7+1 -> 46326.5 | HA7: =GZ7+1 -> 46327.5 | HB7: =HA7+1 -> 46328.5 | HC7: =HB7+1 -> 46329.5 | ... ID7: =IC7+1 -> 46356.5 | IE7: =IF(Show_Plan,"Start Date","")
A8: ZIP: | C8: =IF(ISBLANK(ZIP_Code),TEXT(12345,"# "),"") -> 12345 | E8: =IF(ISNUMBER(ZIPCodes!A6),"Utility:","") | F8: =IF(ISNUMBER(ZIPCodes!A6),$CM$10,"") | GT8: Cycle "Month" | GU8: =MOD(IFERROR(MATCH(GU$7,Meter_Reads,1),0),12)+1 -> 1 | GV8: =MOD(IFERROR(MATCH(GV$7,Meter_Reads,1),0),12)+1 -> 1 | GW8: =MOD(IFERROR(MATCH(GW$7,Meter_Reads,1),0),12)+1 -> 1 | GX8: =MOD(IFERROR(MATCH(GX$7,Meter_Reads,1),0),12)+1 -> 1 | GY8: =MOD(IFERROR(MATCH(GY$7,Meter_Reads,1),0),12)+1 -> 1 | GZ8: =MOD(IFERROR(MATCH(GZ$7,Meter_Reads,1),0),12)+1 -> 1 | HA8: =MOD(IFERROR(MATCH(HA$7,Meter_Reads,1),0),12)+1 -> 1 | HB8: =MOD(IFERROR(MATCH(HB$7,Meter_Reads,1),0),12)+1 -> 1 | ... ID8: =MOD(IFERROR(MATCH(ID$7,Meter_Reads,1),0),12)+1 -> 1
A9: =IF(TDU_IDd,"Usage"&IF(Show_Plan," & Costs for Plan #"&Selected_Plan," (kWh):"),"") | AG9: Rate Trend Notes: | BE9: Billing Cycle # | BF9: =IF(VLOOKUP(Prior_Read,Cycles!$B$9:$H$3122,IF(TDU="CENTERPOINT",2,IF(TDU="ONCOR",5,0)),FALSE)>0,VLOOKUP(Prior_Read,Cycles!$B$9:$H$3122,IF(TDU="CENTERPOINT",2,IF(TDU="ONCOR",5,0)),FALSE),NA()) -> #N/A | BG9: Month # | BH9: Months until EOM | BI9: Within Plan? | BJ9: Within Max? | BK9: Proj'd CP Retail | BL9: Proj'd Retail | BM9: Usage Date | BN9: Default Text | BO9: Quick Inputs | BP9: User Input | BQ9: EIA'16 TX Avg | BR9: Mon:Avg Ratio | BS9: User Input? | BT9: Adj'd Avg | BU9: Adj'd Usage | BV9: Calculator Inputs | BW9: Rate @Nom | BX9: Energy @Nom | BY9: Inputs - Spread% | BZ9: Rate @Low | CA9: Inputs + Spread% | CB9: Rate @High | CC9: Known Usage | CD9: Data Labels | CE9: Est'd Usage | CF9: Monthly Bill | CG9: Knwn Bill (flipped) | CH9: Est'd Bill (flipped) | CI9: Plan Usages | CJ9: Proj'd Usages | CK9: Meter Reads | CL9: Days / Cycle | CM9: TDU Options | GT9: Cycle "Day" | GU9: =GU$7-INDEX(Meter_Reads,MATCH(GU$7,Meter_Reads,1)) -> #N/A | GV9: =GV$7-INDEX(Meter_Reads,MATCH(GV$7,Meter_Reads,1)) -> #N/A | GW9: =GW$7-INDEX(Meter_Reads,MATCH(GW$7,Meter_Reads,1)) -> #N/A | GX9: =GX$7-INDEX(Meter_Reads,MATCH(GX$7,Meter_Reads,1)) -> #N/A | GY9: =GY$7-INDEX(Meter_Reads,MATCH(GY$7,Meter_Reads,1)) -> #N/A | GZ9: =GZ$7-INDEX(Meter_Reads,MATCH(GZ$7,Meter_Reads,1)) -> #N/A | HA9: =HA$7-INDEX(Meter_Reads,MATCH(HA$7,Meter_Reads,1)) -> #N/A | HB9: =HB$7-INDEX(Meter_Reads,MATCH(HB$7,Meter_Reads,1)) -> #N/A | ... ID9: =ID$7-INDEX(Meter_Reads,MATCH(ID$7,Meter_Reads,1)) -> #N/A
A10: Jan: | C10: =IF(ISNUMBER($B10),"",TEXT($BV10,"#,### ")) | E10: =BW10 -> 99 | AG10: 'TX Avg': Average TX residential retail price paid each month, per EIA.gov. | BE10: Usage | BF10: =AND(TDU_IDd,Months_Entered) -> FALSE | BG10: 1 | BH10: =(EOMONTH(Rel_Date+Buffer_Days,IF($BG10<MONTH(Rel_Date+Buffer_Days),12,0)+$BG10-MONTH(Rel_Date+Buffer_Days))+0-(Rel_Date+Buffer_Days))/30.4375 -> 2.7052019 | BI10: =IF($BH10>$BF$21,0,1) -> 1 | BJ10: =IF($BH10>$J$24,0,1) -> 1 | BK10: 0.058193038 | BL10: =$BK10+IF(TDU="Oncor",$BL$2,0) -> 0.058193038 | BM10: =DATE(YEAR(Rel_Date),$BG10,1) -> 46023 | BO10: =VALUE(MID($BU$2,SEARCH(TEXT(BM10,"mmm"),$BU$2)+4,SEARCH("&",$BU$2,SEARCH(TEXT(BM10,"mmm"),$BU$2))-SEARCH(TEXT(BM10,"mmm"),$BU$2)-4)) -> #VALUE! | BP10: =IF(ISNUMBER(B10),B10,"") | BQ10: 1172 | BR10: =BQ10/$BQ$3 -> 1.0060086 | BS10: =--(ISNUMBER(BP10)) -> 0 | BT10: =IF(AND(BS10,BP10),BP10/BR10) -> FALSE | BU10: =IF(BS10,ROUND(BP10,0),ROUND($BT$3*BR10,0)) -> 1172 | BV10: =IF(Moving,BQ10,IF(Months_Entered=0,$BN10,IF($BJ10,$BU10,0))) -> 0 | BW10: =IFERROR(IF($BI10,LOOKUP(BV10,$CO$23:$CS$23,$CT$23:$CX$23)+IF($CN$23="Y",SUMPRODUCT($DE$23:$DI$23-$DD$23:$DH$23,BV10-$CY$23:$DC$23,N(BV10>$CY$23:$DC$23)),BV10*LOOKUP(BV10,$CY$23:$DC$23,$DE$23:$DI$23))+IF($DL$23="Y",$DM$23,$DJ$23)+BV10*IF($DL$23="Y",$DN$23,$DK$23),$DM$23+BV10*($BL10+$DN$23+$BH$23))*100/BV10,99) -> 99 | BX10: =IFERROR($BW10-$DM$23*100/$BV10-$DN$23*100,99) -> 99 | BY10: =$BV10*(1+BY$2) -> 0 | BZ10: =IFERROR(IF($BI10,LOOKUP(BY10,$CO$23:$CS$23,$CT$23:$CX$23)+IF($CN$23="Y",SUMPRODUCT($DE$23:$DI$23-$DD$23:$DH$23,BY10-$CY$23:$DC$23,N(BY10>$CY$23:$DC$23)),BY10*LOOKUP(BY10,$CY$23:$DC$23,$DE$23:$DI$23))+IF($DL$23="Y",$DM$23,$DJ$23)+BY10*IF($DL$23="Y",$DN$23,$DK$23),$DM$23+BY10*($BL10+$DN$23+$BH$23))*100/BY10,99) -> 99 | CA10: =$BV10*(1+CA$2) -> 0 | CB10: =IFERROR(IF($BI10,LOOKUP(CA10,$CO$23:$CS$23,$CT$23:$CX$23)+IF($CN$23="Y",SUMPRODUCT($DE$23:$DI$23-$DD$23:$DH$23,CA10-$CY$23:$DC$23,N(CA10>$CY$23:$DC$23)),CA10*LOOKUP(CA10,$CY$23:$DC$23,$DE$23:$DI$23))+IF($DL$23="Y",$DM$23,$DJ$23)+CA10*IF($DL$23="Y",$DN$23,$DK$23),$DM$23+CA10*($BL10+$DN$23+$BH$23))*100/CA10,99) -> 99 | CC10: =IF(Show_Plan,IF($BS10,$BV10,NA()),NA()) -> #N/A | CD10: =IF($BJ10,LEFT(TEXT(DATE(2000,BG10,1),"mmm"),1),"") -> J | CE10: =IF(Show_Plan,IF($BS10,NA(),BV10),NA()) -> #N/A | CF10: =IFERROR(IF(Show_Plan,($BV10*$BW10)/100,""),"") | CG10: =IF(INDEX($BI$10:$BI$21,ROW(CG$21)+1-ROW()),INDEX($CF$10:$CF$21,ROW(CG$21)+1-ROW()),"") | CH10: =IF(INDEX($BI$10:$BI$21,ROW(CH$21)+1-ROW()),"",INDEX($CF$10:$CF$21,ROW(CH$21)+1-ROW())) | CI10: =IF(TDU_IDd,IF($BI10,$BV10,NA()),0) -> 0 | CJ10: =IF(TDU_IDd,IF($BI10,NA(),$BV10),0) -> 0 | CK10: =INDEX(Cycles!$B$9:$B$3122,MATCH(DATE(YEAR($BM10),MONTH($BM10),BF$9),IF(TDU="CENTERPOINT",Cycles!$E$9:$E$3122,Cycles!$H$9:$H$3122),1))+0.5 -> #N/A | CL10: =INDEX(IF(TDU="CENTERPOINT",Cycles!$D$9:$D$3122,Cycles!$G$9:$G$3122),MATCH(DATE(YEAR($BM10),MONTH($BM10),$BF$9),IF(TDU="CENTERPOINT",Cycles!$E$9:$E$3122,Cycles!$H$9:$H$3122),1)) -> #N/A | CM10: =IFERROR(INDEX(ZIPCodes!$B$4:$I$4,MATCH($BG10,ZIPCodes!$B$6:$I$6,0)),"Invalid TDU (don't pick)") -> Invalid TDU (don't pick) | GT10: Days / Month | GU10: =INDEX(Days_Per_Cycle,MATCH(GU$7,Meter_Reads,1)+1) -> #N/A | GV10: =INDEX(Days_Per_Cycle,MATCH(GV$7,Meter_Reads,1)+1) -> #N/A | GW10: =INDEX(Days_Per_Cycle,MATCH(GW$7,Meter_Reads,1)+1) -> #N/A | GX10: =INDEX(Days_Per_Cycle,MATCH(GX$7,Meter_Reads,1)+1) -> #N/A | GY10: =INDEX(Days_Per_Cycle,MATCH(GY$7,Meter_Reads,1)+1) -> #N/A | GZ10: =INDEX(Days_Per_Cycle,MATCH(GZ$7,Meter_Reads,1)+1) -> #N/A | HA10: =INDEX(Days_Per_Cycle,MATCH(HA$7,Meter_Reads,1)+1) -> #N/A | HB10: =INDEX(Days_Per_Cycle,MATCH(HB$7,Meter_Reads,1)+1) -> #N/A | ... ID10: =INDEX(Days_Per_Cycle,MATCH(ID$7,Meter_Reads,1)+1) -> #N/A
A11: Feb: | C11: =IF(ISNUMBER($B11),"",TEXT($BV11,"#,### ")) | E11: =BW11 -> 99 | AG11: 'Fixed' rates (3/6/12/24-month contract): Cheapest non-tiered offer for a linearly-scaled EIA 2016 TX avg load profile. | BE11: Moving? | BF11: =AND(Months_Entered=1,$BT$3=$BQ$3) -> FALSE | BG11: 2 | BH11: =(EOMONTH(Rel_Date+Buffer_Days,IF($BG11<MONTH(Rel_Date+Buffer_Days),12,0)+$BG11-MONTH(Rel_Date+Buffer_Days))+0-(Rel_Date+Buffer_Days))/30.4375 -> 3.6251198 | BI11: =IF($BH11>$BF$21,0,1) -> 1 | BJ11: =IF($BH11>$J$24,0,1) -> 1 | BK11: 0.058109663 | BL11: =$BK11+IF(TDU="Oncor",$BL$2,0) -> 0.058109663 | BM11: =EOMONTH(BM$10,BG11-2)+1 -> 46054 | BO11: =VALUE(MID($BU$2,SEARCH(TEXT(BM11,"mmm"),$BU$2)+4,SEARCH("&",$BU$2,SEARCH(TEXT(BM11,"mmm"),$BU$2))-SEARCH(TEXT(BM11,"mmm"),$BU$2)-4)) -> #VALUE! | BP11: =IF(ISNUMBER(B11),B11,"") | BQ11: 999 | BR11: =BQ11/$BQ$3 -> 0.85751073 | BS11: =--(ISNUMBER(BP11)) -> 0 | BT11: =IF(AND(BS11,BP11),BP11/BR11) -> FALSE | BU11: =IF(BS11,ROUND(BP11,0),ROUND($BT$3*BR11,0)) -> 999 | BV11: =IF(Moving,BQ11,IF(Months_Entered=0,$BN11,IF($BJ11,$BU11,0))) -> 0 | BW11: =IFERROR(IF($BI11,LOOKUP(BV11,$CO$23:$CS$23,$CT$23:$CX$23)+IF($CN$23="Y",SUMPRODUCT($DE$23:$DI$23-$DD$23:$DH$23,BV11-$CY$23:$DC$23,N(BV11>$CY$23:$DC$23)),BV11*LOOKUP(BV11,$CY$23:$DC$23,$DE$23:$DI$23))+IF($DL$23="Y",$DM$23,$DJ$23)+BV11*IF($DL$23="Y",$DN$23,$DK$23),$DM$23+BV11*($BL11+$DN$23+$BH$23))*100/BV11,99) -> 99 | BX11: =IFERROR($BW11-$DM$23*100/$BV11-$DN$23*100,99) -> 99 | BY11: =$BV11*(1+BY$2) -> 0 | BZ11: =IFERROR(IF($BI11,LOOKUP(BY11,$CO$23:$CS$23,$CT$23:$CX$23)+IF($CN$23="Y",SUMPRODUCT($DE$23:$DI$23-$DD$23:$DH$23,BY11-$CY$23:$DC$23,N(BY11>$CY$23:$DC$23)),BY11*LOOKUP(BY11,$CY$23:$DC$23,$DE$23:$DI$23))+IF($DL$23="Y",$DM$23,$DJ$23)+BY11*IF($DL$23="Y",$DN$23,$DK$23),$DM$23+BY11*($BL11+$DN$23+$BH$23))*100/BY11,99) -> 99 | CA11: =$BV11*(1+CA$2) -> 0 | CB11: =IFERROR(IF($BI11,LOOKUP(CA11,$CO$23:$CS$23,$CT$23:$CX$23)+IF($CN$23="Y",SUMPRODUCT($DE$23:$DI$23-$DD$23:$DH$23,CA11-$CY$23:$DC$23,N(CA11>$CY$23:$DC$23)),CA11*LOOKUP(CA11,$CY$23:$DC$23,$DE$23:$DI$23))+IF($DL$23="Y",$DM$23,$DJ$23)+CA11*IF($DL$23="Y",$DN$23,$DK$23),$DM$23+CA11*($BL11+$DN$23+$BH$23))*100/CA11,99) -> 99 | CC11: =IF(Show_Plan,IF($BS11,$BV11,NA()),NA()) -> #N/A | CD11: =IF($BJ11,LEFT(TEXT(DATE(2000,BG11,1),"mmm"),1),"") -> F | CE11: =IF(Show_Plan,IF($BS11,NA(),BV11),NA()) -> #N/A | CF11: =IFERROR(IF(Show_Plan,($BV11*$BW11)/100,""),"") | CG11: =IF(INDEX($BI$10:$BI$21,ROW(CG$21)+1-ROW()),INDEX($CF$10:$CF$21,ROW(CG$21)+1-ROW()),"") | CH11: =IF(INDEX($BI$10:$BI$21,ROW(CH$21)+1-ROW()),"",INDEX($CF$10:$CF$21,ROW(CH$21)+1-ROW())) | CI11: =IF(TDU_IDd,IF($BI11,$BV11,NA()),0) -> 0 | CJ11: =IF(TDU_IDd,IF($BI11,NA(),$BV11),0) -> 0 | CK11: =INDEX(Cycles!$B$9:$B$3122,MATCH(DATE(YEAR($BM11),MONTH($BM11),BF$9),IF(TDU="CENTERPOINT",Cycles!$E$9:$E$3122,Cycles!$H$9:$H$3122),1))+0.5 -> #N/A | CL11: =INDEX(IF(TDU="CENTERPOINT",Cycles!$D$9:$D$3122,Cycles!$G$9:$G$3122),MATCH(DATE(YEAR($BM11),MONTH($BM11),$BF$9),IF(TDU="CENTERPOINT",Cycles!$E$9:$E$3122,Cycles!$H$9:$H$3122),1)) -> #N/A | CM11: =IFERROR(INDEX(ZIPCodes!$B$4:$I$4,MATCH($BG11,ZIPCodes!$B$6:$I$6,0)),"Invalid TDU (don't pick)") -> Invalid TDU (don't pick) | GT11: Usage / Month | GU11: =INDEX(Calc_inputs,GU$8) -> 0 | GV11: =INDEX(Calc_inputs,GV$8) -> 0 | GW11: =INDEX(Calc_inputs,GW$8) -> 0 | GX11: =INDEX(Calc_inputs,GX$8) -> 0 | GY11: =INDEX(Calc_inputs,GY$8) -> 0 | GZ11: =INDEX(Calc_inputs,GZ$8) -> 0 | HA11: =INDEX(Calc_inputs,HA$8) -> 0 | HB11: =INDEX(Calc_inputs,HB$8) -> 0 | ... ID11: =INDEX(Calc_inputs,ID$8) -> 0
A12: Mar: | C12: =IF(ISNUMBER($B12),"",TEXT($BV12,"#,### ")) | E12: =BW12 -> 99 | AG12: 'Real Time Wholesale': Assumes Backcasted Avg Load Profile, RTSPP+15% (AncServ), initial TDU charges, 9.99/mo, and 2.5%+25¢ /payment. | BE12: Show plan? | BF12: =AND(Usage,Selected) -> FALSE | BG12: 3 | BH12: =(EOMONTH(Rel_Date+Buffer_Days,IF($BG12<MONTH(Rel_Date+Buffer_Days),12,0)+$BG12-MONTH(Rel_Date+Buffer_Days))+0-(Rel_Date+Buffer_Days))/30.4375 -> 4.6436003 | BI12: =IF($BH12>$BF$21,0,1) -> 1 | BJ12: =IF($BH12>$J$24,0,1) -> 1 | BK12: 0.040139775 | BL12: =$BK12+IF(TDU="Oncor",$BL$2,0) -> 0.040139775 | BM12: =EOMONTH(BM$10,BG12-2)+1 -> 46082 | BO12: =VALUE(MID($BU$2,SEARCH(TEXT(BM12,"mmm"),$BU$2)+4,SEARCH("&",$BU$2,SEARCH(TEXT(BM12,"mmm"),$BU$2))-SEARCH(TEXT(BM12,"mmm"),$BU$2)-4)) -> #VALUE! | BP12: =IF(ISNUMBER(B12),B12,"") | BQ12: 840 | BR12: =BQ12/$BQ$3 -> 0.72103004 | BS12: =--(ISNUMBER(BP12)) -> 0 | BT12: =IF(AND(BS12,BP12),BP12/BR12) -> FALSE | BU12: =IF(BS12,ROUND(BP12,0),ROUND($BT$3*BR12,0)) -> 840 | BV12: =IF(Moving,BQ12,IF(Months_Entered=0,$BN12,IF($BJ12,$BU12,0))) -> 0 | BW12: =IFERROR(IF($BI12,LOOKUP(BV12,$CO$23:$CS$23,$CT$23:$CX$23)+IF($CN$23="Y",SUMPRODUCT($DE$23:$DI$23-$DD$23:$DH$23,BV12-$CY$23:$DC$23,N(BV12>$CY$23:$DC$23)),BV12*LOOKUP(BV12,$CY$23:$DC$23,$DE$23:$DI$23))+IF($DL$23="Y",$DM$23,$DJ$23)+BV12*IF($DL$23="Y",$DN$23,$DK$23),$DM$23+BV12*($BL12+$DN$23+$BH$23))*100/BV12,99) -> 99 | BX12: =IFERROR($BW12-$DM$23*100/$BV12-$DN$23*100,99) -> 99 | BY12: =$BV12*(1+BY$2) -> 0 | BZ12: =IFERROR(IF($BI12,LOOKUP(BY12,$CO$23:$CS$23,$CT$23:$CX$23)+IF($CN$23="Y",SUMPRODUCT($DE$23:$DI$23-$DD$23:$DH$23,BY12-$CY$23:$DC$23,N(BY12>$CY$23:$DC$23)),BY12*LOOKUP(BY12,$CY$23:$DC$23,$DE$23:$DI$23))+IF($DL$23="Y",$DM$23,$DJ$23)+BY12*IF($DL$23="Y",$DN$23,$DK$23),$DM$23+BY12*($BL12+$DN$23+$BH$23))*100/BY12,99) -> 99 | CA12: =$BV12*(1+CA$2) -> 0 | CB12: =IFERROR(IF($BI12,LOOKUP(CA12,$CO$23:$CS$23,$CT$23:$CX$23)+IF($CN$23="Y",SUMPRODUCT($DE$23:$DI$23-$DD$23:$DH$23,CA12-$CY$23:$DC$23,N(CA12>$CY$23:$DC$23)),CA12*LOOKUP(CA12,$CY$23:$DC$23,$DE$23:$DI$23))+IF($DL$23="Y",$DM$23,$DJ$23)+CA12*IF($DL$23="Y",$DN$23,$DK$23),$DM$23+CA12*($BL12+$DN$23+$BH$23))*100/CA12,99) -> 99 | CC12: =IF(Show_Plan,IF($BS12,$BV12,NA()),NA()) -> #N/A | CD12: =IF($BJ12,LEFT(TEXT(DATE(2000,BG12,1),"mmm"),1),"") -> M | CE12: =IF(Show_Plan,IF($BS12,NA(),BV12),NA()) -> #N/A | CF12: =IFERROR(IF(Show_Plan,($BV12*$BW12)/100,""),"") | CG12: =IF(INDEX($BI$10:$BI$21,ROW(CG$21)+1-ROW()),INDEX($CF$10:$CF$21,ROW(CG$21)+1-ROW()),"") | CH12: =IF(INDEX($BI$10:$BI$21,ROW(CH$21)+1-ROW()),"",INDEX($CF$10:$CF$21,ROW(CH$21)+1-ROW())) | CI12: =IF(TDU_IDd,IF($BI12,$BV12,NA()),0) -> 0 | CJ12: =IF(TDU_IDd,IF($BI12,NA(),$BV12),0) -> 0 | CK12: =INDEX(Cycles!$B$9:$B$3122,MATCH(DATE(YEAR($BM12),MONTH($BM12),BF$9),IF(TDU="CENTERPOINT",Cycles!$E$9:$E$3122,Cycles!$H$9:$H$3122),1))+0.5 -> #N/A | CL12: =INDEX(IF(TDU="CENTERPOINT",Cycles!$D$9:$D$3122,Cycles!$G$9:$G$3122),MATCH(DATE(YEAR($BM12),MONTH($BM12),$BF$9),IF(TDU="CENTERPOINT",Cycles!$E$9:$E$3122,Cycles!$H$9:$H$3122),1)) -> #N/A | CM12: =IFERROR(INDEX(ZIPCodes!$B$4:$I$4,MATCH($BG12,ZIPCodes!$B$6:$I$6,0)),"Invalid TDU (don't pick)") -> Invalid TDU (don't pick) | GT12: Billing / Full Month | GU12: =IF(GU11>0,LOOKUP(GU11,$CO$23:$CS$23,$CT$23:$CX$23)+IF($CN$23="Y",SUMPRODUCT($DE$23:$DI$23-$DD$23:$DH$23,GU11-$CY$23:$DC$23,N(GU11>$CY$23:$DC$23)),GU11*LOOKUP(GU11,$CY$23:$DC$23,$DE$23:$DI$23))+IF($DL$23="Y",$DM$23,$DJ$23)+GU11*IF($DL$23="Y",$DN$23,$DK$23),0) -> 0 | GV12: =IF(GV11>0,LOOKUP(GV11,$CO$23:$CS$23,$CT$23:$CX$23)+IF($CN$23="Y",SUMPRODUCT($DE$23:$DI$23-$DD$23:$DH$23,GV11-$CY$23:$DC$23,N(GV11>$CY$23:$DC$23)),GV11*LOOKUP(GV11,$CY$23:$DC$23,$DE$23:$DI$23))+IF($DL$23="Y",$DM$23,$DJ$23)+GV11*IF($DL$23="Y",$DN$23,$DK$23),0) -> 0 | GW12: =IF(GW11>0,LOOKUP(GW11,$CO$23:$CS$23,$CT$23:$CX$23)+IF($CN$23="Y",SUMPRODUCT($DE$23:$DI$23-$DD$23:$DH$23,GW11-$CY$23:$DC$23,N(GW11>$CY$23:$DC$23)),GW11*LOOKUP(GW11,$CY$23:$DC$23,$DE$23:$DI$23))+IF($DL$23="Y",$DM$23,$DJ$23)+GW11*IF($DL$23="Y",$DN$23,$DK$23),0) -> 0 | GX12: =IF(GX11>0,LOOKUP(GX11,$CO$23:$CS$23,$CT$23:$CX$23)+IF($CN$23="Y",SUMPRODUCT($DE$23:$DI$23-$DD$23:$DH$23,GX11-$CY$23:$DC$23,N(GX11>$CY$23:$DC$23)),GX11*LOOKUP(GX11,$CY$23:$DC$23,$DE$23:$DI$23))+IF($DL$23="Y",$DM$23,$DJ$23)+GX11*IF($DL$23="Y",$DN$23,$DK$23),0) -> 0 | GY12: =IF(GY11>0,LOOKUP(GY11,$CO$23:$CS$23,$CT$23:$CX$23)+IF($CN$23="Y",SUMPRODUCT($DE$23:$DI$23-$DD$23:$DH$23,GY11-$CY$23:$DC$23,N(GY11>$CY$23:$DC$23)),GY11*LOOKUP(GY11,$CY$23:$DC$23,$DE$23:$DI$23))+IF($DL$23="Y",$DM$23,$DJ$23)+GY11*IF($DL$23="Y",$DN$23,$DK$23),0) -> 0 | GZ12: =IF(GZ11>0,LOOKUP(GZ11,$CO$23:$CS$23,$CT$23:$CX$23)+IF($CN$23="Y",SUMPRODUCT($DE$23:$DI$23-$DD$23:$DH$23,GZ11-$CY$23:$DC$23,N(GZ11>$CY$23:$DC$23)),GZ11*LOOKUP(GZ11,$CY$23:$DC$23,$DE$23:$DI$23))+IF($DL$23="Y",$DM$23,$DJ$23)+GZ11*IF($DL$23="Y",$DN$23,$DK$23),0) -> 0 | HA12: =IF(HA11>0,LOOKUP(HA11,$CO$23:$CS$23,$CT$23:$CX$23)+IF($CN$23="Y",SUMPRODUCT($DE$23:$DI$23-$DD$23:$DH$23,HA11-$CY$23:$DC$23,N(HA11>$CY$23:$DC$23)),HA11*LOOKUP(HA11,$CY$23:$DC$23,$DE$23:$DI$23))+IF($DL$23="Y",$DM$23,$DJ$23)+HA11*IF($DL$23="Y",$DN$23,$DK$23),0) -> 0 | HB12: =IF(HB11>0,LOOKUP(HB11,$CO$23:$CS$23,$CT$23:$CX$23)+IF($CN$23="Y",SUMPRODUCT($DE$23:$DI$23-$DD$23:$DH$23,HB11-$CY$23:$DC$23,N(HB11>$CY$23:$DC$23)),HB11*LOOKUP(HB11,$CY$23:$DC$23,$DE$23:$DI$23))+IF($DL$23="Y",$DM$23,$DJ$23)+HB11*IF($DL$23="Y",$DN$23,$DK$23),0) -> 0 | ... ID12: =IF(ID11>0,LOOKUP(ID11,$CO$23:$CS$23,$CT$23:$CX$23)+IF($CN$23="Y",SUMPRODUCT($DE$23:$DI$23-$DD$23:$DH$23,ID11-$CY$23:$DC$23,N(ID11>$CY$23:$DC$23)),ID11*LOOKUP(ID11,$CY$23:$DC$23,$DE$23:$DI$23))+IF($DL$23="Y",$DM$23,$DJ$23)+ID11*IF($DL$23="Y",$DN$23,$DK$23),0) -> 0
A13: Apr: | C13: =IF(ISNUMBER($B13),"",TEXT($BV13,"#,### ")) | E13: =BW13 -> 99 | BE13: Pick a Plan? | BF13: =AND(TDU_IDd,Usage) -> FALSE | BG13: 4 | BH13: =(EOMONTH(Rel_Date+Buffer_Days,IF($BG13<MONTH(Rel_Date+Buffer_Days),12,0)+$BG13-MONTH(Rel_Date+Buffer_Days))+0-(Rel_Date+Buffer_Days))/30.4375 -> 5.6292266 | BI13: =IF($BH13>$BF$21,0,1) -> 1 | BJ13: =IF($BH13>$J$24,0,1) -> 1 | BK13: 0.04602775 | BL13: =$BK13+IF(TDU="Oncor",$BL$2,0) -> 0.04602775 | BM13: =EOMONTH(BM$10,BG13-2)+1 -> 46113 | BO13: =VALUE(MID($BU$2,SEARCH(TEXT(BM13,"mmm"),$BU$2)+4,SEARCH("&",$BU$2,SEARCH(TEXT(BM13,"mmm"),$BU$2))-SEARCH(TEXT(BM13,"mmm"),$BU$2)-4)) -> #VALUE! | BP13: =IF(ISNUMBER(B13),B13,"") | BQ13: 815 | BR13: =BQ13/$BQ$3 -> 0.69957082 | BS13: =--(ISNUMBER(BP13)) -> 0 | BT13: =IF(AND(BS13,BP13),BP13/BR13) -> FALSE | BU13: =IF(BS13,ROUND(BP13,0),ROUND($BT$3*BR13,0)) -> 815 | BV13: =IF(Moving,BQ13,IF(Months_Entered=0,$BN13,IF($BJ13,$BU13,0))) -> 0 | BW13: =IFERROR(IF($BI13,LOOKUP(BV13,$CO$23:$CS$23,$CT$23:$CX$23)+IF($CN$23="Y",SUMPRODUCT($DE$23:$DI$23-$DD$23:$DH$23,BV13-$CY$23:$DC$23,N(BV13>$CY$23:$DC$23)),BV13*LOOKUP(BV13,$CY$23:$DC$23,$DE$23:$DI$23))+IF($DL$23="Y",$DM$23,$DJ$23)+BV13*IF($DL$23="Y",$DN$23,$DK$23),$DM$23+BV13*($BL13+$DN$23+$BH$23))*100/BV13,99) -> 99 | BX13: =IFERROR($BW13-$DM$23*100/$BV13-$DN$23*100,99) -> 99 | BY13: =$BV13*(1+BY$2) -> 0 | BZ13: =IFERROR(IF($BI13,LOOKUP(BY13,$CO$23:$CS$23,$CT$23:$CX$23)+IF($CN$23="Y",SUMPRODUCT($DE$23:$DI$23-$DD$23:$DH$23,BY13-$CY$23:$DC$23,N(BY13>$CY$23:$DC$23)),BY13*LOOKUP(BY13,$CY$23:$DC$23,$DE$23:$DI$23))+IF($DL$23="Y",$DM$23,$DJ$23)+BY13*IF($DL$23="Y",$DN$23,$DK$23),$DM$23+BY13*($BL13+$DN$23+$BH$23))*100/BY13,99) -> 99 | CA13: =$BV13*(1+CA$2) -> 0 | CB13: =IFERROR(IF($BI13,LOOKUP(CA13,$CO$23:$CS$23,$CT$23:$CX$23)+IF($CN$23="Y",SUMPRODUCT($DE$23:$DI$23-$DD$23:$DH$23,CA13-$CY$23:$DC$23,N(CA13>$CY$23:$DC$23)),CA13*LOOKUP(CA13,$CY$23:$DC$23,$DE$23:$DI$23))+IF($DL$23="Y",$DM$23,$DJ$23)+CA13*IF($DL$23="Y",$DN$23,$DK$23),$DM$23+CA13*($BL13+$DN$23+$BH$23))*100/CA13,99) -> 99 | CC13: =IF(Show_Plan,IF($BS13,$BV13,NA()),NA()) -> #N/A | CD13: =IF($BJ13,LEFT(TEXT(DATE(2000,BG13,1),"mmm"),1),"") -> A | CE13: =IF(Show_Plan,IF($BS13,NA(),BV13),NA()) -> #N/A | CF13: =IFERROR(IF(Show_Plan,($BV13*$BW13)/100,""),"") | CG13: =IF(INDEX($BI$10:$BI$21,ROW(CG$21)+1-ROW()),INDEX($CF$10:$CF$21,ROW(CG$21)+1-ROW()),"") | CH13: =IF(INDEX($BI$10:$BI$21,ROW(CH$21)+1-ROW()),"",INDEX($CF$10:$CF$21,ROW(CH$21)+1-ROW())) | CI13: =IF(TDU_IDd,IF($BI13,$BV13,NA()),0) -> 0 | CJ13: =IF(TDU_IDd,IF($BI13,NA(),$BV13),0) -> 0 | CK13: =INDEX(Cycles!$B$9:$B$3122,MATCH(DATE(YEAR($BM13),MONTH($BM13),BF$9),IF(TDU="CENTERPOINT",Cycles!$E$9:$E$3122,Cycles!$H$9:$H$3122),1))+0.5 -> #N/A | CL13: =INDEX(IF(TDU="CENTERPOINT",Cycles!$D$9:$D$3122,Cycles!$G$9:$G$3122),MATCH(DATE(YEAR($BM13),MONTH($BM13),$BF$9),IF(TDU="CENTERPOINT",Cycles!$E$9:$E$3122,Cycles!$H$9:$H$3122),1)) -> #N/A | GT13: Prorated Usage, to EOM | GU13: =GU11*(GU10-GU9)/GU10 -> #N/A | GV13: =GV11*(GV10-GV9)/GV10 -> #N/A | GW13: =GW11*(GW10-GW9)/GW10 -> #N/A | GX13: =GX11*(GX10-GX9)/GX10 -> #N/A | GY13: =GY11*(GY10-GY9)/GY10 -> #N/A | GZ13: =GZ11*(GZ10-GZ9)/GZ10 -> #N/A | HA13: =HA11*(HA10-HA9)/HA10 -> #N/A | HB13: =HB11*(HB10-HB9)/HB10 -> #N/A | ... ID13: =ID11*(ID10-ID9)/ID10 -> #N/A
A14: May: | C14: =IF(ISNUMBER($B14),"",TEXT($BV14,"#,### ")) | E14: =BW14 -> 99 | AG14: All benchmarks latch the TDU rates in effect at the start of the contract period. | BE14: Valid plan selected? | BF14: =IF(ISNUMBER(Selected_Plan),IF(ISNUMBER(INDEX($L$26:$L$35,MATCH(Selected_Plan,$A$26:$A$35,0))),TRUE,FALSE),FALSE) -> FALSE | BG14: 5 | BH14: =(EOMONTH(Rel_Date+Buffer_Days,IF($BG14<MONTH(Rel_Date+Buffer_Days),12,0)+$BG14-MONTH(Rel_Date+Buffer_Days))+0-(Rel_Date+Buffer_Days))/30.4375 -> 6.647707 | BI14: =IF($BH14>$BF$21,0,1) -> 1 | BJ14: =IF($BH14>$J$24,0,1) -> 1 | BK14: 0.044013012 | BL14: =$BK14+IF(TDU="Oncor",$BL$2,0) -> 0.044013012 | BM14: =EOMONTH(BM$10,BG14-2)+1 -> 46143 | BO14: =VALUE(MID($BU$2,SEARCH(TEXT(BM14,"mmm"),$BU$2)+4,SEARCH("&",$BU$2,SEARCH(TEXT(BM14,"mmm"),$BU$2))-SEARCH(TEXT(BM14,"mmm"),$BU$2)-4)) -> #VALUE! | BP14: =IF(ISNUMBER(B14),B14,"") | BQ14: 954 | BR14: =BQ14/$BQ$3 -> 0.81888412 | BS14: =--(ISNUMBER(BP14)) -> 0 | BT14: =IF(AND(BS14,BP14),BP14/BR14) -> FALSE | BU14: =IF(BS14,ROUND(BP14,0),ROUND($BT$3*BR14,0)) -> 954 | BV14: =IF(Moving,BQ14,IF(Months_Entered=0,$BN14,IF($BJ14,$BU14,0))) -> 0 | BW14: =IFERROR(IF($BI14,LOOKUP(BV14,$CO$23:$CS$23,$CT$23:$CX$23)+IF($CN$23="Y",SUMPRODUCT($DE$23:$DI$23-$DD$23:$DH$23,BV14-$CY$23:$DC$23,N(BV14>$CY$23:$DC$23)),BV14*LOOKUP(BV14,$CY$23:$DC$23,$DE$23:$DI$23))+IF($DL$23="Y",$DM$23,$DJ$23)+BV14*IF($DL$23="Y",$DN$23,$DK$23),$DM$23+BV14*($BL14+$DN$23+$BH$23))*100/BV14,99) -> 99 | BX14: =IFERROR($BW14-$DM$23*100/$BV14-$DN$23*100,99) -> 99 | BY14: =$BV14*(1+BY$2) -> 0 | BZ14: =IFERROR(IF($BI14,LOOKUP(BY14,$CO$23:$CS$23,$CT$23:$CX$23)+IF($CN$23="Y",SUMPRODUCT($DE$23:$DI$23-$DD$23:$DH$23,BY14-$CY$23:$DC$23,N(BY14>$CY$23:$DC$23)),BY14*LOOKUP(BY14,$CY$23:$DC$23,$DE$23:$DI$23))+IF($DL$23="Y",$DM$23,$DJ$23)+BY14*IF($DL$23="Y",$DN$23,$DK$23),$DM$23+BY14*($BL14+$DN$23+$BH$23))*100/BY14,99) -> 99 | CA14: =$BV14*(1+CA$2) -> 0 | CB14: =IFERROR(IF($BI14,LOOKUP(CA14,$CO$23:$CS$23,$CT$23:$CX$23)+IF($CN$23="Y",SUMPRODUCT($DE$23:$DI$23-$DD$23:$DH$23,CA14-$CY$23:$DC$23,N(CA14>$CY$23:$DC$23)),CA14*LOOKUP(CA14,$CY$23:$DC$23,$DE$23:$DI$23))+IF($DL$23="Y",$DM$23,$DJ$23)+CA14*IF($DL$23="Y",$DN$23,$DK$23),$DM$23+CA14*($BL14+$DN$23+$BH$23))*100/CA14,99) -> 99 | CC14: =IF(Show_Plan,IF($BS14,$BV14,NA()),NA()) -> #N/A | CD14: =IF($BJ14,LEFT(TEXT(DATE(2000,BG14,1),"mmm"),1),"") -> M | CE14: =IF(Show_Plan,IF($BS14,NA(),BV14),NA()) -> #N/A | CF14: =IFERROR(IF(Show_Plan,($BV14*$BW14)/100,""),"") | CG14: =IF(INDEX($BI$10:$BI$21,ROW(CG$21)+1-ROW()),INDEX($CF$10:$CF$21,ROW(CG$21)+1-ROW()),"") | CH14: =IF(INDEX($BI$10:$BI$21,ROW(CH$21)+1-ROW()),"",INDEX($CF$10:$CF$21,ROW(CH$21)+1-ROW())) | CI14: =IF(TDU_IDd,IF($BI14,$BV14,NA()),0) -> 0 | CJ14: =IF(TDU_IDd,IF($BI14,NA(),$BV14),0) -> 0 | CK14: =INDEX(Cycles!$B$9:$B$3122,MATCH(DATE(YEAR($BM14),MONTH($BM14),BF$9),IF(TDU="CENTERPOINT",Cycles!$E$9:$E$3122,Cycles!$H$9:$H$3122),1))+0.5 -> #N/A | CL14: =INDEX(IF(TDU="CENTERPOINT",Cycles!$D$9:$D$3122,Cycles!$G$9:$G$3122),MATCH(DATE(YEAR($BM14),MONTH($BM14),$BF$9),IF(TDU="CENTERPOINT",Cycles!$E$9:$E$3122,Cycles!$H$9:$H$3122),1)) -> #N/A | GT14: Billing, to EOM | GU14: =IF(GU13>0,LOOKUP(GU13,$CO$23:$CS$23,$CT$23:$CX$23)+IF($CN$23="Y",SUMPRODUCT($DE$23:$DI$23-$DD$23:$DH$23,GU13-$CY$23:$DC$23,N(GU13>$CY$23:$DC$23)),GU13*LOOKUP(GU13,$CY$23:$DC$23,$DE$23:$DI$23))+IF($DL$23="Y",$DM$23,$DJ$23)*(GU$10-GU$9)/GU$10+GU13*IF($DL$23="Y",$DN$23,$DK$23),0) -> #N/A | GV14: =IF(GV13>0,LOOKUP(GV13,$CO$23:$CS$23,$CT$23:$CX$23)+IF($CN$23="Y",SUMPRODUCT($DE$23:$DI$23-$DD$23:$DH$23,GV13-$CY$23:$DC$23,N(GV13>$CY$23:$DC$23)),GV13*LOOKUP(GV13,$CY$23:$DC$23,$DE$23:$DI$23))+IF($DL$23="Y",$DM$23,$DJ$23)*(GV$10-GV$9)/GV$10+GV13*IF($DL$23="Y",$DN$23,$DK$23),0) -> #N/A | GW14: =IF(GW13>0,LOOKUP(GW13,$CO$23:$CS$23,$CT$23:$CX$23)+IF($CN$23="Y",SUMPRODUCT($DE$23:$DI$23-$DD$23:$DH$23,GW13-$CY$23:$DC$23,N(GW13>$CY$23:$DC$23)),GW13*LOOKUP(GW13,$CY$23:$DC$23,$DE$23:$DI$23))+IF($DL$23="Y",$DM$23,$DJ$23)*(GW$10-GW$9)/GW$10+GW13*IF($DL$23="Y",$DN$23,$DK$23),0) -> #N/A | GX14: =IF(GX13>0,LOOKUP(GX13,$CO$23:$CS$23,$CT$23:$CX$23)+IF($CN$23="Y",SUMPRODUCT($DE$23:$DI$23-$DD$23:$DH$23,GX13-$CY$23:$DC$23,N(GX13>$CY$23:$DC$23)),GX13*LOOKUP(GX13,$CY$23:$DC$23,$DE$23:$DI$23))+IF($DL$23="Y",$DM$23,$DJ$23)*(GX$10-GX$9)/GX$10+GX13*IF($DL$23="Y",$DN$23,$DK$23),0) -> #N/A | GY14: =IF(GY13>0,LOOKUP(GY13,$CO$23:$CS$23,$CT$23:$CX$23)+IF($CN$23="Y",SUMPRODUCT($DE$23:$DI$23-$DD$23:$DH$23,GY13-$CY$23:$DC$23,N(GY13>$CY$23:$DC$23)),GY13*LOOKUP(GY13,$CY$23:$DC$23,$DE$23:$DI$23))+IF($DL$23="Y",$DM$23,$DJ$23)*(GY$10-GY$9)/GY$10+GY13*IF($DL$23="Y",$DN$23,$DK$23),0) -> #N/A | GZ14: =IF(GZ13>0,LOOKUP(GZ13,$CO$23:$CS$23,$CT$23:$CX$23)+IF($CN$23="Y",SUMPRODUCT($DE$23:$DI$23-$DD$23:$DH$23,GZ13-$CY$23:$DC$23,N(GZ13>$CY$23:$DC$23)),GZ13*LOOKUP(GZ13,$CY$23:$DC$23,$DE$23:$DI$23))+IF($DL$23="Y",$DM$23,$DJ$23)*(GZ$10-GZ$9)/GZ$10+GZ13*IF($DL$23="Y",$DN$23,$DK$23),0) -> #N/A | HA14: =IF(HA13>0,LOOKUP(HA13,$CO$23:$CS$23,$CT$23:$CX$23)+IF($CN$23="Y",SUMPRODUCT($DE$23:$DI$23-$DD$23:$DH$23,HA13-$CY$23:$DC$23,N(HA13>$CY$23:$DC$23)),HA13*LOOKUP(HA13,$CY$23:$DC$23,$DE$23:$DI$23))+IF($DL$23="Y",$DM$23,$DJ$23)*(HA$10-HA$9)/HA$10+HA13*IF($DL$23="Y",$DN$23,$DK$23),0) -> #N/A | HB14: =IF(HB13>0,LOOKUP(HB13,$CO$23:$CS$23,$CT$23:$CX$23)+IF($CN$23="Y",SUMPRODUCT($DE$23:$DI$23-$DD$23:$DH$23,HB13-$CY$23:$DC$23,N(HB13>$CY$23:$DC$23)),HB13*LOOKUP(HB13,$CY$23:$DC$23,$DE$23:$DI$23))+IF($DL$23="Y",$DM$23,$DJ$23)*(HB$10-HB$9)/HB$10+HB13*IF($DL$23="Y",$DN$23,$DK$23),0) -> #N/A | ... ID14: =IF(ID13>0,LOOKUP(ID13,$CO$23:$CS$23,$CT$23:$CX$23)+IF($CN$23="Y",SUMPRODUCT($DE$23:$DI$23-$DD$23:$DH$23,ID13-$CY$23:$DC$23,N(ID13>$CY$23:$DC$23)),ID13*LOOKUP(ID13,$CY$23:$DC$23,$DE$23:$DI$23))+IF($DL$23="Y",$DM$23,$DJ$23)*(ID$10-ID$9)/ID$10+ID13*IF($DL$23="Y",$DN$23,$DK$23),0) -> #N/A
A15: Jun: | C15: =IF(ISNUMBER($B15),"",TEXT($BV15,"#,### ")) | E15: =BW15 -> 99 | T15: =IF(Show_Plan,IF(Locked,"",IF(Meter_Needed,"Date-Sensitive Plan!","When To Switch:")),"") | AG15: 'Real Time Wholesale' and 'Avg Paid' benchmarks lag in time due to their market dependencies. | BE15: Show more plans? | BF15: =AND(TDU_IDd,OR(Usage,Moving)) -> FALSE | BG15: 6 | BH15: =(EOMONTH(Rel_Date+Buffer_Days,IF($BG15<MONTH(Rel_Date+Buffer_Days),12,0)+$BG15-MONTH(Rel_Date+Buffer_Days))+0-(Rel_Date+Buffer_Days))/30.4375 -> 7.6333333 | BI15: =IF($BH15>$BF$21,0,1) -> 1 | BJ15: =IF($BH15>$J$24,0,1) -> 1 | BK15: 0.050071012 | BL15: =$BK15+IF(TDU="Oncor",$BL$2,0) -> 0.050071012 | BM15: =EOMONTH(BM$10,BG15-2)+1 -> 46174 | BO15: =VALUE(MID($BU$2,SEARCH(TEXT(BM15,"mmm"),$BU$2)+4,SEARCH("&",$BU$2,SEARCH(TEXT(BM15,"mmm"),$BU$2))-SEARCH(TEXT(BM15,"mmm"),$BU$2)-4)) -> #VALUE! | BP15: =IF(ISNUMBER(B15),B15,"") | BQ15: 1311 | BR15: =BQ15/$BQ$3 -> 1.1253219 | BS15: =--(ISNUMBER(BP15)) -> 0 | BT15: =IF(AND(BS15,BP15),BP15/BR15) -> FALSE | BU15: =IF(BS15,ROUND(BP15,0),ROUND($BT$3*BR15,0)) -> 1311 | BV15: =IF(Moving,BQ15,IF(Months_Entered=0,$BN15,IF($BJ15,$BU15,0))) -> 0 | BW15: =IFERROR(IF($BI15,LOOKUP(BV15,$CO$23:$CS$23,$CT$23:$CX$23)+IF($CN$23="Y",SUMPRODUCT($DE$23:$DI$23-$DD$23:$DH$23,BV15-$CY$23:$DC$23,N(BV15>$CY$23:$DC$23)),BV15*LOOKUP(BV15,$CY$23:$DC$23,$DE$23:$DI$23))+IF($DL$23="Y",$DM$23,$DJ$23)+BV15*IF($DL$23="Y",$DN$23,$DK$23),$DM$23+BV15*($BL15+$DN$23+$BH$23))*100/BV15,99) -> 99 | BX15: =IFERROR($BW15-$DM$23*100/$BV15-$DN$23*100,99) -> 99 | BY15: =$BV15*(1+BY$2) -> 0 | BZ15: =IFERROR(IF($BI15,LOOKUP(BY15,$CO$23:$CS$23,$CT$23:$CX$23)+IF($CN$23="Y",SUMPRODUCT($DE$23:$DI$23-$DD$23:$DH$23,BY15-$CY$23:$DC$23,N(BY15>$CY$23:$DC$23)),BY15*LOOKUP(BY15,$CY$23:$DC$23,$DE$23:$DI$23))+IF($DL$23="Y",$DM$23,$DJ$23)+BY15*IF($DL$23="Y",$DN$23,$DK$23),$DM$23+BY15*($BL15+$DN$23+$BH$23))*100/BY15,99) -> 99 | CA15: =$BV15*(1+CA$2) -> 0 | CB15: =IFERROR(IF($BI15,LOOKUP(CA15,$CO$23:$CS$23,$CT$23:$CX$23)+IF($CN$23="Y",SUMPRODUCT($DE$23:$DI$23-$DD$23:$DH$23,CA15-$CY$23:$DC$23,N(CA15>$CY$23:$DC$23)),CA15*LOOKUP(CA15,$CY$23:$DC$23,$DE$23:$DI$23))+IF($DL$23="Y",$DM$23,$DJ$23)+CA15*IF($DL$23="Y",$DN$23,$DK$23),$DM$23+CA15*($BL15+$DN$23+$BH$23))*100/CA15,99) -> 99 | CC15: =IF(Show_Plan,IF($BS15,$BV15,NA()),NA()) -> #N/A | CD15: =IF($BJ15,LEFT(TEXT(DATE(2000,BG15,1),"mmm"),1),"") -> J | CE15: =IF(Show_Plan,IF($BS15,NA(),BV15),NA()) -> #N/A | CF15: =IFERROR(IF(Show_Plan,($BV15*$BW15)/100,""),"") | CG15: =IF(INDEX($BI$10:$BI$21,ROW(CG$21)+1-ROW()),INDEX($CF$10:$CF$21,ROW(CG$21)+1-ROW()),"") | CH15: =IF(INDEX($BI$10:$BI$21,ROW(CH$21)+1-ROW()),"",INDEX($CF$10:$CF$21,ROW(CH$21)+1-ROW())) | CI15: =IF(TDU_IDd,IF($BI15,$BV15,NA()),0) -> 0 | CJ15: =IF(TDU_IDd,IF($BI15,NA(),$BV15),0) -> 0 | CK15: =INDEX(Cycles!$B$9:$B$3122,MATCH(DATE(YEAR($BM15),MONTH($BM15),BF$9),IF(TDU="CENTERPOINT",Cycles!$E$9:$E$3122,Cycles!$H$9:$H$3122),1))+0.5 -> #N/A | CL15: =INDEX(IF(TDU="CENTERPOINT",Cycles!$D$9:$D$3122,Cycles!$G$9:$G$3122),MATCH(DATE(YEAR($BM15),MONTH($BM15),$BF$9),IF(TDU="CENTERPOINT",Cycles!$E$9:$E$3122,Cycles!$H$9:$H$3122),1)) -> #N/A | DP15: Avg rate | EA15: =IFERROR(INDEX(Database!$BP$8:$BP$360,Plan_DBRow),99) -> 99 | EB15: =EA15 -> 99 | GT15: Prorated Usage, from BOM | GU15: =GU11*GU9/GU10 -> #N/A | GV15: =GV11*GV9/GV10 -> #N/A | GW15: =GW11*GW9/GW10 -> #N/A | GX15: =GX11*GX9/GX10 -> #N/A | GY15: =GY11*GY9/GY10 -> #N/A | GZ15: =GZ11*GZ9/GZ10 -> #N/A | HA15: =HA11*HA9/HA10 -> #N/A | HB15: =HB11*HB9/HB10 -> #N/A | ... ID15: =ID11*ID9/ID10 -> #N/A
A16: Jul: | C16: =IF(ISNUMBER($B16),"",TEXT($BV16,"#,### ")) | E16: =BW16 -> 99 | BE16: Sign-up enabled? | BF16: =AND(Pick_A_Plan,Show_Plan,NOT(Meter_Needed),NOT(Locked)) -> FALSE | BG16: 7 | BH16: =(EOMONTH(Rel_Date+Buffer_Days,IF($BG16<MONTH(Rel_Date+Buffer_Days),12,0)+$BG16-MONTH(Rel_Date+Buffer_Days))+0-(Rel_Date+Buffer_Days))/30.4375 -> 8.6518138 | BI16: =IF($BH16>$BF$21,0,1) -> 1 | BJ16: =IF($BH16>$J$24,0,1) -> 1 | BK16: 0.067754988 | BL16: =$BK16+IF(TDU="Oncor",$BL$2,0) -> 0.067754988 | BM16: =EOMONTH(BM$10,BG16-2)+1 -> 46204 | BO16: =VALUE(MID($BU$2,SEARCH(TEXT(BM16,"mmm"),$BU$2)+4,SEARCH("&",$BU$2,SEARCH(TEXT(BM16,"mmm"),$BU$2))-SEARCH(TEXT(BM16,"mmm"),$BU$2)-4)) -> #VALUE! | BP16: =IF(ISNUMBER(B16),B16,"") | BQ16: 1691 | BR16: =BQ16/$BQ$3 -> 1.4515021 | BS16: =--(ISNUMBER(BP16)) -> 0 | BT16: =IF(AND(BS16,BP16),BP16/BR16) -> FALSE | BU16: =IF(BS16,ROUND(BP16,0),ROUND($BT$3*BR16,0)) -> 1691 | BV16: =IF(Moving,BQ16,IF(Months_Entered=0,$BN16,IF($BJ16,$BU16,0))) -> 0 | BW16: =IFERROR(IF($BI16,LOOKUP(BV16,$CO$23:$CS$23,$CT$23:$CX$23)+IF($CN$23="Y",SUMPRODUCT($DE$23:$DI$23-$DD$23:$DH$23,BV16-$CY$23:$DC$23,N(BV16>$CY$23:$DC$23)),BV16*LOOKUP(BV16,$CY$23:$DC$23,$DE$23:$DI$23))+IF($DL$23="Y",$DM$23,$DJ$23)+BV16*IF($DL$23="Y",$DN$23,$DK$23),$DM$23+BV16*($BL16+$DN$23+$BH$23))*100/BV16,99) -> 99 | BX16: =IFERROR($BW16-$DM$23*100/$BV16-$DN$23*100,99) -> 99 | BY16: =$BV16*(1+BY$2) -> 0 | BZ16: =IFERROR(IF($BI16,LOOKUP(BY16,$CO$23:$CS$23,$CT$23:$CX$23)+IF($CN$23="Y",SUMPRODUCT($DE$23:$DI$23-$DD$23:$DH$23,BY16-$CY$23:$DC$23,N(BY16>$CY$23:$DC$23)),BY16*LOOKUP(BY16,$CY$23:$DC$23,$DE$23:$DI$23))+IF($DL$23="Y",$DM$23,$DJ$23)+BY16*IF($DL$23="Y",$DN$23,$DK$23),$DM$23+BY16*($BL16+$DN$23+$BH$23))*100/BY16,99) -> 99 | CA16: =$BV16*(1+CA$2) -> 0 | CB16: =IFERROR(IF($BI16,LOOKUP(CA16,$CO$23:$CS$23,$CT$23:$CX$23)+IF($CN$23="Y",SUMPRODUCT($DE$23:$DI$23-$DD$23:$DH$23,CA16-$CY$23:$DC$23,N(CA16>$CY$23:$DC$23)),CA16*LOOKUP(CA16,$CY$23:$DC$23,$DE$23:$DI$23))+IF($DL$23="Y",$DM$23,$DJ$23)+CA16*IF($DL$23="Y",$DN$23,$DK$23),$DM$23+CA16*($BL16+$DN$23+$BH$23))*100/CA16,99) -> 99 | CC16: =IF(Show_Plan,IF($BS16,$BV16,NA()),NA()) -> #N/A | CD16: =IF($BJ16,LEFT(TEXT(DATE(2000,BG16,1),"mmm"),1),"") -> J | CE16: =IF(Show_Plan,IF($BS16,NA(),BV16),NA()) -> #N/A | CF16: =IFERROR(IF(Show_Plan,($BV16*$BW16)/100,""),"") | CG16: =IF(INDEX($BI$10:$BI$21,ROW(CG$21)+1-ROW()),INDEX($CF$10:$CF$21,ROW(CG$21)+1-ROW()),"") | CH16: =IF(INDEX($BI$10:$BI$21,ROW(CH$21)+1-ROW()),"",INDEX($CF$10:$CF$21,ROW(CH$21)+1-ROW())) | CI16: =IF(TDU_IDd,IF($BI16,$BV16,NA()),0) -> 0 | CJ16: =IF(TDU_IDd,IF($BI16,NA(),$BV16),0) -> 0 | CK16: =INDEX(Cycles!$B$9:$B$3122,MATCH(DATE(YEAR($BM16),MONTH($BM16),BF$9),IF(TDU="CENTERPOINT",Cycles!$E$9:$E$3122,Cycles!$H$9:$H$3122),1))+0.5 -> #N/A | CL16: =INDEX(IF(TDU="CENTERPOINT",Cycles!$D$9:$D$3122,Cycles!$G$9:$G$3122),MATCH(DATE(YEAR($BM16),MONTH($BM16),$BF$9),IF(TDU="CENTERPOINT",Cycles!$E$9:$E$3122,Cycles!$H$9:$H$3122),1)) -> #N/A | GT16: Billing, from BOM | GU16: =IF(GU15>0,LOOKUP(GU15,$CO$23:$CS$23,$CT$23:$CX$23)+IF($CN$23="Y",SUMPRODUCT($DE$23:$DI$23-$DD$23:$DH$23,GU15-$CY$23:$DC$23,N(GU15>$CY$23:$DC$23)),GU15*LOOKUP(GU15,$CY$23:$DC$23,$DE$23:$DI$23))+IF($DL$23="Y",$DM$23,$DJ$23)*GU$9/GU$10+GU15*IF($DL$23="Y",$DN$23,$DK$23),0) -> #N/A | GV16: =IF(GV15>0,LOOKUP(GV15,$CO$23:$CS$23,$CT$23:$CX$23)+IF($CN$23="Y",SUMPRODUCT($DE$23:$DI$23-$DD$23:$DH$23,GV15-$CY$23:$DC$23,N(GV15>$CY$23:$DC$23)),GV15*LOOKUP(GV15,$CY$23:$DC$23,$DE$23:$DI$23))+IF($DL$23="Y",$DM$23,$DJ$23)*GV$9/GV$10+GV15*IF($DL$23="Y",$DN$23,$DK$23),0) -> #N/A | GW16: =IF(GW15>0,LOOKUP(GW15,$CO$23:$CS$23,$CT$23:$CX$23)+IF($CN$23="Y",SUMPRODUCT($DE$23:$DI$23-$DD$23:$DH$23,GW15-$CY$23:$DC$23,N(GW15>$CY$23:$DC$23)),GW15*LOOKUP(GW15,$CY$23:$DC$23,$DE$23:$DI$23))+IF($DL$23="Y",$DM$23,$DJ$23)*GW$9/GW$10+GW15*IF($DL$23="Y",$DN$23,$DK$23),0) -> #N/A | GX16: =IF(GX15>0,LOOKUP(GX15,$CO$23:$CS$23,$CT$23:$CX$23)+IF($CN$23="Y",SUMPRODUCT($DE$23:$DI$23-$DD$23:$DH$23,GX15-$CY$23:$DC$23,N(GX15>$CY$23:$DC$23)),GX15*LOOKUP(GX15,$CY$23:$DC$23,$DE$23:$DI$23))+IF($DL$23="Y",$DM$23,$DJ$23)*GX$9/GX$10+GX15*IF($DL$23="Y",$DN$23,$DK$23),0) -> #N/A | GY16: =IF(GY15>0,LOOKUP(GY15,$CO$23:$CS$23,$CT$23:$CX$23)+IF($CN$23="Y",SUMPRODUCT($DE$23:$DI$23-$DD$23:$DH$23,GY15-$CY$23:$DC$23,N(GY15>$CY$23:$DC$23)),GY15*LOOKUP(GY15,$CY$23:$DC$23,$DE$23:$DI$23))+IF($DL$23="Y",$DM$23,$DJ$23)*GY$9/GY$10+GY15*IF($DL$23="Y",$DN$23,$DK$23),0) -> #N/A | GZ16: =IF(GZ15>0,LOOKUP(GZ15,$CO$23:$CS$23,$CT$23:$CX$23)+IF($CN$23="Y",SUMPRODUCT($DE$23:$DI$23-$DD$23:$DH$23,GZ15-$CY$23:$DC$23,N(GZ15>$CY$23:$DC$23)),GZ15*LOOKUP(GZ15,$CY$23:$DC$23,$DE$23:$DI$23))+IF($DL$23="Y",$DM$23,$DJ$23)*GZ$9/GZ$10+GZ15*IF($DL$23="Y",$DN$23,$DK$23),0) -> #N/A | HA16: =IF(HA15>0,LOOKUP(HA15,$CO$23:$CS$23,$CT$23:$CX$23)+IF($CN$23="Y",SUMPRODUCT($DE$23:$DI$23-$DD$23:$DH$23,HA15-$CY$23:$DC$23,N(HA15>$CY$23:$DC$23)),HA15*LOOKUP(HA15,$CY$23:$DC$23,$DE$23:$DI$23))+IF($DL$23="Y",$DM$23,$DJ$23)*HA$9/HA$10+HA15*IF($DL$23="Y",$DN$23,$DK$23),0) -> #N/A | HB16: =IF(HB15>0,LOOKUP(HB15,$CO$23:$CS$23,$CT$23:$CX$23)+IF($CN$23="Y",SUMPRODUCT($DE$23:$DI$23-$DD$23:$DH$23,HB15-$CY$23:$DC$23,N(HB15>$CY$23:$DC$23)),HB15*LOOKUP(HB15,$CY$23:$DC$23,$DE$23:$DI$23))+IF($DL$23="Y",$DM$23,$DJ$23)*HB$9/HB$10+HB15*IF($DL$23="Y",$DN$23,$DK$23),0) -> #N/A | ... ID16: =IF(ID15>0,LOOKUP(ID15,$CO$23:$CS$23,$CT$23:$CX$23)+IF($CN$23="Y",SUMPRODUCT($DE$23:$DI$23-$DD$23:$DH$23,ID15-$CY$23:$DC$23,N(ID15>$CY$23:$DC$23)),ID15*LOOKUP(ID15,$CY$23:$DC$23,$DE$23:$DI$23))+IF($DL$23="Y",$DM$23,$DJ$23)*ID$9/ID$10+ID15*IF($DL$23="Y",$DN$23,$DK$23),0) -> #N/A
A17: Aug: | C17: =IF(ISNUMBER($B17),"",TEXT($BV17,"#,### ")) | E17: =BW17 -> 99 | T17: =IF(Show_Plan,IF(Locked,"",IF(Meter_Needed,"To avoid higher charges, enter your Meter Read Date","• No more than 14 days before your contract ends")),"") | BE17: Rate Risk | BF17: =IF(Moving,"Low","Any") -> Any | BG17: 8 | BH17: =(EOMONTH(Rel_Date+Buffer_Days,IF($BG17<MONTH(Rel_Date+Buffer_Days),12,0)+$BG17-MONTH(Rel_Date+Buffer_Days))+0-(Rel_Date+Buffer_Days))/30.4375 -> 9.6702943 | BI17: =IF($BH17>$BF$21,0,1) -> 1 | BJ17: =IF($BH17>$J$24,0,1) -> 1 | BK17: 0.083851925 | BL17: =$BK17+IF(TDU="Oncor",$BL$2,0) -> 0.083851925 | BM17: =EOMONTH(BM$10,BG17-2)+1 -> 46235 | BO17: =VALUE(MID($BU$2,SEARCH(TEXT(BM17,"mmm"),$BU$2)+4,SEARCH("&",$BU$2,SEARCH(TEXT(BM17,"mmm"),$BU$2))-SEARCH(TEXT(BM17,"mmm"),$BU$2)-4)) -> #VALUE! | BP17: =IF(ISNUMBER(B17),B17,"") | BQ17: 1687 | BR17: =BQ17/$BQ$3 -> 1.4480687 | BS17: =--(ISNUMBER(BP17)) -> 0 | BT17: =IF(AND(BS17,BP17),BP17/BR17) -> FALSE | BU17: =IF(BS17,ROUND(BP17,0),ROUND($BT$3*BR17,0)) -> 1687 | BV17: =IF(Moving,BQ17,IF(Months_Entered=0,$BN17,IF($BJ17,$BU17,0))) -> 0 | BW17: =IFERROR(IF($BI17,LOOKUP(BV17,$CO$23:$CS$23,$CT$23:$CX$23)+IF($CN$23="Y",SUMPRODUCT($DE$23:$DI$23-$DD$23:$DH$23,BV17-$CY$23:$DC$23,N(BV17>$CY$23:$DC$23)),BV17*LOOKUP(BV17,$CY$23:$DC$23,$DE$23:$DI$23))+IF($DL$23="Y",$DM$23,$DJ$23)+BV17*IF($DL$23="Y",$DN$23,$DK$23),$DM$23+BV17*($BL17+$DN$23+$BH$23))*100/BV17,99) -> 99 | BX17: =IFERROR($BW17-$DM$23*100/$BV17-$DN$23*100,99) -> 99 | BY17: =$BV17*(1+BY$2) -> 0 | BZ17: =IFERROR(IF($BI17,LOOKUP(BY17,$CO$23:$CS$23,$CT$23:$CX$23)+IF($CN$23="Y",SUMPRODUCT($DE$23:$DI$23-$DD$23:$DH$23,BY17-$CY$23:$DC$23,N(BY17>$CY$23:$DC$23)),BY17*LOOKUP(BY17,$CY$23:$DC$23,$DE$23:$DI$23))+IF($DL$23="Y",$DM$23,$DJ$23)+BY17*IF($DL$23="Y",$DN$23,$DK$23),$DM$23+BY17*($BL17+$DN$23+$BH$23))*100/BY17,99) -> 99 | CA17: =$BV17*(1+CA$2) -> 0 | CB17: =IFERROR(IF($BI17,LOOKUP(CA17,$CO$23:$CS$23,$CT$23:$CX$23)+IF($CN$23="Y",SUMPRODUCT($DE$23:$DI$23-$DD$23:$DH$23,CA17-$CY$23:$DC$23,N(CA17>$CY$23:$DC$23)),CA17*LOOKUP(CA17,$CY$23:$DC$23,$DE$23:$DI$23))+IF($DL$23="Y",$DM$23,$DJ$23)+CA17*IF($DL$23="Y",$DN$23,$DK$23),$DM$23+CA17*($BL17+$DN$23+$BH$23))*100/CA17,99) -> 99 | CC17: =IF(Show_Plan,IF($BS17,$BV17,NA()),NA()) -> #N/A | CD17: =IF($BJ17,LEFT(TEXT(DATE(2000,BG17,1),"mmm"),1),"") -> A | CE17: =IF(Show_Plan,IF($BS17,NA(),BV17),NA()) -> #N/A | CF17: =IFERROR(IF(Show_Plan,($BV17*$BW17)/100,""),"") | CG17: =IF(INDEX($BI$10:$BI$21,ROW(CG$21)+1-ROW()),INDEX($CF$10:$CF$21,ROW(CG$21)+1-ROW()),"") | CH17: =IF(INDEX($BI$10:$BI$21,ROW(CH$21)+1-ROW()),"",INDEX($CF$10:$CF$21,ROW(CH$21)+1-ROW())) | CI17: =IF(TDU_IDd,IF($BI17,$BV17,NA()),0) -> 0 | CJ17: =IF(TDU_IDd,IF($BI17,NA(),$BV17),0) -> 0 | CK17: =INDEX(Cycles!$B$9:$B$3122,MATCH(DATE(YEAR($BM17),MONTH($BM17),BF$9),IF(TDU="CENTERPOINT",Cycles!$E$9:$E$3122,Cycles!$H$9:$H$3122),1))+0.5 -> #N/A | CL17: =INDEX(IF(TDU="CENTERPOINT",Cycles!$D$9:$D$3122,Cycles!$G$9:$G$3122),MATCH(DATE(YEAR($BM17),MONTH($BM17),$BF$9),IF(TDU="CENTERPOINT",Cycles!$E$9:$E$3122,Cycles!$H$9:$H$3122),1)) -> #N/A | GT17: Billing, Split month total | GU17: =GU16+GU14 -> #N/A | GV17: =GV16+GV14 -> #N/A | GW17: =GW16+GW14 -> #N/A | GX17: =GX16+GX14 -> #N/A | GY17: =GY16+GY14 -> #N/A | GZ17: =GZ16+GZ14 -> #N/A | HA17: =HA16+HA14 -> #N/A | HB17: =HB16+HB14 -> #N/A | ... ID17: =ID16+ID14 -> #N/A
A18: Sep: | C18: =IF(ISNUMBER($B18),"",TEXT($BV18,"#,### ")) | E18: =BW18 -> 99 | BE18: # of matching plans | BF18: =MAX(Database!$CG$8:$CG$360) -> 0 | BG18: 9 | BH18: =(EOMONTH(Rel_Date+Buffer_Days,IF($BG18<MONTH(Rel_Date+Buffer_Days),12,0)+$BG18-MONTH(Rel_Date+Buffer_Days))+0-(Rel_Date+Buffer_Days))/30.4375 -> 10.655921 | BI18: =IF($BH18>$BF$21,0,1) -> 1 | BJ18: =IF($BH18>$J$24,0,1) -> 1 | BK18: 0.0449492 | BL18: =$BK18+IF(TDU="Oncor",$BL$2,0) -> 0.0449492 | BM18: =EOMONTH(BM$10,BG18-2)+1 -> 46266 | BO18: =VALUE(MID($BU$2,SEARCH(TEXT(BM18,"mmm"),$BU$2)+4,SEARCH("&",$BU$2,SEARCH(TEXT(BM18,"mmm"),$BU$2))-SEARCH(TEXT(BM18,"mmm"),$BU$2)-4)) -> #VALUE! | BP18: =IF(ISNUMBER(B18),B18,"") | BQ18: 1471 | BR18: =BQ18/$BQ$3 -> 1.2626609 | BS18: =--(ISNUMBER(BP18)) -> 0 | BT18: =IF(AND(BS18,BP18),BP18/BR18) -> FALSE | BU18: =IF(BS18,ROUND(BP18,0),ROUND($BT$3*BR18,0)) -> 1471 | BV18: =IF(Moving,BQ18,IF(Months_Entered=0,$BN18,IF($BJ18,$BU18,0))) -> 0 | BW18: =IFERROR(IF($BI18,LOOKUP(BV18,$CO$23:$CS$23,$CT$23:$CX$23)+IF($CN$23="Y",SUMPRODUCT($DE$23:$DI$23-$DD$23:$DH$23,BV18-$CY$23:$DC$23,N(BV18>$CY$23:$DC$23)),BV18*LOOKUP(BV18,$CY$23:$DC$23,$DE$23:$DI$23))+IF($DL$23="Y",$DM$23,$DJ$23)+BV18*IF($DL$23="Y",$DN$23,$DK$23),$DM$23+BV18*($BL18+$DN$23+$BH$23))*100/BV18,99) -> 99 | BX18: =IFERROR($BW18-$DM$23*100/$BV18-$DN$23*100,99) -> 99 | BY18: =$BV18*(1+BY$2) -> 0 | BZ18: =IFERROR(IF($BI18,LOOKUP(BY18,$CO$23:$CS$23,$CT$23:$CX$23)+IF($CN$23="Y",SUMPRODUCT($DE$23:$DI$23-$DD$23:$DH$23,BY18-$CY$23:$DC$23,N(BY18>$CY$23:$DC$23)),BY18*LOOKUP(BY18,$CY$23:$DC$23,$DE$23:$DI$23))+IF($DL$23="Y",$DM$23,$DJ$23)+BY18*IF($DL$23="Y",$DN$23,$DK$23),$DM$23+BY18*($BL18+$DN$23+$BH$23))*100/BY18,99) -> 99 | CA18: =$BV18*(1+CA$2) -> 0 | CB18: =IFERROR(IF($BI18,LOOKUP(CA18,$CO$23:$CS$23,$CT$23:$CX$23)+IF($CN$23="Y",SUMPRODUCT($DE$23:$DI$23-$DD$23:$DH$23,CA18-$CY$23:$DC$23,N(CA18>$CY$23:$DC$23)),CA18*LOOKUP(CA18,$CY$23:$DC$23,$DE$23:$DI$23))+IF($DL$23="Y",$DM$23,$DJ$23)+CA18*IF($DL$23="Y",$DN$23,$DK$23),$DM$23+CA18*($BL18+$DN$23+$BH$23))*100/CA18,99) -> 99 | CC18: =IF(Show_Plan,IF($BS18,$BV18,NA()),NA()) -> #N/A | CD18: =IF($BJ18,LEFT(TEXT(DATE(2000,BG18,1),"mmm"),1),"") -> S | CE18: =IF(Show_Plan,IF($BS18,NA(),BV18),NA()) -> #N/A | CF18: =IFERROR(IF(Show_Plan,($BV18*$BW18)/100,""),"") | CG18: =IF(INDEX($BI$10:$BI$21,ROW(CG$21)+1-ROW()),INDEX($CF$10:$CF$21,ROW(CG$21)+1-ROW()),"") | CH18: =IF(INDEX($BI$10:$BI$21,ROW(CH$21)+1-ROW()),"",INDEX($CF$10:$CF$21,ROW(CH$21)+1-ROW())) | CI18: =IF(TDU_IDd,IF($BI18,$BV18,NA()),0) -> 0 | CJ18: =IF(TDU_IDd,IF($BI18,NA(),$BV18),0) -> 0 | CK18: =INDEX(Cycles!$B$9:$B$3122,MATCH(DATE(YEAR($BM18),MONTH($BM18),BF$9),IF(TDU="CENTERPOINT",Cycles!$E$9:$E$3122,Cycles!$H$9:$H$3122),1))+0.5 -> #N/A | CL18: =INDEX(IF(TDU="CENTERPOINT",Cycles!$D$9:$D$3122,Cycles!$G$9:$G$3122),MATCH(DATE(YEAR($BM18),MONTH($BM18),$BF$9),IF(TDU="CENTERPOINT",Cycles!$E$9:$E$3122,Cycles!$H$9:$H$3122),1)) -> #N/A | DP18: Lbl position | EX18: 1 | FG18: =$EX18 -> 1 | FW18: =$EX18 -> 1 | GT18: Start Date Cost Difference | GU18: =IF(TDU_IDd,IFERROR(ROUND(GU17-GU12,1),NA()),"") | GV18: =IF(TDU_IDd,IFERROR(ROUND(GV17-GV12,1),NA()),"") | GW18: =IF(TDU_IDd,IFERROR(ROUND(GW17-GW12,1),NA()),"") | GX18: =IF(TDU_IDd,IFERROR(ROUND(GX17-GX12,1),NA()),"") | GY18: =IF(TDU_IDd,IFERROR(ROUND(GY17-GY12,1),NA()),"") | GZ18: =IF(TDU_IDd,IFERROR(ROUND(GZ17-GZ12,1),NA()),"") | HA18: =IF(TDU_IDd,IFERROR(ROUND(HA17-HA12,1),NA()),"") | HB18: =IF(TDU_IDd,IFERROR(ROUND(HB17-HB12,1),NA()),"") | ... ID18: =IF(TDU_IDd,IFERROR(ROUND(ID17-ID12,1),NA()),"") | IH18: =MIN(GY18:ID18) -> 0 | II18: =MAX(GY18:ID18) -> 0 | IJ18: Includes 5-day lead-time allowance
A19: Oct: | C19: =IF(ISNUMBER($B19),"",TEXT($BV19,"#,### ")) | E19: =BW19 -> 99 | T19: =IF(Show_Plan,IF(Locked,"",IF(Meter_Needed,IF(ISNUMBER(Prior_Read),"Not a valid "&PROPER(TDU)&" date. Please try again.","from your bill ↘"),IF(IFERROR((II18-IH18)>20,FALSE),IF(Bill_Cycle,"• or "&$IH$20&" (whichever's later)","• On your meter read date (Allow 7 days notice)"),""))),"") | BE19: Database row of selected plan | BF19: =IF(Show_Plan,MATCH(IF(Selected_Plan="?",1,Selected_Plan),Database!$CG$8:$CG$360,0),"") | BG19: 10 | BH19: =(EOMONTH(Rel_Date+Buffer_Days,IF($BG19<MONTH(Rel_Date+Buffer_Days),12,0)+$BG19-MONTH(Rel_Date+Buffer_Days))+0-(Rel_Date+Buffer_Days))/30.4375 -> 11.674401 | BI19: =IF($BH19>$BF$21,0,1) -> 1 | BJ19: =IF($BH19>$J$24,0,1) -> 1 | BK19: 0.04287825 | BL19: =$BK19+IF(TDU="Oncor",$BL$2,0) -> 0.04287825 | BM19: =EOMONTH(BM$10,BG19-2)+1 -> 46296 | BO19: =VALUE(MID($BU$2,SEARCH(TEXT(BM19,"mmm"),$BU$2)+4,SEARCH("&",$BU$2,SEARCH(TEXT(BM19,"mmm"),$BU$2))-SEARCH(TEXT(BM19,"mmm"),$BU$2)-4)) -> #VALUE! | BP19: =IF(ISNUMBER(B19),B19,"") | BQ19: 1155 | BR19: =BQ19/$BQ$3 -> 0.99141631 | BS19: =--(ISNUMBER(BP19)) -> 0 | BT19: =IF(AND(BS19,BP19),BP19/BR19) -> FALSE | BU19: =IF(BS19,ROUND(BP19,0),ROUND($BT$3*BR19,0)) -> 1155 | BV19: =IF(Moving,BQ19,IF(Months_Entered=0,$BN19,IF($BJ19,$BU19,0))) -> 0 | BW19: =IFERROR(IF($BI19,LOOKUP(BV19,$CO$23:$CS$23,$CT$23:$CX$23)+IF($CN$23="Y",SUMPRODUCT($DE$23:$DI$23-$DD$23:$DH$23,BV19-$CY$23:$DC$23,N(BV19>$CY$23:$DC$23)),BV19*LOOKUP(BV19,$CY$23:$DC$23,$DE$23:$DI$23))+IF($DL$23="Y",$DM$23,$DJ$23)+BV19*IF($DL$23="Y",$DN$23,$DK$23),$DM$23+BV19*($BL19+$DN$23+$BH$23))*100/BV19,99) -> 99 | BX19: =IFERROR($BW19-$DM$23*100/$BV19-$DN$23*100,99) -> 99 | BY19: =$BV19*(1+BY$2) -> 0 | BZ19: =IFERROR(IF($BI19,LOOKUP(BY19,$CO$23:$CS$23,$CT$23:$CX$23)+IF($CN$23="Y",SUMPRODUCT($DE$23:$DI$23-$DD$23:$DH$23,BY19-$CY$23:$DC$23,N(BY19>$CY$23:$DC$23)),BY19*LOOKUP(BY19,$CY$23:$DC$23,$DE$23:$DI$23))+IF($DL$23="Y",$DM$23,$DJ$23)+BY19*IF($DL$23="Y",$DN$23,$DK$23),$DM$23+BY19*($BL19+$DN$23+$BH$23))*100/BY19,99) -> 99 | CA19: =$BV19*(1+CA$2) -> 0 | CB19: =IFERROR(IF($BI19,LOOKUP(CA19,$CO$23:$CS$23,$CT$23:$CX$23)+IF($CN$23="Y",SUMPRODUCT($DE$23:$DI$23-$DD$23:$DH$23,CA19-$CY$23:$DC$23,N(CA19>$CY$23:$DC$23)),CA19*LOOKUP(CA19,$CY$23:$DC$23,$DE$23:$DI$23))+IF($DL$23="Y",$DM$23,$DJ$23)+CA19*IF($DL$23="Y",$DN$23,$DK$23),$DM$23+CA19*($BL19+$DN$23+$BH$23))*100/CA19,99) -> 99 | CC19: =IF(Show_Plan,IF($BS19,$BV19,NA()),NA()) -> #N/A | CD19: =IF($BJ19,LEFT(TEXT(DATE(2000,BG19,1),"mmm"),1),"") -> O | CE19: =IF(Show_Plan,IF($BS19,NA(),BV19),NA()) -> #N/A | CF19: =IFERROR(IF(Show_Plan,($BV19*$BW19)/100,""),"") | CG19: =IF(INDEX($BI$10:$BI$21,ROW(CG$21)+1-ROW()),INDEX($CF$10:$CF$21,ROW(CG$21)+1-ROW()),"") | CH19: =IF(INDEX($BI$10:$BI$21,ROW(CH$21)+1-ROW()),"",INDEX($CF$10:$CF$21,ROW(CH$21)+1-ROW())) | CI19: =IF(TDU_IDd,IF($BI19,$BV19,NA()),0) -> 0 | CJ19: =IF(TDU_IDd,IF($BI19,NA(),$BV19),0) -> 0 | CK19: =INDEX(Cycles!$B$9:$B$3122,MATCH(DATE(YEAR($BM19),MONTH($BM19),BF$9),IF(TDU="CENTERPOINT",Cycles!$E$9:$E$3122,Cycles!$H$9:$H$3122),1))+0.5 -> #N/A | CL19: =INDEX(IF(TDU="CENTERPOINT",Cycles!$D$9:$D$3122,Cycles!$G$9:$G$3122),MATCH(DATE(YEAR($BM19),MONTH($BM19),$BF$9),IF(TDU="CENTERPOINT",Cycles!$E$9:$E$3122,Cycles!$H$9:$H$3122),1)) -> #N/A | DP19: =$CD$9 -> Data Labels | EX19: =IF(AND(ISNUMBER(EX20),$GM$25<2400),TEXT(EX20,"#.0"" @"""),"") -> 99.0 @ | FG19: =IF(ISNUMBER(FG20),TEXT(FG20,"#.0"" @"""),"") -> 99.0 @ | FW19: =IF(ISNUMBER(FW20),TEXT(FW20,"#.0"" @"""),"") -> 99.0 @ | GL19: =IF(ISNUMBER(GL20),TEXT(GL20,"##.0")&" Avg","")&IF(AND(Pick_A_Plan,CT19<12,CB34<>CT19),"*","") -> 99.0 Avg | GT19: Local Minimum? | GV19: =IF(AND(MIN(GU18:GW18)=GV18,(MAX(GU18:GW18)-MIN(GU18:GW18)>0.1)),1) -> FALSE | GW19: =IF(AND(MIN(GV18:GX18)=GW18,(MAX(GV18:GX18)-MIN(GV18:GX18)>0.1)),1) -> FALSE | GX19: =IF(AND(MIN(GW18:GY18)=GX18,(MAX(GW18:GY18)-MIN(GW18:GY18)>0.1)),1) -> FALSE | GY19: =IF(AND(MIN(GX18:GZ18)=GY18,(MAX(GX18:GZ18)-MIN(GX18:GZ18)>0.1)),1) -> FALSE | GZ19: =IF(AND(MIN(GY18:HA18)=GZ18,(MAX(GY18:HA18)-MIN(GY18:HA18)>0.1)),1) -> FALSE | HA19: =IF(AND(MIN(GZ18:HB18)=HA18,(MAX(GZ18:HB18)-MIN(GZ18:HB18)>0.1)),1) -> FALSE | HB19: =IF(AND(MIN(HA18:HC18)=HB18,(MAX(HA18:HC18)-MIN(HA18:HC18)>0.1)),1) -> FALSE | HC19: =IF(AND(MIN(HB18:HD18)=HC18,(MAX(HB18:HD18)-MIN(HB18:HD18)>0.1)),1) -> FALSE | ... IC19: =IF(AND(MIN(IB18:ID18)=IC18,(MAX(IB18:ID18)-MIN(IB18:ID18)>0.1)),1) -> FALSE | IH19: =MATCH(IH18,GY18:ID18,0) -> #N/A
A20: Nov: | C20: =IF(ISNUMBER($B20),"",TEXT($BV20,"#,### ")) | E20: =BW20 -> 99 | AC20: =IF(More_Plans,"Source: TOS & EFL docs. (You can avoid most of these fees with e-bill, autopay, and timely payments.)","") | BE20: Cost of selected plan | BF20: =INDEX(Database!BO$8:BO$360,Plan_DBRow) -> #VALUE! | BG20: 11 | BH20: =(EOMONTH(Rel_Date+Buffer_Days,IF($BG20<MONTH(Rel_Date+Buffer_Days),12,0)+$BG20-MONTH(Rel_Date+Buffer_Days))+0-(Rel_Date+Buffer_Days))/30.4375 -> 0.66824093 | BI20: =IF($BH20>$BF$21,0,1) -> 1 | BJ20: =IF($BH20>$J$24,0,1) -> 1 | BK20: 0.042230162 | BL20: =$BK20+IF(TDU="Oncor",$BL$2,0) -> 0.042230162 | BM20: =EOMONTH(BM$10,BG20-2)+1 -> 46327 | BO20: =VALUE(MID($BU$2,SEARCH(TEXT(BM20,"mmm"),$BU$2)+4,SEARCH("&",$BU$2,SEARCH(TEXT(BM20,"mmm"),$BU$2))-SEARCH(TEXT(BM20,"mmm"),$BU$2)-4)) -> #VALUE! | BP20: =IF(ISNUMBER(B20),B20,"") | BQ20: 881 | BR20: =BQ20/$BQ$3 -> 0.75622318 | BS20: =--(ISNUMBER(BP20)) -> 0 | BT20: =IF(AND(BS20,BP20),BP20/BR20) -> FALSE | BU20: =IF(BS20,ROUND(BP20,0),ROUND($BT$3*BR20,0)) -> 881 | BV20: =IF(Moving,BQ20,IF(Months_Entered=0,$BN20,IF($BJ20,$BU20,0))) -> 0 | BW20: =IFERROR(IF($BI20,LOOKUP(BV20,$CO$23:$CS$23,$CT$23:$CX$23)+IF($CN$23="Y",SUMPRODUCT($DE$23:$DI$23-$DD$23:$DH$23,BV20-$CY$23:$DC$23,N(BV20>$CY$23:$DC$23)),BV20*LOOKUP(BV20,$CY$23:$DC$23,$DE$23:$DI$23))+IF($DL$23="Y",$DM$23,$DJ$23)+BV20*IF($DL$23="Y",$DN$23,$DK$23),$DM$23+BV20*($BL20+$DN$23+$BH$23))*100/BV20,99) -> 99 | BX20: =IFERROR($BW20-$DM$23*100/$BV20-$DN$23*100,99) -> 99 | BY20: =$BV20*(1+BY$2) -> 0 | BZ20: =IFERROR(IF($BI20,LOOKUP(BY20,$CO$23:$CS$23,$CT$23:$CX$23)+IF($CN$23="Y",SUMPRODUCT($DE$23:$DI$23-$DD$23:$DH$23,BY20-$CY$23:$DC$23,N(BY20>$CY$23:$DC$23)),BY20*LOOKUP(BY20,$CY$23:$DC$23,$DE$23:$DI$23))+IF($DL$23="Y",$DM$23,$DJ$23)+BY20*IF($DL$23="Y",$DN$23,$DK$23),$DM$23+BY20*($BL20+$DN$23+$BH$23))*100/BY20,99) -> 99 | CA20: =$BV20*(1+CA$2) -> 0 | CB20: =IFERROR(IF($BI20,LOOKUP(CA20,$CO$23:$CS$23,$CT$23:$CX$23)+IF($CN$23="Y",SUMPRODUCT($DE$23:$DI$23-$DD$23:$DH$23,CA20-$CY$23:$DC$23,N(CA20>$CY$23:$DC$23)),CA20*LOOKUP(CA20,$CY$23:$DC$23,$DE$23:$DI$23))+IF($DL$23="Y",$DM$23,$DJ$23)+CA20*IF($DL$23="Y",$DN$23,$DK$23),$DM$23+CA20*($BL20+$DN$23+$BH$23))*100/CA20,99) -> 99 | CC20: =IF(Show_Plan,IF($BS20,$BV20,NA()),NA()) -> #N/A | CD20: =IF($BJ20,LEFT(TEXT(DATE(2000,BG20,1),"mmm"),1),"") -> N | CE20: =IF(Show_Plan,IF($BS20,NA(),BV20),NA()) -> #N/A | CF20: =IFERROR(IF(Show_Plan,($BV20*$BW20)/100,""),"") | CG20: =IF(INDEX($BI$10:$BI$21,ROW(CG$21)+1-ROW()),INDEX($CF$10:$CF$21,ROW(CG$21)+1-ROW()),"") | CH20: =IF(INDEX($BI$10:$BI$21,ROW(CH$21)+1-ROW()),"",INDEX($CF$10:$CF$21,ROW(CH$21)+1-ROW())) | CI20: =IF(TDU_IDd,IF($BI20,$BV20,NA()),0) -> 0 | CJ20: =IF(TDU_IDd,IF($BI20,NA(),$BV20),0) -> 0 | CK20: =INDEX(Cycles!$B$9:$B$3122,MATCH(DATE(YEAR($BM20),MONTH($BM20),BF$9),IF(TDU="CENTERPOINT",Cycles!$E$9:$E$3122,Cycles!$H$9:$H$3122),1))+0.5 -> #N/A | CL20: =INDEX(IF(TDU="CENTERPOINT",Cycles!$D$9:$D$3122,Cycles!$G$9:$G$3122),MATCH(DATE(YEAR($BM20),MONTH($BM20),$BF$9),IF(TDU="CENTERPOINT",Cycles!$E$9:$E$3122,Cycles!$H$9:$H$3122),1)) -> #N/A | DP20: =$BW$9 -> Rate @Nom | EA20: {=IFERROR((LOOKUP(EA$24,$CO23:$CS23,$CT23:$CX23)+IF($CN23="Y",SUMPRODUCT($DE23:$DI23-$DD23:$DH23,EA$24-$CY23:$DC23,N(EA$24>$CY23:$DC23)),EA$24*LOOKUP(EA$24,$CY23:$DC23,$DE23:$DI23))+IF($DL23="Y",$DM23,$DJ23)+EA$24*IF($DL23="Y",$DN23,$DK23))*100/EA$24,99)} -> 99 | EB20: {=IFERROR((LOOKUP(EB$24,$CO23:$CS23,$CT23:$CX23)+IF($CN23="Y",SUMPRODUCT($DE23:$DI23-$DD23:$DH23,EB$24-$CY23:$DC23,N(EB$24>$CY23:$DC23)),EB$24*LOOKUP(EB$24,$CY23:$DC23,$DE23:$DI23))+IF($DL23="Y",$DM23,$DJ23)+EB$24*IF($DL23="Y",$DN23,$DK23))*100/EB$24,99)} -> 99 | EC20: {=IFERROR((LOOKUP(EC$24,$CO23:$CS23,$CT23:$CX23)+IF($CN23="Y",SUMPRODUCT($DE23:$DI23-$DD23:$DH23,EC$24-$CY23:$DC23,N(EC$24>$CY23:$DC23)),EC$24*LOOKUP(EC$24,$CY23:$DC23,$DE23:$DI23))+IF($DL23="Y",$DM23,$DJ23)+EC$24*IF($DL23="Y",$DN23,$DK23))*100/EC$24,99)} -> 99 | ED20: {=IFERROR((LOOKUP(ED$24,$CO23:$CS23,$CT23:$CX23)+IF($CN23="Y",SUMPRODUCT($DE23:$DI23-$DD23:$DH23,ED$24-$CY23:$DC23,N(ED$24>$CY23:$DC23)),ED$24*LOOKUP(ED$24,$CY23:$DC23,$DE23:$DI23))+IF($DL23="Y",$DM23,$DJ23)+ED$24*IF($DL23="Y",$DN23,$DK23))*100/ED$24,99)} -> 99 | EE20: {=IFERROR((LOOKUP(EE$24,$CO23:$CS23,$CT23:$CX23)+IF($CN23="Y",SUMPRODUCT($DE23:$DI23-$DD23:$DH23,EE$24-$CY23:$DC23,N(EE$24>$CY23:$DC23)),EE$24*LOOKUP(EE$24,$CY23:$DC23,$DE23:$DI23))+IF($DL23="Y",$DM23,$DJ23)+EE$24*IF($DL23="Y",$DN23,$DK23))*100/EE$24,99)} -> 99 | EF20: {=IFERROR((LOOKUP(EF$24,$CO23:$CS23,$CT23:$CX23)+IF($CN23="Y",SUMPRODUCT($DE23:$DI23-$DD23:$DH23,EF$24-$CY23:$DC23,N(EF$24>$CY23:$DC23)),EF$24*LOOKUP(EF$24,$CY23:$DC23,$DE23:$DI23))+IF($DL23="Y",$DM23,$DJ23)+EF$24*IF($DL23="Y",$DN23,$DK23))*100/EF$24,99)} -> 99 | EG20: {=IFERROR((LOOKUP(EG$24,$CO23:$CS23,$CT23:$CX23)+IF($CN23="Y",SUMPRODUCT($DE23:$DI23-$DD23:$DH23,EG$24-$CY23:$DC23,N(EG$24>$CY23:$DC23)),EG$24*LOOKUP(EG$24,$CY23:$DC23,$DE23:$DI23))+IF($DL23="Y",$DM23,$DJ23)+EG$24*IF($DL23="Y",$DN23,$DK23))*100/EG$24,99)} -> 99 | EH20: {=IFERROR((LOOKUP(EH$24,$CO23:$CS23,$CT23:$CX23)+IF($CN23="Y",SUMPRODUCT($DE23:$DI23-$DD23:$DH23,EH$24-$CY23:$DC23,N(EH$24>$CY23:$DC23)),EH$24*LOOKUP(EH$24,$CY23:$DC23,$DE23:$DI23))+IF($DL23="Y",$DM23,$DJ23)+EH$24*IF($DL23="Y",$DN23,$DK23))*100/EH$24,99)} -> 99 | ... EN20: {=IFERROR((LOOKUP(EN$24,$CO23:$CS23,$CT23:$CX23)+IF($CN23="Y",SUMPRODUCT($DE23:$DI23-$DD23:$DH23,EN$24-$CY23:$DC23,N(EN$24>$CY23:$DC23)),EN$24*LOOKUP(EN$24,$CY23:$DC23,$DE23:$DI23))+IF($DL23="Y",$DM23,$DJ23)+EN$24*IF($DL23="Y",$DN23,$DK23))*100/EN$24,99)} -> 99 | EO20: 0 | EP20: 100 | ER20: {=IFERROR((LOOKUP(ER$24,$CO23:$CS23,$CT23:$CX23)+IF($CN23="Y",SUMPRODUCT($DE23:$DI23-$DD23:$DH23,ER$24-$CY23:$DC23,N(ER$24>$CY23:$DC23)),ER$24*LOOKUP(ER$24,$CY23:$DC23,$DE23:$DI23))+IF($DL23="Y",$DM23,$DJ23)+ER$24*IF($DL23="Y",$DN23,$DK23))*100/ER$24,99)} -> 99 | ES20: {=IFERROR((LOOKUP(ES$24,$CO23:$CS23,$CT23:$CX23)+IF($CN23="Y",SUMPRODUCT($DE23:$DI23-$DD23:$DH23,ES$24-$CY23:$DC23,N(ES$24>$CY23:$DC23)),ES$24*LOOKUP(ES$24,$CY23:$DC23,$DE23:$DI23))+IF($DL23="Y",$DM23,$DJ23)+ES$24*IF($DL23="Y",$DN23,$DK23))*100/ES$24,99)} -> 99 | ET20: {=IFERROR((LOOKUP(ET$24,$CO23:$CS23,$CT23:$CX23)+IF($CN23="Y",SUMPRODUCT($DE23:$DI23-$DD23:$DH23,ET$24-$CY23:$DC23,N(ET$24>$CY23:$DC23)),ET$24*LOOKUP(ET$24,$CY23:$DC23,$DE23:$DI23))+IF($DL23="Y",$DM23,$DJ23)+ET$24*IF($DL23="Y",$DN23,$DK23))*100/ET$24,99)} -> 99 | EU20: {=IFERROR((LOOKUP(EU$24,$CO23:$CS23,$CT23:$CX23)+IF($CN23="Y",SUMPRODUCT($DE23:$DI23-$DD23:$DH23,EU$24-$CY23:$DC23,N(EU$24>$CY23:$DC23)),EU$24*LOOKUP(EU$24,$CY23:$DC23,$DE23:$DI23))+IF($DL23="Y",$DM23,$DJ23)+EU$24*IF($DL23="Y",$DN23,$DK23))*100/EU$24,99)} -> 99 | EV20: {=IFERROR((LOOKUP(EV$24,$CO23:$CS23,$CT23:$CX23)+IF($CN23="Y",SUMPRODUCT($DE23:$DI23-$DD23:$DH23,EV$24-$CY23:$DC23,N(EV$24>$CY23:$DC23)),EV$24*LOOKUP(EV$24,$CY23:$DC23,$DE23:$DI23))+IF($DL23="Y",$DM23,$DJ23)+EV$24*IF($DL23="Y",$DN23,$DK23))*100/EV$24,99)} -> 99 | EW20: {=IFERROR((LOOKUP(EW$24,$CO23:$CS23,$CT23:$CX23)+IF($CN23="Y",SUMPRODUCT($DE23:$DI23-$DD23:$DH23,EW$24-$CY23:$DC23,N(EW$24>$CY23:$DC23)),EW$24*LOOKUP(EW$24,$CY23:$DC23,$DE23:$DI23))+IF($DL23="Y",$DM23,$DJ23)+EW$24*IF($DL23="Y",$DN23,$DK23))*100/EW$24,99)} -> 99 | EX20: {=IFERROR((LOOKUP(EX$24,$CO23:$CS23,$CT23:$CX23)+IF($CN23="Y",SUMPRODUCT($DE23:$DI23-$DD23:$DH23,EX$24-$CY23:$DC23,N(EX$24>$CY23:$DC23)),EX$24*LOOKUP(EX$24,$CY23:$DC23,$DE23:$DI23))+IF($DL23="Y",$DM23,$DJ23)+EX$24*IF($DL23="Y",$DN23,$DK23))*100/EX$24,99)} -> 99 | EY20: {=IFERROR((LOOKUP(EY$24,$CO23:$CS23,$CT23:$CX23)+IF($CN23="Y",SUMPRODUCT($DE23:$DI23-$DD23:$DH23,EY$24-$CY23:$DC23,N(EY$24>$CY23:$DC23)),EY$24*LOOKUP(EY$24,$CY23:$DC23,$DE23:$DI23))+IF($DL23="Y",$DM23,$DJ23)+EY$24*IF($DL23="Y",$DN23,$DK23))*100/EY$24,99)} -> 99 | ... GK20: {=IFERROR((LOOKUP(GK$24,$CO23:$CS23,$CT23:$CX23)+IF($CN23="Y",SUMPRODUCT($DE23:$DI23-$DD23:$DH23,GK$24-$CY23:$DC23,N(GK$24>$CY23:$DC23)),GK$24*LOOKUP(GK$24,$CY23:$DC23,$DE23:$DI23))+IF($DL23="Y",$DM23,$DJ23)+GK$24*IF($DL23="Y",$DN23,$DK23))*100/GK$24,99)} -> 99 | GL20: =IFERROR(INDEX(Database!$BP$8:$BP$360,Plan_DBRow),99) -> 99 | GM20: =IFERROR(INDEX(Database!$BP$8:$BP$360,Plan_DBRow),99) -> 99 | GT20: Local Minimum Labels | GU20: =IFERROR(IF(OR(GV19:GY19,NOT(AND(GV9:GY9))),"",GU7),"") | GV20: =IFERROR(IF(GV19,TEXT(GV7,"m/d"),""),"") | GW20: =IFERROR(IF(GW19,TEXT(GW7,"m/d"),""),"") | GX20: =IFERROR(IF(GX19,TEXT(GX7,"m/d"),""),"") | GY20: =IFERROR(IF(GY19,TEXT(GY7,"m/d"),""),"") | GZ20: =IFERROR(IF(GZ19,TEXT(GZ7,"m/d"),""),"") | HA20: =IFERROR(IF(HA19,TEXT(HA7,"m/d"),""),"") | HB20: =IFERROR(IF(HB19,TEXT(HB7,"m/d"),""),"") | HC20: =IFERROR(IF(HC19,TEXT(HC7,"m/d"),""),"") | ... IC20: =IFERROR(IF(IC19,TEXT(IC7,"m/d"),""),"") | ID20: =IFERROR(IF(OR(HZ19:IC19,NOT(AND(HZ9:IC9))),"",ID7),"") | IH20: =TEXT(INDEX(GY7:ID7,IH19),"m/d") -> #N/A
A21: Dec: | C21: =IF(ISNUMBER($B21),"",TEXT($BV21,"#,### ")) | E21: =BW21 -> 99 | J21: =IF(TDU_IDd,"Delivery:","") | K21: included | L21: Compare: | M21: None | T21: =IF(AND(Show_Plan,NOT(Locked),Rate_Type="High"),"Meter Read Date:","") | V21: M/D/YY | BE21: Length of selected plan | BF21: =IFERROR(INDEX(Database!$Q$8:$Q$360,Plan_DBRow),"") | BG21: 12 | BH21: =(EOMONTH(Rel_Date+Buffer_Days,IF($BG21<MONTH(Rel_Date+Buffer_Days),12,0)+$BG21-MONTH(Rel_Date+Buffer_Days))+0-(Rel_Date+Buffer_Days))/30.4375 -> 1.6867214 | BI21: =IF($BH21>$BF$21,0,1) -> 1 | BJ21: =IF($BH21>$J$24,0,1) -> 1 | BK21: 0.043852875 | BL21: =$BK21+IF(TDU="Oncor",$BL$2,0) -> 0.043852875 | BM21: =EOMONTH(BM$10,BG21-2)+1 -> 46357 | BO21: =VALUE(MID($BU$2,SEARCH(TEXT(BM21,"mmm"),$BU$2)+4,SEARCH("&",$BU$2,SEARCH(TEXT(BM21,"mmm"),$BU$2))-SEARCH(TEXT(BM21,"mmm"),$BU$2)-4)) -> #VALUE! | BP21: =IF(ISNUMBER(B21),B21,"") | BQ21: 1004 | BR21: =BQ21/$BQ$3 -> 0.86180258 | BS21: =--(ISNUMBER(BP21)) -> 0 | BT21: =IF(AND(BS21,BP21),BP21/BR21) -> FALSE | BU21: =IF(BS21,ROUND(BP21,0),ROUND($BT$3*BR21,0)) -> 1004 | BV21: =IF(Moving,BQ21,IF(Months_Entered=0,$BN21,IF($BJ21,$BU21,0))) -> 0 | BW21: =IFERROR(IF($BI21,LOOKUP(BV21,$CO$23:$CS$23,$CT$23:$CX$23)+IF($CN$23="Y",SUMPRODUCT($DE$23:$DI$23-$DD$23:$DH$23,BV21-$CY$23:$DC$23,N(BV21>$CY$23:$DC$23)),BV21*LOOKUP(BV21,$CY$23:$DC$23,$DE$23:$DI$23))+IF($DL$23="Y",$DM$23,$DJ$23)+BV21*IF($DL$23="Y",$DN$23,$DK$23),$DM$23+BV21*($BL21+$DN$23+$BH$23))*100/BV21,99) -> 99 | BX21: =IFERROR($BW21-$DM$23*100/$BV21-$DN$23*100,99) -> 99 | BY21: =$BV21*(1+BY$2) -> 0 | BZ21: =IFERROR(IF($BI21,LOOKUP(BY21,$CO$23:$CS$23,$CT$23:$CX$23)+IF($CN$23="Y",SUMPRODUCT($DE$23:$DI$23-$DD$23:$DH$23,BY21-$CY$23:$DC$23,N(BY21>$CY$23:$DC$23)),BY21*LOOKUP(BY21,$CY$23:$DC$23,$DE$23:$DI$23))+IF($DL$23="Y",$DM$23,$DJ$23)+BY21*IF($DL$23="Y",$DN$23,$DK$23),$DM$23+BY21*($BL21+$DN$23+$BH$23))*100/BY21,99) -> 99 | CA21: =$BV21*(1+CA$2) -> 0 | CB21: =IFERROR(IF($BI21,LOOKUP(CA21,$CO$23:$CS$23,$CT$23:$CX$23)+IF($CN$23="Y",SUMPRODUCT($DE$23:$DI$23-$DD$23:$DH$23,CA21-$CY$23:$DC$23,N(CA21>$CY$23:$DC$23)),CA21*LOOKUP(CA21,$CY$23:$DC$23,$DE$23:$DI$23))+IF($DL$23="Y",$DM$23,$DJ$23)+CA21*IF($DL$23="Y",$DN$23,$DK$23),$DM$23+CA21*($BL21+$DN$23+$BH$23))*100/CA21,99) -> 99 | CC21: =IF(Show_Plan,IF($BS21,$BV21,NA()),NA()) -> #N/A | CD21: =IF($BJ21,LEFT(TEXT(DATE(2000,BG21,1),"mmm"),1),"") -> D | CE21: =IF(Show_Plan,IF($BS21,NA(),BV21),NA()) -> #N/A | CF21: =IFERROR(IF(Show_Plan,($BV21*$BW21)/100,""),"") | CG21: =IF(INDEX($BI$10:$BI$21,ROW(CG$21)+1-ROW()),INDEX($CF$10:$CF$21,ROW(CG$21)+1-ROW()),"") | CH21: =IF(INDEX($BI$10:$BI$21,ROW(CH$21)+1-ROW()),"",INDEX($CF$10:$CF$21,ROW(CH$21)+1-ROW())) | CI21: =IF(TDU_IDd,IF($BI21,$BV21,NA()),0) -> 0 | CJ21: =IF(TDU_IDd,IF($BI21,NA(),$BV21),0) -> 0 | CK21: =INDEX(Cycles!$B$9:$B$3122,MATCH(DATE(YEAR($BM21),MONTH($BM21),BF$9),IF(TDU="CENTERPOINT",Cycles!$E$9:$E$3122,Cycles!$H$9:$H$3122),1))+0.5 -> #N/A | CL21: =INDEX(IF(TDU="CENTERPOINT",Cycles!$D$9:$D$3122,Cycles!$G$9:$G$3122),MATCH(DATE(YEAR($BM21),MONTH($BM21),$BF$9),IF(TDU="CENTERPOINT",Cycles!$E$9:$E$3122,Cycles!$H$9:$H$3122),1)) -> #N/A | DL21: =IF(TDU="CENTERPOINT",1,IF(TDU="ONCOR",2,NA())) -> #N/A | DM21: =INDEX(Database!$BF$4:$BG$5,$DL$21,1) -> #N/A | DN21: =INDEX(Database!$BF$4:$BG$5,$DL$21,2) -> #N/A | DP21: Chart Labels | DQ21: =IF(Show_Plan,"Plan rate","") | EC21: =IF(Show_Plan,"Plan #"&Selected_Plan&" Rate vs Usage","") | ED21: =IF(Show_Plan,"kWh/mo","") | EE21: =IF(Show_Plan,"Monthly usages","") | EF21: =IF(Show_Plan,"¢/ kWh","") | GB21: 1.2 | GC21: 1.2 | GD21: 1 | GE21: 1 | GF21: 1 | GG21: 1 | GH21: 1 | GI21: 1 | GJ21: 1 | GK21: 1 | GT21: Meter read? | GU21: =IF(TDU_IDd,IF(GU9=0,GU18,NA()),"") | GV21: =IF(TDU_IDd,IF(GV9=0,GV18,NA()),"") | GW21: =IF(TDU_IDd,IF(GW9=0,GW18,NA()),"") | GX21: =IF(TDU_IDd,IF(GX9=0,GX18,NA()),"") | GY21: =IF(TDU_IDd,IF(GY9=0,GY18,NA()),"") | GZ21: =IF(TDU_IDd,IF(GZ9=0,GZ18,NA()),"") | HA21: =IF(TDU_IDd,IF(HA9=0,HA18,NA()),"") | HB21: =IF(TDU_IDd,IF(HB9=0,HB18,NA()),"") | ... ID21: =IF(TDU_IDd,IF(ID9=0,ID18,NA()),"")
A22: =IF(1,"Tot:","") -> Tot: | B22: =IF(1,BV4,"") -> 0 | E22: =IF(Usage,$BW$3,"") | F22: =IF(ISNUMBER(Plan_Cost),Plan_Cost,"") | G22: =IF(AND(0,Show_Plan,OR(Months_Entered<12,BI4<BJ4)),"* Est'd","") | M22: ="Ver "& TEXT(Rel_Date, "m/d/yy.hh") &IFERROR("-"&INDEX(Database!$D$8:$D$360,Plan_DBRow),"")&", ©2025 PTP, LLC"&IF(Show_Plan," Please email me free RateAlerts for this usage and new plan: "&$BU$2,"") -> Ver 10/26/26.15, ©2025 PTP, LLC | BE22: Rate risk of selected plan | BF22: =IFERROR(INDEX(Database!$BH$8:$BH$360,$BF19),FALSE) -> FALSE | BG22: 13 | BM22: =EOMONTH(BM$10,BG22-2)+1 -> 46388 | CK22: =INDEX(Cycles!$B$9:$B$3122,MATCH(DATE(YEAR($BM22),MONTH($BM22),BF$9),IF(TDU="CENTERPOINT",Cycles!$E$9:$E$3122,Cycles!$H$9:$H$3122),1))+0.5 -> #N/A | CL22: =INDEX(IF(TDU="CENTERPOINT",Cycles!$D$9:$D$3122,Cycles!$G$9:$G$3122),MATCH(DATE(YEAR($BM22),MONTH($BM22),$BF$9),IF(TDU="CENTERPOINT",Cycles!$E$9:$E$3122,Cycles!$H$9:$H$3122),1)) -> #N/A | CN22: =MATCH(CN$25,Database!$AG$7:$BG$7,0) -> 1 | CO22: =MATCH(CO$25,Database!$AG$7:$BG$7,0) -> 2 | CP22: =MATCH(CP$25,Database!$AG$7:$BG$7,0) -> 3 | CQ22: =MATCH(CQ$25,Database!$AG$7:$BG$7,0) -> 4 | CR22: =MATCH(CR$25,Database!$AG$7:$BG$7,0) -> 5 | CS22: =MATCH(CS$25,Database!$AG$7:$BG$7,0) -> 6 | CT22: =MATCH(CT$25,Database!$AG$7:$BG$7,0) -> 7 | CU22: =MATCH(CU$25,Database!$AG$7:$BG$7,0) -> 8 | ... DN22: =MATCH(DN$25,Database!$AG$7:$BG$7,0) -> 27 | DP22: EoM in… | EC22: {=TRANSPOSE($BH$10:$BH$21)} -> 2.7052019 | ED22: 3.6251198 | EE22: 4.6436003 | EF22: 5.6292266 | EG22: 6.647707 | EH22: 7.6333333 | EI22: 8.6518138 | EJ22: 9.6702943 | EK22: 10.655921 | EL22: 11.674401 | EM22: 0.66824093 | EN22: 1.6867214 | GB22: 2500 | GC22: 3000 | GD22: 3500 | GE22: 4000 | GF22: 5000 | GG22: 6000 | GH22: 7000 | GI22: 8000 | GJ22: 9000 | GK22: 10000 | GL22: =IF(Show_Plan,"Avg annual rate","") | GT22: Meter Read Labels | GU22: =IF(ISNUMBER(GU21),TEXT(GU7,"m/d"),"") | GV22: =IF(ISNUMBER(GV21),TEXT(GV7,"m/d"),"") | GW22: =IF(ISNUMBER(GW21),TEXT(GW7,"m/d"),"") | GX22: =IF(ISNUMBER(GX21),TEXT(GX7,"m/d"),"") | GY22: =IF(ISNUMBER(GY21),TEXT(GY7,"m/d"),"") | GZ22: =IF(ISNUMBER(GZ21),TEXT(GZ7,"m/d"),"") | HA22: =IF(ISNUMBER(HA21),TEXT(HA7,"m/d"),"") | HB22: =IF(ISNUMBER(HB21),TEXT(HB7,"m/d"),"") | ... ID22: =IF(ISNUMBER(ID21),TEXT(ID7,"m/d"),"")
A23: Plan # | B23: =IF(OR(NOT(Selected),AND(Locked,Plan_Input>Selected_Plan)),IF(AND(Term_Min=Term_Min_Recd,Term_Max=Term_Max_Recd),"◄ Step ③: Pick a plan # here.","◄ Step ③: Pick a plan # here.")," of "& Plans_Count&" matches."&IF(AND(Term_Min=Term_Min_Recd,Term_Max=Term_Max_Recd,Selected_Plan<>Default_Plan)," (We suggest #"&Default_Plan&".)","")) -> ◄ Step ③: Pick a plan # here. | P23: =IF(P24>0,HYPERLINK("http://www.texaspowerguide.com/2017/green-energy-plans-reality/","🛈"),"") | BE23: REP database row | BF23: =MATCH(INDEX(Database!$F$8:$F$360,Plan_DBRow),REP_Info!$D$6:$D$250,0) -> #VALUE! | BG23: 14 | BH23: =IF(1,0,IF(OR(Selected,Selected_Plan="?"),BI23*SIN((EDATE(Rel_Date,Plan_Length)-DATE(YEAR(EDATE(Rel_Date,Plan_Length)),1,0)-BJ23)*2*PI()/365),"")) -> 0 | BI23: 0.003 | BJ23: 76 | BM23: =EOMONTH(BM$10,BG23-2)+1 -> 46419 | CK23: =INDEX(Cycles!$B$9:$B$3122,MATCH(DATE(YEAR($BM23),MONTH($BM23),BF$9),IF(TDU="CENTERPOINT",Cycles!$E$9:$E$3122,Cycles!$H$9:$H$3122),1))+0.5 -> #N/A | CL23: =INDEX(IF(TDU="CENTERPOINT",Cycles!$D$9:$D$3122,Cycles!$G$9:$G$3122),MATCH(DATE(YEAR($BM23),MONTH($BM23),$BF$9),IF(TDU="CENTERPOINT",Cycles!$E$9:$E$3122,Cycles!$H$9:$H$3122),1)) -> #N/A | CN23: =INDEX(Database!$AG$8:$BG$360,Plan_DBRow,CN$22) -> #VALUE! | CO23: =IF(ISBLANK(INDEX(Database!$AG$8:$BG$360,Plan_DBRow,CO$22)),"",INDEX(Database!$AG$8:$BG$360,Plan_DBRow,CO$22)) -> #VALUE! | CP23: =IF(ISBLANK(INDEX(Database!$AG$8:$BG$360,Plan_DBRow,CP$22)),"",INDEX(Database!$AG$8:$BG$360,Plan_DBRow,CP$22)) -> #VALUE! | CQ23: =IF(ISBLANK(INDEX(Database!$AG$8:$BG$360,Plan_DBRow,CQ$22)),"",INDEX(Database!$AG$8:$BG$360,Plan_DBRow,CQ$22)) -> #VALUE! | CR23: =IF(ISBLANK(INDEX(Database!$AG$8:$BG$360,Plan_DBRow,CR$22)),"",INDEX(Database!$AG$8:$BG$360,Plan_DBRow,CR$22)) -> #VALUE! | CS23: =IF(ISBLANK(INDEX(Database!$AG$8:$BG$360,Plan_DBRow,CS$22)),"",INDEX(Database!$AG$8:$BG$360,Plan_DBRow,CS$22)) -> #VALUE! | CT23: =IF(ISBLANK(INDEX(Database!$AG$8:$BG$360,Plan_DBRow,CT$22)),"",INDEX(Database!$AG$8:$BG$360,Plan_DBRow,CT$22)) -> #VALUE! | CU23: =IF(ISBLANK(INDEX(Database!$AG$8:$BG$360,Plan_DBRow,CU$22)),"",INDEX(Database!$AG$8:$BG$360,Plan_DBRow,CU$22)) -> #VALUE! | CV23: =IF(ISBLANK(INDEX(Database!$AG$8:$BG$360,Plan_DBRow,CV$22)),"",INDEX(Database!$AG$8:$BG$360,Plan_DBRow,CV$22)) -> #VALUE! | ... CX23: =IF(ISBLANK(INDEX(Database!$AG$8:$BG$360,Plan_DBRow,CX$22)),"",INDEX(Database!$AG$8:$BG$360,Plan_DBRow,CX$22)) -> #VALUE! | CY23: =INDEX(Database!$AG$8:$BG$360,Plan_DBRow,CY$22) -> #VALUE! | CZ23: =INDEX(Database!$AG$8:$BG$360,Plan_DBRow,CZ$22) -> #VALUE! | DA23: =INDEX(Database!$AG$8:$BG$360,Plan_DBRow,DA$22) -> #VALUE! | DB23: =INDEX(Database!$AG$8:$BG$360,Plan_DBRow,DB$22) -> #VALUE! | DC23: =INDEX(Database!$AG$8:$BG$360,Plan_DBRow,DC$22) -> #VALUE! | DD23: =INDEX(Database!$AG$8:$BG$360,Plan_DBRow,DD$22) -> #VALUE! | DE23: =INDEX(Database!$AG$8:$BG$360,Plan_DBRow,DE$22) -> #VALUE! | DF23: =INDEX(Database!$AG$8:$BG$360,Plan_DBRow,DF$22) -> #VALUE! | ... DN23: =INDEX(Database!$AG$8:$BG$360,Plan_DBRow,DN$22) -> #VALUE! | DP23: Line chart X | EA23: =EA24 -> 0 | EB23: =EB24 -> 0 | EC23: =EC24 -> 0 | ED23: =ED25 -> 0 | EE23: =EE25 -> 0 | EF23: =EF25 -> 0 | EG23: =EG25 -> 0 | EH23: =EH25 -> 0 | EI23: =EI25 -> 0 | EJ23: =EJ25 -> 0 | EK23: =EK25 -> 0 | ... EN23: =EN25 -> 0 | EO23: =IF(EO24<$EA24,NA(),IF(EO24>$EB24,NA(),EO24)) -> 0 | EP23: =IF(EP24<$EA24,NA(),IF(EP24>$EB24,NA(),EP24)) -> 0 | EQ23: =IF(EQ24<$EA24,NA(),IF(EQ24>$EB24,NA(),EQ24)) -> 0 | ER23: =IF(ER24<$EA24,NA(),IF(ER24>$EB24,NA(),ER24)) -> #N/A | ES23: =IF(ES24<$EA24,NA(),IF(ES24>$EB24,NA(),ES24)) -> #N/A | ET23: =IF(ET24<$EA24,NA(),IF(ET24>$EB24,NA(),ET24)) -> #N/A | EU23: =IF(EU24<$EA24,NA(),IF(EU24>$EB24,NA(),EU24)) -> #N/A | EV23: =IF(EV24<$EA24,NA(),IF(EV24>$EB24,NA(),EV24)) -> #N/A | ... GM23: =IF(GM24<$EA24,NA(),IF(GM24>$EB24,NA(),GM24)) -> 0
A24: =Default_Plan+0.1 -> 1.1 | I24: =Term_Min_Recd -> 12 | J24: =Term_Max_Recd -> 12 | N24: =Risk_Default -> Any | P24: 0 | S24: [Any] | V24: =IF(More_Plans,HYPERLINK("http://www.texaspowerguide.com/electricity-providers-family-tree/","🛈"),"") | W24: 10 | BE24: Prompts | BG24: Step | BH24: Fgnd | BI24: Bgnd | BJ24: P1 | BN24: Misc | BQ24: DB # | BS24: TOS # | BT24: REP # | CO24: Tiers: If usage>=Usage[X], then Charge/Credit[X] | CZ24: Rate-based Energy charges | DJ24: TDU costs | DP24: Base X | DZ24: 500 | EA24: =INT(MIN($EC$25:$EN$25)*0.9/$DZ24)*$DZ24 -> 0 | EB24: =ROUNDUP(MAX($EC$25:$EN$25)*1.1/$DZ24,0)*$DZ24 -> 0 | EC24: {=TRANSPOSE(Calc_inputs)} -> 0 | ED24: 0 | EE24: 0 | EF24: 0 | EG24: 0 | EH24: 0 | EI24: 0 | EJ24: 0 | EK24: 0 | EL24: 0 | EM24: 0 | EN24: 0 | EO24: =$EA$24 -> 0 | EP24: =$EA$24 -> 0 | EQ24: =$EA$24 -> 0 | ER24: 100 | ES24: 150 | ET24: 200 | EU24: 300 | EV24: 400 | EW24: 499 | EX24: 500 | EY24: 501 | EZ24: 600 | FA24: 700 | FB24: 750 | FC24: 799 | FD24: 800 | FE24: 900 | FF24: 999 | FG24: 1000 | FH24: 1001 | FI24: 1100 | FJ24: 1199 | FK24: 1200 | FL24: 1250 | FM24: 1251 | FN24: 1350 | FO24: 1400 | FP24: 1499 | FQ24: 1500 | FR24: 1501 | FS24: 1600 | FT24: 1800 | FU24: 1900 | FV24: 1999 | FW24: 2000 | FX24: 2001 | FY24: 2100 | FZ24: 2200 | GA24: 2300 | GB24: 2500 | GC24: 3000 | GD24: 3500 | GE24: 4000 | GF24: 5000 | GG24: 6000 | GH24: 7000 | GI24: 8000 | GJ24: 9000 | GK24: 10000
A25: Plan # | B25: Plan Name | G25: Facts Label | H25: Terms | I25: Min / Max Term | K25: =IF(All_In,"Total Avg /kWh","Energy Avg /kWh") -> Total Avg /kWh | L25: =IF($BV$2>11,12,$BV$2)&"-Mo Cost"&IF(AND(Pick_A_Plan,BF21<12,BV2<>BF21),"","")&"▲" -> 0-Mo Cost▲ | M25: Cancel Fee | N25: Rate vs Usage Variation | P25: "Renew-able" | Q25: =IF($BV$2>11,12,$BV$2)&"-Mo Wgt'd"&IF(AND(Pick_A_Plan,BK21<12,CA2<>BK21),"","") -> 0-Mo Wgt'd | R25: New Only? | S25: Retail Electric Provider | U25: Lic'd | V25: Cstmr Base | W25: Complaint Ratio | Y25: LatePayment | Z25: InsufficientFunds | AA25: AutopayBreakage | AB25: ManualPayment | AC25: CCAutoDraftPayment | AD25: CCPaymentViaWeb | AE25: BankDraftViaWeb | AF25: BusinessCCPayment | AG25: SerialPayments | AH25: PaymentAssist | AI25: AgentAssist | AJ25: EBillBreakage | AK25: DocProcessing | AL25: SummaryBill | AM25: PriorityConnect | AN25: MoveInDateChange | AO25: MoveOutDateChange | AP25: MeterReRead | AQ25: DisconnectNotice | AR25: Disconnection | AS25: DisconnectRecovery | AT25: Reconnection | AU25: ReconnectAfterTampering | AV25: ServiceOrderChange | AW25: CollectionCall | AX25: CollectionsRecovery | AY25: CollectionsLegal | AZ25: RefundProcessing | BA25: RefundReissuance | BB25: Inactivity | BC25: UnauthorizedEnrollment | BR25: 2.5 | CN25: Cumulative? | CO25: Usage1 | CP25: Usage2 | CQ25: Usage3 | CR25: Usage4 | CS25: Usage5 | CT25: Chrg/Cred1 | CU25: Chrg/Cred2 | CV25: Chrg/Cred3 | CW25: Chrg/Cred4 | CX25: Chrg/Cred5 | CY25: Usage0 | CZ25: UsageA | DA25: UsageB | DB25: UsageC | DC25: UsageD | DD25: Zero | DE25: Rate0-A | DF25: RateA-B | DG25: RateB-C | DH25: RateC-D | DI25: RateD-∞ | DJ25: TDU $/month | DK25: TDU $/kWh | DL25: TDU Pass-thru? | DM25: TDU $/month (current) | DN25: TDU $/kWh (current) | DP25: Sparkline Calcs | DQ25: {=TRANSPOSE(Calc_inputs)} -> 0 | DR25: 0 | DS25: 0 | DT25: 0 | DU25: 0 | DV25: 0 | DW25: 0 | DX25: 0 | DY25: 0 | DZ25: 0 | EA25: 0 | EB25: 0 | EC25: {=TRANSPOSE(Calc_inputs)} -> 0 | ED25: 0 | EE25: 0 | EF25: 0 | EG25: 0 | EH25: 0 | EI25: 0 | EJ25: 0 | EK25: 0 | EL25: 0 | EM25: 0 | EN25: 0 | EO25: -40 | EP25: -40 | EQ25: -40 | ER25: =ER24 -> 100 | ES25: =ES24 -> 150 | ET25: =ET24 -> 200 | EU25: =EU24 -> 300 | EV25: =EV24 -> 400 | EW25: =EW24 -> 499 | EX25: =EX24 -> 500 | EY25: =EY24 -> 501 | ... GA25: =GA24 -> 2300 | GB25: =IF(MAX(Calc_inputs)*GB21>GA25,INT(GB22/1.05),GA25) -> 2300 | GC25: =IF(MAX(Calc_inputs)*GC21>GB25,INT(GC22/1.05),GB25) -> 2300 | GD25: =IF(MAX(Calc_inputs)*GD21>GC25,INT(GD22/1.05),GC25) -> 2300 | GE25: =IF(MAX(Calc_inputs)*GE21>GD25,INT(GE22/1.05),GD25) -> 2300 | GF25: =IF(MAX(Calc_inputs)*GF21>GE25,INT(GF22/1.05),GE25) -> 2300 | GG25: =IF(MAX(Calc_inputs)*GG21>GF25,INT(GG22/1.05),GF25) -> 2300 | GH25: =IF(MAX(Calc_inputs)*GH21>GG25,INT(GH22/1.05),GG25) -> 2300 | GI25: =IF(MAX(Calc_inputs)*GI21>GH25,INT(GI22/1.05),GH25) -> 2300 | ... GK25: =IF(MAX(Calc_inputs)*GK21>GJ25,INT(GK22/1.05),GJ25) -> 2300 | GL25: 0 | GM25: =MAX($ER25:$GK25) -> 2300
A26: =IF(More_Plans,(INT((Selected_Plan-1)/10))*10+1,"") | B26: =IF(More_Plans,IF(Locked,IF(Selected_Plan,$BZ26,$BV26),IFERROR(PROPER(INDEX(Database!$G$8:$G$360,$BQ26)),"")),"") | G26: =IF(Locked,"",IFERROR(HYPERLINK(INDEX(Database!$Y$8:$Y$360,$BQ26),"EFL"),"")) | H26: =IF(Locked,"",IFERROR(HYPERLINK(INDEX(Database!$U$8:$U$360,$BQ26),"TOS"),"")) | I26: =IFERROR(INDEX(Database!$Q$8:$Q$360,$BQ26),"") | K26: =IFERROR(IF(All_In,INDEX(Database!$BQ$8:$BQ$360,$BQ26),INDEX(Database!$BR$8:$BR$360,$BQ26)),"") | L26: =IFERROR(INDEX(Database!$BO$8:$BO$360,$BQ26),"") | M26: =IFERROR(INDEX(Database!$CX$8:$CX$360,$BQ26),"") | N26: =IFERROR(INDEX(Database!$BH$8:$BH$360,$BQ26),"") | P26: =IFERROR(INDEX(Database!$P$8:$P$360,$BQ26),"") | Q26: =IFERROR(INDEX(Database!$CR$8:$CR$360,$BQ26),"") | R26: =IFERROR(INDEX(Database!$AC$8:$AC$360,$BQ26),"") | S26: {=IF(More_Plans,IF(Locked,$CD26,IF(ISNUMBER($BT26),INDEX(REP_Info!$E$6:$E$250,$BT26),"")),"")} | U26: =IF(More_Plans,IF(ISNUMBER($BT26),YEAR(INDEX(REP_Info!$J$6:$J$250,$BT26)),""),"") | V26: =IF(More_Plans,IF(ISNUMBER($BT26),ROUND(INDEX(REP_Info!$G$6:$G$250,$BT26)/1000,0)&"k",""),"") | W26: =IFERROR(INDEX(Database!$BJ$8:$BJ$360,$BQ26),"") | Y26: =IFERROR(IF(ISBLANK(INDEX(TOS!$F$6:$AP$213,$BS26,Y$42)),"",INDEX(TOS!$F$6:$AP$213,$BS26,Y$42)),"") | Z26: =IFERROR(IF(ISBLANK(INDEX(TOS!$F$6:$AP$213,$BS26,Z$42)),"",INDEX(TOS!$F$6:$AP$213,$BS26,Z$42)),"") | AA26: =IFERROR(IF(ISBLANK(INDEX(TOS!$F$6:$AP$213,$BS26,AA$42)),"",INDEX(TOS!$F$6:$AP$213,$BS26,AA$42)),"") | AB26: =IFERROR(IF(ISBLANK(INDEX(TOS!$F$6:$AP$213,$BS26,AB$42)),"",INDEX(TOS!$F$6:$AP$213,$BS26,AB$42)),"") | AC26: =IFERROR(IF(ISBLANK(INDEX(TOS!$F$6:$AP$213,$BS26,AC$42)),"",INDEX(TOS!$F$6:$AP$213,$BS26,AC$42)),"") | AD26: =IFERROR(IF(ISBLANK(INDEX(TOS!$F$6:$AP$213,$BS26,AD$42)),"",INDEX(TOS!$F$6:$AP$213,$BS26,AD$42)),"") | AE26: =IFERROR(IF(ISBLANK(INDEX(TOS!$F$6:$AP$213,$BS26,AE$42)),"",INDEX(TOS!$F$6:$AP$213,$BS26,AE$42)),"") | AF26: =IFERROR(IF(ISBLANK(INDEX(TOS!$F$6:$AP$213,$BS26,AF$42)),"",INDEX(TOS!$F$6:$AP$213,$BS26,AF$42)),"") | ... BC26: =IFERROR(IF(ISBLANK(INDEX(TOS!$F$6:$AP$213,$BS26,BC$42)),"",INDEX(TOS!$F$6:$AP$213,$BS26,BC$42)),"") | BE26: Meter Needed | BF26: =AND(Usage,Rate_Type="High",ISERROR(Bill_Cycle),NOT(Locked)) -> FALSE | BH26: =IF(More_Plans,"@","") | BJ26: =" Did You Know?... You pay a Retailer for electricity AND your local Utility to deliver it. " -> Did You Know?... You pay a Retailer for electricity AND your local Utility to deliver it. | BQ26: =IF(More_Plans,MATCH($A26,Database!$CG$8:$CG$360,0),NA()) -> #N/A | BR26: =Locked*IFERROR((($K26-INDEX(Trends!$AA$5:$AA$8,MATCH($I26,{24,12,6,3},-1)))<BR$25),0) -> 0 | BS26: =MATCH(SUBSTITUTE(INDEX(Database!$U$8:$U$360,$BQ26),"~","~~"),TOS!$C$6:$C$213,0) -> #N/A | BT26: =MATCH(INDEX(Database!$F$8:$F$360,$BQ26),REP_Info!$D$6:$D$250,0) -> #N/A | BU26: =IFERROR(INDEX(Database!$CV$8:$CV$360,$BQ26),"") | BV26: ="" | BZ26: ="" | CD26: 🔒 | CN26: =INDEX(Database!$AG$8:$BG$360,$BQ26,CN$22) -> #N/A | CO26: =IF(ISBLANK(INDEX(Database!$AG$8:$BG$360,$BQ26,CO$22)),"",INDEX(Database!$AG$8:$BG$360,$BQ26,CO$22)) -> #N/A | CP26: =IF(ISBLANK(INDEX(Database!$AG$8:$BG$360,$BQ26,CP$22)),"",INDEX(Database!$AG$8:$BG$360,$BQ26,CP$22)) -> #N/A | CQ26: =IF(ISBLANK(INDEX(Database!$AG$8:$BG$360,$BQ26,CQ$22)),"",INDEX(Database!$AG$8:$BG$360,$BQ26,CQ$22)) -> #N/A | CR26: =IF(ISBLANK(INDEX(Database!$AG$8:$BG$360,$BQ26,CR$22)),"",INDEX(Database!$AG$8:$BG$360,$BQ26,CR$22)) -> #N/A | CS26: =IF(ISBLANK(INDEX(Database!$AG$8:$BG$360,$BQ26,CS$22)),"",INDEX(Database!$AG$8:$BG$360,$BQ26,CS$22)) -> #N/A | CT26: =IF(ISBLANK(INDEX(Database!$AG$8:$BG$360,$BQ26,CT$22)),"",INDEX(Database!$AG$8:$BG$360,$BQ26,CT$22)) -> #N/A | CU26: =IF(ISBLANK(INDEX(Database!$AG$8:$BG$360,$BQ26,CU$22)),"",INDEX(Database!$AG$8:$BG$360,$BQ26,CU$22)) -> #N/A | CV26: =IF(ISBLANK(INDEX(Database!$AG$8:$BG$360,$BQ26,CV$22)),"",INDEX(Database!$AG$8:$BG$360,$BQ26,CV$22)) -> #N/A | ... CX26: =IF(ISBLANK(INDEX(Database!$AG$8:$BG$360,$BQ26,CX$22)),"",INDEX(Database!$AG$8:$BG$360,$BQ26,CX$22)) -> #N/A | CY26: =INDEX(Database!$AG$8:$BG$360,$BQ26,CY$22) -> #N/A | CZ26: =INDEX(Database!$AG$8:$BG$360,$BQ26,CZ$22) -> #N/A | DA26: =INDEX(Database!$AG$8:$BG$360,$BQ26,DA$22) -> #N/A | DB26: =INDEX(Database!$AG$8:$BG$360,$BQ26,DB$22) -> #N/A | DC26: =INDEX(Database!$AG$8:$BG$360,$BQ26,DC$22) -> #N/A | DD26: =INDEX(Database!$AG$8:$BG$360,$BQ26,DD$22) -> #N/A | DE26: =INDEX(Database!$AG$8:$BG$360,$BQ26,DE$22) -> #N/A | DF26: =INDEX(Database!$AG$8:$BG$360,$BQ26,DF$22) -> #N/A | ... DN26: =INDEX(Database!$AG$8:$BG$360,$BQ26,DN$22) -> #N/A | DQ26: =IFERROR((LOOKUP(DQ$25,$CO26:$CS26,$CT26:$CX26)+IF($CN26="Y",SUMPRODUCT($DE26:$DI26-$DD26:$DH26,DQ$25-$CY26:$DC26,N(DQ$25>$CY26:$DC26)),DQ$25*LOOKUP(DQ$25,$CY26:$DC26,$DE26:$DI26))+IF($DL26="Y",$DM26,$DJ26)+DQ$25*IF($DL26="Y",$DN26,$DK26))*100/DQ$25,99) -> 99 | DR26: =IFERROR((LOOKUP(DR$25,$CO26:$CS26,$CT26:$CX26)+IF($CN26="Y",SUMPRODUCT($DE26:$DI26-$DD26:$DH26,DR$25-$CY26:$DC26,N(DR$25>$CY26:$DC26)),DR$25*LOOKUP(DR$25,$CY26:$DC26,$DE26:$DI26))+IF($DL26="Y",$DM26,$DJ26)+DR$25*IF($DL26="Y",$DN26,$DK26))*100/DR$25,99) -> 99 | DS26: =IFERROR((LOOKUP(DS$25,$CO26:$CS26,$CT26:$CX26)+IF($CN26="Y",SUMPRODUCT($DE26:$DI26-$DD26:$DH26,DS$25-$CY26:$DC26,N(DS$25>$CY26:$DC26)),DS$25*LOOKUP(DS$25,$CY26:$DC26,$DE26:$DI26))+IF($DL26="Y",$DM26,$DJ26)+DS$25*IF($DL26="Y",$DN26,$DK26))*100/DS$25,99) -> 99 | DT26: =IFERROR((LOOKUP(DT$25,$CO26:$CS26,$CT26:$CX26)+IF($CN26="Y",SUMPRODUCT($DE26:$DI26-$DD26:$DH26,DT$25-$CY26:$DC26,N(DT$25>$CY26:$DC26)),DT$25*LOOKUP(DT$25,$CY26:$DC26,$DE26:$DI26))+IF($DL26="Y",$DM26,$DJ26)+DT$25*IF($DL26="Y",$DN26,$DK26))*100/DT$25,99) -> 99 | DU26: =IFERROR((LOOKUP(DU$25,$CO26:$CS26,$CT26:$CX26)+IF($CN26="Y",SUMPRODUCT($DE26:$DI26-$DD26:$DH26,DU$25-$CY26:$DC26,N(DU$25>$CY26:$DC26)),DU$25*LOOKUP(DU$25,$CY26:$DC26,$DE26:$DI26))+IF($DL26="Y",$DM26,$DJ26)+DU$25*IF($DL26="Y",$DN26,$DK26))*100/DU$25,99) -> 99 | DV26: =IFERROR((LOOKUP(DV$25,$CO26:$CS26,$CT26:$CX26)+IF($CN26="Y",SUMPRODUCT($DE26:$DI26-$DD26:$DH26,DV$25-$CY26:$DC26,N(DV$25>$CY26:$DC26)),DV$25*LOOKUP(DV$25,$CY26:$DC26,$DE26:$DI26))+IF($DL26="Y",$DM26,$DJ26)+DV$25*IF($DL26="Y",$DN26,$DK26))*100/DV$25,99) -> 99 | DW26: =IFERROR((LOOKUP(DW$25,$CO26:$CS26,$CT26:$CX26)+IF($CN26="Y",SUMPRODUCT($DE26:$DI26-$DD26:$DH26,DW$25-$CY26:$DC26,N(DW$25>$CY26:$DC26)),DW$25*LOOKUP(DW$25,$CY26:$DC26,$DE26:$DI26))+IF($DL26="Y",$DM26,$DJ26)+DW$25*IF($DL26="Y",$DN26,$DK26))*100/DW$25,99) -> 99 | DX26: =IFERROR((LOOKUP(DX$25,$CO26:$CS26,$CT26:$CX26)+IF($CN26="Y",SUMPRODUCT($DE26:$DI26-$DD26:$DH26,DX$25-$CY26:$DC26,N(DX$25>$CY26:$DC26)),DX$25*LOOKUP(DX$25,$CY26:$DC26,$DE26:$DI26))+IF($DL26="Y",$DM26,$DJ26)+DX$25*IF($DL26="Y",$DN26,$DK26))*100/DX$25,99) -> 99 | ... EB26: =IFERROR((LOOKUP(EB$25,$CO26:$CS26,$CT26:$CX26)+IF($CN26="Y",SUMPRODUCT($DE26:$DI26-$DD26:$DH26,EB$25-$CY26:$DC26,N(EB$25>$CY26:$DC26)),EB$25*LOOKUP(EB$25,$CY26:$DC26,$DE26:$DI26))+IF($DL26="Y",$DM26,$DJ26)+EB$25*IF($DL26="Y",$DN26,$DK26))*100/EB$25,99) -> 99 | EC26: =IF($I26>EC$22,EC$25,NA()) -> 0 | ED26: =IF($I26>ED$22,ED$25,NA()) -> 0 | EE26: =IF($I26>EE$22,EE$25,NA()) -> 0 | EF26: =IF($I26>EF$22,EF$25,NA()) -> 0 | EG26: =IF($I26>EG$22,EG$25,NA()) -> 0 | EH26: =IF($I26>EH$22,EH$25,NA()) -> 0 | EI26: =IF($I26>EI$22,EI$25,NA()) -> 0 | EJ26: =IF($I26>EJ$22,EJ$25,NA()) -> 0 | ... EN26: =IF($I26>EN$22,EN$25,NA()) -> 0 | EO26: 0 | EP26: 100 | ER26: =IFERROR((LOOKUP(ER$25,$CO26:$CS26,$CT26:$CX26)+IF($CN26="Y",SUMPRODUCT($DE26:$DI26-$DD26:$DH26,ER$25-$CY26:$DC26,N(ER$25>$CY26:$DC26)),ER$25*LOOKUP(ER$25,$CY26:$DC26,$DE26:$DI26))+IF($DL26="Y",$DM26,$DJ26)+ER$25*IF($DL26="Y",$DN26,$DK26))*100/ER$25,99) -> 99 | ES26: =IFERROR((LOOKUP(ES$25,$CO26:$CS26,$CT26:$CX26)+IF($CN26="Y",SUMPRODUCT($DE26:$DI26-$DD26:$DH26,ES$25-$CY26:$DC26,N(ES$25>$CY26:$DC26)),ES$25*LOOKUP(ES$25,$CY26:$DC26,$DE26:$DI26))+IF($DL26="Y",$DM26,$DJ26)+ES$25*IF($DL26="Y",$DN26,$DK26))*100/ES$25,99) -> 99 | ET26: =IFERROR((LOOKUP(ET$25,$CO26:$CS26,$CT26:$CX26)+IF($CN26="Y",SUMPRODUCT($DE26:$DI26-$DD26:$DH26,ET$25-$CY26:$DC26,N(ET$25>$CY26:$DC26)),ET$25*LOOKUP(ET$25,$CY26:$DC26,$DE26:$DI26))+IF($DL26="Y",$DM26,$DJ26)+ET$25*IF($DL26="Y",$DN26,$DK26))*100/ET$25,99) -> 99 | EU26: =IFERROR((LOOKUP(EU$25,$CO26:$CS26,$CT26:$CX26)+IF($CN26="Y",SUMPRODUCT($DE26:$DI26-$DD26:$DH26,EU$25-$CY26:$DC26,N(EU$25>$CY26:$DC26)),EU$25*LOOKUP(EU$25,$CY26:$DC26,$DE26:$DI26))+IF($DL26="Y",$DM26,$DJ26)+EU$25*IF($DL26="Y",$DN26,$DK26))*100/EU$25,99) -> 99 | EV26: =IFERROR((LOOKUP(EV$25,$CO26:$CS26,$CT26:$CX26)+IF($CN26="Y",SUMPRODUCT($DE26:$DI26-$DD26:$DH26,EV$25-$CY26:$DC26,N(EV$25>$CY26:$DC26)),EV$25*LOOKUP(EV$25,$CY26:$DC26,$DE26:$DI26))+IF($DL26="Y",$DM26,$DJ26)+EV$25*IF($DL26="Y",$DN26,$DK26))*100/EV$25,99) -> 99 | EW26: =IFERROR((LOOKUP(EW$25,$CO26:$CS26,$CT26:$CX26)+IF($CN26="Y",SUMPRODUCT($DE26:$DI26-$DD26:$DH26,EW$25-$CY26:$DC26,N(EW$25>$CY26:$DC26)),EW$25*LOOKUP(EW$25,$CY26:$DC26,$DE26:$DI26))+IF($DL26="Y",$DM26,$DJ26)+EW$25*IF($DL26="Y",$DN26,$DK26))*100/EW$25,99) -> 99 | EX26: =IFERROR((LOOKUP(EX$25,$CO26:$CS26,$CT26:$CX26)+IF($CN26="Y",SUMPRODUCT($DE26:$DI26-$DD26:$DH26,EX$25-$CY26:$DC26,N(EX$25>$CY26:$DC26)),EX$25*LOOKUP(EX$25,$CY26:$DC26,$DE26:$DI26))+IF($DL26="Y",$DM26,$DJ26)+EX$25*IF($DL26="Y",$DN26,$DK26))*100/EX$25,99) -> 99 | EY26: =IFERROR((LOOKUP(EY$25,$CO26:$CS26,$CT26:$CX26)+IF($CN26="Y",SUMPRODUCT($DE26:$DI26-$DD26:$DH26,EY$25-$CY26:$DC26,N(EY$25>$CY26:$DC26)),EY$25*LOOKUP(EY$25,$CY26:$DC26,$DE26:$DI26))+IF($DL26="Y",$DM26,$DJ26)+EY$25*IF($DL26="Y",$DN26,$DK26))*100/EY$25,99) -> 99 | ... GK26: =IFERROR((LOOKUP(GK$25,$CO26:$CS26,$CT26:$CX26)+IF($CN26="Y",SUMPRODUCT($DE26:$DI26-$DD26:$DH26,GK$25-$CY26:$DC26,N(GK$25>$CY26:$DC26)),GK$25*LOOKUP(GK$25,$CY26:$DC26,$DE26:$DI26))+IF($DL26="Y",$DM26,$DJ26)+GK$25*IF($DL26="Y",$DN26,$DK26))*100/GK$25,99) -> 99
A27: =IF(More_Plans,A26+1,"") | B27: =IF(More_Plans,IF(Locked,IF(Selected_Plan,$BZ27,$BV27),IFERROR(PROPER(INDEX(Database!$G$8:$G$360,$BQ27)),"")),"") | G27: =IF(Locked,"",IFERROR(HYPERLINK(INDEX(Database!$Y$8:$Y$360,$BQ27),"EFL"),"")) | H27: =IF(Locked,"",IFERROR(HYPERLINK(INDEX(Database!$U$8:$U$360,$BQ27),"TOS"),"")) | I27: =IFERROR(INDEX(Database!$Q$8:$Q$360,$BQ27),"") | K27: =IFERROR(IF(All_In,INDEX(Database!$BQ$8:$BQ$360,$BQ27),INDEX(Database!$BR$8:$BR$360,$BQ27)),"") | L27: =IFERROR(INDEX(Database!$BO$8:$BO$360,$BQ27),"") | M27: =IFERROR(INDEX(Database!$CX$8:$CX$360,$BQ27),"") | N27: =IFERROR(INDEX(Database!$BH$8:$BH$360,$BQ27),"") | P27: =IFERROR(INDEX(Database!$P$8:$P$360,$BQ27),"") | Q27: =IFERROR(INDEX(Database!$CR$8:$CR$360,$BQ27),"") | R27: =IFERROR(INDEX(Database!$AC$8:$AC$360,$BQ27),"") | S27: {=IF(More_Plans,IF(Locked,$CD27,IF(ISNUMBER($BT27),INDEX(REP_Info!$E$6:$E$250,$BT27),"")),"")} | U27: =IF(More_Plans,IF(ISNUMBER($BT27),YEAR(INDEX(REP_Info!$J$6:$J$250,$BT27)),""),"") | V27: =IF(More_Plans,IF(ISNUMBER($BT27),ROUND(INDEX(REP_Info!$G$6:$G$250,$BT27)/1000,0)&"k",""),"") | W27: =IFERROR(INDEX(Database!$BJ$8:$BJ$360,$BQ27),"") | Y27: =IFERROR(IF(ISBLANK(INDEX(TOS!$F$6:$AP$213,$BS27,Y$42)),"",INDEX(TOS!$F$6:$AP$213,$BS27,Y$42)),"") | Z27: =IFERROR(IF(ISBLANK(INDEX(TOS!$F$6:$AP$213,$BS27,Z$42)),"",INDEX(TOS!$F$6:$AP$213,$BS27,Z$42)),"") | AA27: =IFERROR(IF(ISBLANK(INDEX(TOS!$F$6:$AP$213,$BS27,AA$42)),"",INDEX(TOS!$F$6:$AP$213,$BS27,AA$42)),"") | AB27: =IFERROR(IF(ISBLANK(INDEX(TOS!$F$6:$AP$213,$BS27,AB$42)),"",INDEX(TOS!$F$6:$AP$213,$BS27,AB$42)),"") | AC27: =IFERROR(IF(ISBLANK(INDEX(TOS!$F$6:$AP$213,$BS27,AC$42)),"",INDEX(TOS!$F$6:$AP$213,$BS27,AC$42)),"") | AD27: =IFERROR(IF(ISBLANK(INDEX(TOS!$F$6:$AP$213,$BS27,AD$42)),"",INDEX(TOS!$F$6:$AP$213,$BS27,AD$42)),"") | AE27: =IFERROR(IF(ISBLANK(INDEX(TOS!$F$6:$AP$213,$BS27,AE$42)),"",INDEX(TOS!$F$6:$AP$213,$BS27,AE$42)),"") | AF27: =IFERROR(IF(ISBLANK(INDEX(TOS!$F$6:$AP$213,$BS27,AF$42)),"",INDEX(TOS!$F$6:$AP$213,$BS27,AF$42)),"") | ... BC27: =IFERROR(IF(ISBLANK(INDEX(TOS!$F$6:$AP$213,$BS27,BC$42)),"",INDEX(TOS!$F$6:$AP$213,$BS27,BC$42)),"") | BE27: =IF(AND(Old_Rate,Old_Rate_Input<0.3),"Old $ /kWh:","Old ¢ /kWh:") -> Old ¢ /kWh: | BF27: 11.7 | BG27: =IF(AND(Old_Rate,Old_Rate_Input<0.3),Old_Rate_Input*100,Old_Rate_Input) -> 11.7 | BH27: =IF(AND(TDU_IDd,NOT(Usage)),"◄","") | BJ27: ="Plan #"&Selected_Plan&" offers your best rate/term, or select a different option here ↙" -> Plan #1 offers your best rate/term, or select a different option here ↙ | BQ27: =IF(More_Plans,MATCH($A27,Database!$CG$8:$CG$360,0),NA()) -> #N/A | BR27: =Locked*IFERROR((($K27-INDEX(Trends!$AA$5:$AA$8,MATCH($I27,{24,12,6,3},-1)))<BR$25),0) -> 0 | BS27: =MATCH(SUBSTITUTE(INDEX(Database!$U$8:$U$360,$BQ27),"~","~~"),TOS!$C$6:$C$213,0) -> #N/A | BT27: =MATCH(INDEX(Database!$F$8:$F$360,$BQ27),REP_Info!$D$6:$D$250,0) -> #N/A | BU27: =IFERROR(INDEX(Database!$CV$8:$CV$360,$BQ27),"") | BV27: Instead of names, | BZ27: ="" | CD27: (Unlock for | CN27: =INDEX(Database!$AG$8:$BG$360,$BQ27,CN$22) -> #N/A | CO27: =IF(ISBLANK(INDEX(Database!$AG$8:$BG$360,$BQ27,CO$22)),"",INDEX(Database!$AG$8:$BG$360,$BQ27,CO$22)) -> #N/A | CP27: =IF(ISBLANK(INDEX(Database!$AG$8:$BG$360,$BQ27,CP$22)),"",INDEX(Database!$AG$8:$BG$360,$BQ27,CP$22)) -> #N/A | CQ27: =IF(ISBLANK(INDEX(Database!$AG$8:$BG$360,$BQ27,CQ$22)),"",INDEX(Database!$AG$8:$BG$360,$BQ27,CQ$22)) -> #N/A | CR27: =IF(ISBLANK(INDEX(Database!$AG$8:$BG$360,$BQ27,CR$22)),"",INDEX(Database!$AG$8:$BG$360,$BQ27,CR$22)) -> #N/A | CS27: =IF(ISBLANK(INDEX(Database!$AG$8:$BG$360,$BQ27,CS$22)),"",INDEX(Database!$AG$8:$BG$360,$BQ27,CS$22)) -> #N/A | CT27: =IF(ISBLANK(INDEX(Database!$AG$8:$BG$360,$BQ27,CT$22)),"",INDEX(Database!$AG$8:$BG$360,$BQ27,CT$22)) -> #N/A | CU27: =IF(ISBLANK(INDEX(Database!$AG$8:$BG$360,$BQ27,CU$22)),"",INDEX(Database!$AG$8:$BG$360,$BQ27,CU$22)) -> #N/A | CV27: =IF(ISBLANK(INDEX(Database!$AG$8:$BG$360,$BQ27,CV$22)),"",INDEX(Database!$AG$8:$BG$360,$BQ27,CV$22)) -> #N/A | ... CX27: =IF(ISBLANK(INDEX(Database!$AG$8:$BG$360,$BQ27,CX$22)),"",INDEX(Database!$AG$8:$BG$360,$BQ27,CX$22)) -> #N/A | CY27: =INDEX(Database!$AG$8:$BG$360,$BQ27,CY$22) -> #N/A | CZ27: =INDEX(Database!$AG$8:$BG$360,$BQ27,CZ$22) -> #N/A | DA27: =INDEX(Database!$AG$8:$BG$360,$BQ27,DA$22) -> #N/A | DB27: =INDEX(Database!$AG$8:$BG$360,$BQ27,DB$22) -> #N/A | DC27: =INDEX(Database!$AG$8:$BG$360,$BQ27,DC$22) -> #N/A | DD27: =INDEX(Database!$AG$8:$BG$360,$BQ27,DD$22) -> #N/A | DE27: =INDEX(Database!$AG$8:$BG$360,$BQ27,DE$22) -> #N/A | DF27: =INDEX(Database!$AG$8:$BG$360,$BQ27,DF$22) -> #N/A | ... DN27: =INDEX(Database!$AG$8:$BG$360,$BQ27,DN$22) -> #N/A | DQ27: =IFERROR((LOOKUP(DQ$25,$CO27:$CS27,$CT27:$CX27)+IF($CN27="Y",SUMPRODUCT($DE27:$DI27-$DD27:$DH27,DQ$25-$CY27:$DC27,N(DQ$25>$CY27:$DC27)),DQ$25*LOOKUP(DQ$25,$CY27:$DC27,$DE27:$DI27))+IF($DL27="Y",$DM27,$DJ27)+DQ$25*IF($DL27="Y",$DN27,$DK27))*100/DQ$25,99) -> 99 | DR27: =IFERROR((LOOKUP(DR$25,$CO27:$CS27,$CT27:$CX27)+IF($CN27="Y",SUMPRODUCT($DE27:$DI27-$DD27:$DH27,DR$25-$CY27:$DC27,N(DR$25>$CY27:$DC27)),DR$25*LOOKUP(DR$25,$CY27:$DC27,$DE27:$DI27))+IF($DL27="Y",$DM27,$DJ27)+DR$25*IF($DL27="Y",$DN27,$DK27))*100/DR$25,99) -> 99 | DS27: =IFERROR((LOOKUP(DS$25,$CO27:$CS27,$CT27:$CX27)+IF($CN27="Y",SUMPRODUCT($DE27:$DI27-$DD27:$DH27,DS$25-$CY27:$DC27,N(DS$25>$CY27:$DC27)),DS$25*LOOKUP(DS$25,$CY27:$DC27,$DE27:$DI27))+IF($DL27="Y",$DM27,$DJ27)+DS$25*IF($DL27="Y",$DN27,$DK27))*100/DS$25,99) -> 99 | DT27: =IFERROR((LOOKUP(DT$25,$CO27:$CS27,$CT27:$CX27)+IF($CN27="Y",SUMPRODUCT($DE27:$DI27-$DD27:$DH27,DT$25-$CY27:$DC27,N(DT$25>$CY27:$DC27)),DT$25*LOOKUP(DT$25,$CY27:$DC27,$DE27:$DI27))+IF($DL27="Y",$DM27,$DJ27)+DT$25*IF($DL27="Y",$DN27,$DK27))*100/DT$25,99) -> 99 | DU27: =IFERROR((LOOKUP(DU$25,$CO27:$CS27,$CT27:$CX27)+IF($CN27="Y",SUMPRODUCT($DE27:$DI27-$DD27:$DH27,DU$25-$CY27:$DC27,N(DU$25>$CY27:$DC27)),DU$25*LOOKUP(DU$25,$CY27:$DC27,$DE27:$DI27))+IF($DL27="Y",$DM27,$DJ27)+DU$25*IF($DL27="Y",$DN27,$DK27))*100/DU$25,99) -> 99 | DV27: =IFERROR((LOOKUP(DV$25,$CO27:$CS27,$CT27:$CX27)+IF($CN27="Y",SUMPRODUCT($DE27:$DI27-$DD27:$DH27,DV$25-$CY27:$DC27,N(DV$25>$CY27:$DC27)),DV$25*LOOKUP(DV$25,$CY27:$DC27,$DE27:$DI27))+IF($DL27="Y",$DM27,$DJ27)+DV$25*IF($DL27="Y",$DN27,$DK27))*100/DV$25,99) -> 99 | DW27: =IFERROR((LOOKUP(DW$25,$CO27:$CS27,$CT27:$CX27)+IF($CN27="Y",SUMPRODUCT($DE27:$DI27-$DD27:$DH27,DW$25-$CY27:$DC27,N(DW$25>$CY27:$DC27)),DW$25*LOOKUP(DW$25,$CY27:$DC27,$DE27:$DI27))+IF($DL27="Y",$DM27,$DJ27)+DW$25*IF($DL27="Y",$DN27,$DK27))*100/DW$25,99) -> 99 | DX27: =IFERROR((LOOKUP(DX$25,$CO27:$CS27,$CT27:$CX27)+IF($CN27="Y",SUMPRODUCT($DE27:$DI27-$DD27:$DH27,DX$25-$CY27:$DC27,N(DX$25>$CY27:$DC27)),DX$25*LOOKUP(DX$25,$CY27:$DC27,$DE27:$DI27))+IF($DL27="Y",$DM27,$DJ27)+DX$25*IF($DL27="Y",$DN27,$DK27))*100/DX$25,99) -> 99 | ... EB27: =IFERROR((LOOKUP(EB$25,$CO27:$CS27,$CT27:$CX27)+IF($CN27="Y",SUMPRODUCT($DE27:$DI27-$DD27:$DH27,EB$25-$CY27:$DC27,N(EB$25>$CY27:$DC27)),EB$25*LOOKUP(EB$25,$CY27:$DC27,$DE27:$DI27))+IF($DL27="Y",$DM27,$DJ27)+EB$25*IF($DL27="Y",$DN27,$DK27))*100/EB$25,99) -> 99 | EC27: =IF($I27>EC$22,EC$25,NA()) -> 0 | ED27: =IF($I27>ED$22,ED$25,NA()) -> 0 | EE27: =IF($I27>EE$22,EE$25,NA()) -> 0 | EF27: =IF($I27>EF$22,EF$25,NA()) -> 0 | EG27: =IF($I27>EG$22,EG$25,NA()) -> 0 | EH27: =IF($I27>EH$22,EH$25,NA()) -> 0 | EI27: =IF($I27>EI$22,EI$25,NA()) -> 0 | EJ27: =IF($I27>EJ$22,EJ$25,NA()) -> 0 | ... EN27: =IF($I27>EN$22,EN$25,NA()) -> 0 | EO27: 0 | EP27: 100 | ER27: =IFERROR((LOOKUP(ER$25,$CO27:$CS27,$CT27:$CX27)+IF($CN27="Y",SUMPRODUCT($DE27:$DI27-$DD27:$DH27,ER$25-$CY27:$DC27,N(ER$25>$CY27:$DC27)),ER$25*LOOKUP(ER$25,$CY27:$DC27,$DE27:$DI27))+IF($DL27="Y",$DM27,$DJ27)+ER$25*IF($DL27="Y",$DN27,$DK27))*100/ER$25,99) -> 99 | ES27: =IFERROR((LOOKUP(ES$25,$CO27:$CS27,$CT27:$CX27)+IF($CN27="Y",SUMPRODUCT($DE27:$DI27-$DD27:$DH27,ES$25-$CY27:$DC27,N(ES$25>$CY27:$DC27)),ES$25*LOOKUP(ES$25,$CY27:$DC27,$DE27:$DI27))+IF($DL27="Y",$DM27,$DJ27)+ES$25*IF($DL27="Y",$DN27,$DK27))*100/ES$25,99) -> 99 | ET27: =IFERROR((LOOKUP(ET$25,$CO27:$CS27,$CT27:$CX27)+IF($CN27="Y",SUMPRODUCT($DE27:$DI27-$DD27:$DH27,ET$25-$CY27:$DC27,N(ET$25>$CY27:$DC27)),ET$25*LOOKUP(ET$25,$CY27:$DC27,$DE27:$DI27))+IF($DL27="Y",$DM27,$DJ27)+ET$25*IF($DL27="Y",$DN27,$DK27))*100/ET$25,99) -> 99 | EU27: =IFERROR((LOOKUP(EU$25,$CO27:$CS27,$CT27:$CX27)+IF($CN27="Y",SUMPRODUCT($DE27:$DI27-$DD27:$DH27,EU$25-$CY27:$DC27,N(EU$25>$CY27:$DC27)),EU$25*LOOKUP(EU$25,$CY27:$DC27,$DE27:$DI27))+IF($DL27="Y",$DM27,$DJ27)+EU$25*IF($DL27="Y",$DN27,$DK27))*100/EU$25,99) -> 99 | EV27: =IFERROR((LOOKUP(EV$25,$CO27:$CS27,$CT27:$CX27)+IF($CN27="Y",SUMPRODUCT($DE27:$DI27-$DD27:$DH27,EV$25-$CY27:$DC27,N(EV$25>$CY27:$DC27)),EV$25*LOOKUP(EV$25,$CY27:$DC27,$DE27:$DI27))+IF($DL27="Y",$DM27,$DJ27)+EV$25*IF($DL27="Y",$DN27,$DK27))*100/EV$25,99) -> 99 | EW27: =IFERROR((LOOKUP(EW$25,$CO27:$CS27,$CT27:$CX27)+IF($CN27="Y",SUMPRODUCT($DE27:$DI27-$DD27:$DH27,EW$25-$CY27:$DC27,N(EW$25>$CY27:$DC27)),EW$25*LOOKUP(EW$25,$CY27:$DC27,$DE27:$DI27))+IF($DL27="Y",$DM27,$DJ27)+EW$25*IF($DL27="Y",$DN27,$DK27))*100/EW$25,99) -> 99 | EX27: =IFERROR((LOOKUP(EX$25,$CO27:$CS27,$CT27:$CX27)+IF($CN27="Y",SUMPRODUCT($DE27:$DI27-$DD27:$DH27,EX$25-$CY27:$DC27,N(EX$25>$CY27:$DC27)),EX$25*LOOKUP(EX$25,$CY27:$DC27,$DE27:$DI27))+IF($DL27="Y",$DM27,$DJ27)+EX$25*IF($DL27="Y",$DN27,$DK27))*100/EX$25,99) -> 99 | EY27: =IFERROR((LOOKUP(EY$25,$CO27:$CS27,$CT27:$CX27)+IF($CN27="Y",SUMPRODUCT($DE27:$DI27-$DD27:$DH27,EY$25-$CY27:$DC27,N(EY$25>$CY27:$DC27)),EY$25*LOOKUP(EY$25,$CY27:$DC27,$DE27:$DI27))+IF($DL27="Y",$DM27,$DJ27)+EY$25*IF($DL27="Y",$DN27,$DK27))*100/EY$25,99) -> 99 | ... GK27: =IFERROR((LOOKUP(GK$25,$CO27:$CS27,$CT27:$CX27)+IF($CN27="Y",SUMPRODUCT($DE27:$DI27-$DD27:$DH27,GK$25-$CY27:$DC27,N(GK$25>$CY27:$DC27)),GK$25*LOOKUP(GK$25,$CY27:$DC27,$DE27:$DI27))+IF($DL27="Y",$DM27,$DJ27)+GK$25*IF($DL27="Y",$DN27,$DK27))*100/GK$25,99) -> 99
A28: =IF(More_Plans,A27+1,"") | B28: =IF(More_Plans,IF(Locked,IF(Selected_Plan,$BZ28,$BV28),IFERROR(PROPER(INDEX(Database!$G$8:$G$360,$BQ28)),"")),"") | G28: =IF(Locked,"",IFERROR(HYPERLINK(INDEX(Database!$Y$8:$Y$360,$BQ28),"EFL"),"")) | H28: =IF(Locked,"",IFERROR(HYPERLINK(INDEX(Database!$U$8:$U$360,$BQ28),"TOS"),"")) | I28: =IFERROR(INDEX(Database!$Q$8:$Q$360,$BQ28),"") | K28: =IFERROR(IF(All_In,INDEX(Database!$BQ$8:$BQ$360,$BQ28),INDEX(Database!$BR$8:$BR$360,$BQ28)),"") | L28: =IFERROR(INDEX(Database!$BO$8:$BO$360,$BQ28),"") | M28: =IFERROR(INDEX(Database!$CX$8:$CX$360,$BQ28),"") | N28: =IFERROR(INDEX(Database!$BH$8:$BH$360,$BQ28),"") | P28: =IFERROR(INDEX(Database!$P$8:$P$360,$BQ28),"") | Q28: =IFERROR(INDEX(Database!$CR$8:$CR$360,$BQ28),"") | R28: =IFERROR(INDEX(Database!$AC$8:$AC$360,$BQ28),"") | S28: {=IF(More_Plans,IF(Locked,$CD28,IF(ISNUMBER($BT28),INDEX(REP_Info!$E$6:$E$250,$BT28),"")),"")} | U28: =IF(More_Plans,IF(ISNUMBER($BT28),YEAR(INDEX(REP_Info!$J$6:$J$250,$BT28)),""),"") | V28: =IF(More_Plans,IF(ISNUMBER($BT28),ROUND(INDEX(REP_Info!$G$6:$G$250,$BT28)/1000,0)&"k",""),"") | W28: =IFERROR(INDEX(Database!$BJ$8:$BJ$360,$BQ28),"") | Y28: =IFERROR(IF(ISBLANK(INDEX(TOS!$F$6:$AP$213,$BS28,Y$42)),"",INDEX(TOS!$F$6:$AP$213,$BS28,Y$42)),"") | Z28: =IFERROR(IF(ISBLANK(INDEX(TOS!$F$6:$AP$213,$BS28,Z$42)),"",INDEX(TOS!$F$6:$AP$213,$BS28,Z$42)),"") | AA28: =IFERROR(IF(ISBLANK(INDEX(TOS!$F$6:$AP$213,$BS28,AA$42)),"",INDEX(TOS!$F$6:$AP$213,$BS28,AA$42)),"") | AB28: =IFERROR(IF(ISBLANK(INDEX(TOS!$F$6:$AP$213,$BS28,AB$42)),"",INDEX(TOS!$F$6:$AP$213,$BS28,AB$42)),"") | AC28: =IFERROR(IF(ISBLANK(INDEX(TOS!$F$6:$AP$213,$BS28,AC$42)),"",INDEX(TOS!$F$6:$AP$213,$BS28,AC$42)),"") | AD28: =IFERROR(IF(ISBLANK(INDEX(TOS!$F$6:$AP$213,$BS28,AD$42)),"",INDEX(TOS!$F$6:$AP$213,$BS28,AD$42)),"") | AE28: =IFERROR(IF(ISBLANK(INDEX(TOS!$F$6:$AP$213,$BS28,AE$42)),"",INDEX(TOS!$F$6:$AP$213,$BS28,AE$42)),"") | AF28: =IFERROR(IF(ISBLANK(INDEX(TOS!$F$6:$AP$213,$BS28,AF$42)),"",INDEX(TOS!$F$6:$AP$213,$BS28,AF$42)),"") | ... BC28: =IFERROR(IF(ISBLANK(INDEX(TOS!$F$6:$AP$213,$BS28,BC$42)),"",INDEX(TOS!$F$6:$AP$213,$BS28,BC$42)),"") | BE28: Old Rate | BF28: =AND(TDU_IDd,ISNUMBER(Old_Rate_Input),OR(Old_Rate_Input>0,Months_Entered)) -> FALSE | BG28: Trends | BH28: =IF(NOT(TDU_IDd),REPT("█",210),"") -> ██████████████████████████████████████████████████████████████████████████████████████████████████████████████████████████████████████████████████████████████████████████████████████████████████████████████████ | BJ28: =IF(Usage,IF(Selected,IF(AND(BF21>5,Selected_Plan=1,$P$24=0,$S$24="[Any]"),"Our pick:","Your pick:")&" Plan #"&Selected_Plan&IF($CG$2<$BG$27/100," saves you "&TEXT(($CI$4*$BG$27/100)-$CG$4,"$#,0")&" over "&$BF$21&" months","")&" ▼","Pick a Plan #"),"") | BQ28: =IF(More_Plans,MATCH($A28,Database!$CG$8:$CG$360,0),NA()) -> #N/A | BR28: =Locked*IFERROR((($K28-INDEX(Trends!$AA$5:$AA$8,MATCH($I28,{24,12,6,3},-1)))<BR$25),0) -> 0 | BS28: =MATCH(SUBSTITUTE(INDEX(Database!$U$8:$U$360,$BQ28),"~","~~"),TOS!$C$6:$C$213,0) -> #N/A | BT28: =MATCH(INDEX(Database!$F$8:$F$360,$BQ28),REP_Info!$D$6:$D$250,0) -> #N/A | BU28: =IFERROR(INDEX(Database!$CV$8:$CV$360,$BQ28),"") | BV28: use these key details ► | BZ28: ="" | CD28: REP Names) | CN28: =INDEX(Database!$AG$8:$BG$360,$BQ28,CN$22) -> #N/A | CO28: =IF(ISBLANK(INDEX(Database!$AG$8:$BG$360,$BQ28,CO$22)),"",INDEX(Database!$AG$8:$BG$360,$BQ28,CO$22)) -> #N/A | CP28: =IF(ISBLANK(INDEX(Database!$AG$8:$BG$360,$BQ28,CP$22)),"",INDEX(Database!$AG$8:$BG$360,$BQ28,CP$22)) -> #N/A | CQ28: =IF(ISBLANK(INDEX(Database!$AG$8:$BG$360,$BQ28,CQ$22)),"",INDEX(Database!$AG$8:$BG$360,$BQ28,CQ$22)) -> #N/A | CR28: =IF(ISBLANK(INDEX(Database!$AG$8:$BG$360,$BQ28,CR$22)),"",INDEX(Database!$AG$8:$BG$360,$BQ28,CR$22)) -> #N/A | CS28: =IF(ISBLANK(INDEX(Database!$AG$8:$BG$360,$BQ28,CS$22)),"",INDEX(Database!$AG$8:$BG$360,$BQ28,CS$22)) -> #N/A | CT28: =IF(ISBLANK(INDEX(Database!$AG$8:$BG$360,$BQ28,CT$22)),"",INDEX(Database!$AG$8:$BG$360,$BQ28,CT$22)) -> #N/A | CU28: =IF(ISBLANK(INDEX(Database!$AG$8:$BG$360,$BQ28,CU$22)),"",INDEX(Database!$AG$8:$BG$360,$BQ28,CU$22)) -> #N/A | CV28: =IF(ISBLANK(INDEX(Database!$AG$8:$BG$360,$BQ28,CV$22)),"",INDEX(Database!$AG$8:$BG$360,$BQ28,CV$22)) -> #N/A | ... CX28: =IF(ISBLANK(INDEX(Database!$AG$8:$BG$360,$BQ28,CX$22)),"",INDEX(Database!$AG$8:$BG$360,$BQ28,CX$22)) -> #N/A | CY28: =INDEX(Database!$AG$8:$BG$360,$BQ28,CY$22) -> #N/A | CZ28: =INDEX(Database!$AG$8:$BG$360,$BQ28,CZ$22) -> #N/A | DA28: =INDEX(Database!$AG$8:$BG$360,$BQ28,DA$22) -> #N/A | DB28: =INDEX(Database!$AG$8:$BG$360,$BQ28,DB$22) -> #N/A | DC28: =INDEX(Database!$AG$8:$BG$360,$BQ28,DC$22) -> #N/A | DD28: =INDEX(Database!$AG$8:$BG$360,$BQ28,DD$22) -> #N/A | DE28: =INDEX(Database!$AG$8:$BG$360,$BQ28,DE$22) -> #N/A | DF28: =INDEX(Database!$AG$8:$BG$360,$BQ28,DF$22) -> #N/A | ... DN28: =INDEX(Database!$AG$8:$BG$360,$BQ28,DN$22) -> #N/A | DQ28: =IFERROR((LOOKUP(DQ$25,$CO28:$CS28,$CT28:$CX28)+IF($CN28="Y",SUMPRODUCT($DE28:$DI28-$DD28:$DH28,DQ$25-$CY28:$DC28,N(DQ$25>$CY28:$DC28)),DQ$25*LOOKUP(DQ$25,$CY28:$DC28,$DE28:$DI28))+IF($DL28="Y",$DM28,$DJ28)+DQ$25*IF($DL28="Y",$DN28,$DK28))*100/DQ$25,99) -> 99 | DR28: =IFERROR((LOOKUP(DR$25,$CO28:$CS28,$CT28:$CX28)+IF($CN28="Y",SUMPRODUCT($DE28:$DI28-$DD28:$DH28,DR$25-$CY28:$DC28,N(DR$25>$CY28:$DC28)),DR$25*LOOKUP(DR$25,$CY28:$DC28,$DE28:$DI28))+IF($DL28="Y",$DM28,$DJ28)+DR$25*IF($DL28="Y",$DN28,$DK28))*100/DR$25,99) -> 99 | DS28: =IFERROR((LOOKUP(DS$25,$CO28:$CS28,$CT28:$CX28)+IF($CN28="Y",SUMPRODUCT($DE28:$DI28-$DD28:$DH28,DS$25-$CY28:$DC28,N(DS$25>$CY28:$DC28)),DS$25*LOOKUP(DS$25,$CY28:$DC28,$DE28:$DI28))+IF($DL28="Y",$DM28,$DJ28)+DS$25*IF($DL28="Y",$DN28,$DK28))*100/DS$25,99) -> 99 | DT28: =IFERROR((LOOKUP(DT$25,$CO28:$CS28,$CT28:$CX28)+IF($CN28="Y",SUMPRODUCT($DE28:$DI28-$DD28:$DH28,DT$25-$CY28:$DC28,N(DT$25>$CY28:$DC28)),DT$25*LOOKUP(DT$25,$CY28:$DC28,$DE28:$DI28))+IF($DL28="Y",$DM28,$DJ28)+DT$25*IF($DL28="Y",$DN28,$DK28))*100/DT$25,99) -> 99 | DU28: =IFERROR((LOOKUP(DU$25,$CO28:$CS28,$CT28:$CX28)+IF($CN28="Y",SUMPRODUCT($DE28:$DI28-$DD28:$DH28,DU$25-$CY28:$DC28,N(DU$25>$CY28:$DC28)),DU$25*LOOKUP(DU$25,$CY28:$DC28,$DE28:$DI28))+IF($DL28="Y",$DM28,$DJ28)+DU$25*IF($DL28="Y",$DN28,$DK28))*100/DU$25,99) -> 99 | DV28: =IFERROR((LOOKUP(DV$25,$CO28:$CS28,$CT28:$CX28)+IF($CN28="Y",SUMPRODUCT($DE28:$DI28-$DD28:$DH28,DV$25-$CY28:$DC28,N(DV$25>$CY28:$DC28)),DV$25*LOOKUP(DV$25,$CY28:$DC28,$DE28:$DI28))+IF($DL28="Y",$DM28,$DJ28)+DV$25*IF($DL28="Y",$DN28,$DK28))*100/DV$25,99) -> 99 | DW28: =IFERROR((LOOKUP(DW$25,$CO28:$CS28,$CT28:$CX28)+IF($CN28="Y",SUMPRODUCT($DE28:$DI28-$DD28:$DH28,DW$25-$CY28:$DC28,N(DW$25>$CY28:$DC28)),DW$25*LOOKUP(DW$25,$CY28:$DC28,$DE28:$DI28))+IF($DL28="Y",$DM28,$DJ28)+DW$25*IF($DL28="Y",$DN28,$DK28))*100/DW$25,99) -> 99 | DX28: =IFERROR((LOOKUP(DX$25,$CO28:$CS28,$CT28:$CX28)+IF($CN28="Y",SUMPRODUCT($DE28:$DI28-$DD28:$DH28,DX$25-$CY28:$DC28,N(DX$25>$CY28:$DC28)),DX$25*LOOKUP(DX$25,$CY28:$DC28,$DE28:$DI28))+IF($DL28="Y",$DM28,$DJ28)+DX$25*IF($DL28="Y",$DN28,$DK28))*100/DX$25,99) -> 99 | ... EB28: =IFERROR((LOOKUP(EB$25,$CO28:$CS28,$CT28:$CX28)+IF($CN28="Y",SUMPRODUCT($DE28:$DI28-$DD28:$DH28,EB$25-$CY28:$DC28,N(EB$25>$CY28:$DC28)),EB$25*LOOKUP(EB$25,$CY28:$DC28,$DE28:$DI28))+IF($DL28="Y",$DM28,$DJ28)+EB$25*IF($DL28="Y",$DN28,$DK28))*100/EB$25,99) -> 99 | EC28: =IF($I28>EC$22,EC$25,NA()) -> 0 | ED28: =IF($I28>ED$22,ED$25,NA()) -> 0 | EE28: =IF($I28>EE$22,EE$25,NA()) -> 0 | EF28: =IF($I28>EF$22,EF$25,NA()) -> 0 | EG28: =IF($I28>EG$22,EG$25,NA()) -> 0 | EH28: =IF($I28>EH$22,EH$25,NA()) -> 0 | EI28: =IF($I28>EI$22,EI$25,NA()) -> 0 | EJ28: =IF($I28>EJ$22,EJ$25,NA()) -> 0 | ... EN28: =IF($I28>EN$22,EN$25,NA()) -> 0 | EO28: 0 | EP28: 100 | ER28: =IFERROR((LOOKUP(ER$25,$CO28:$CS28,$CT28:$CX28)+IF($CN28="Y",SUMPRODUCT($DE28:$DI28-$DD28:$DH28,ER$25-$CY28:$DC28,N(ER$25>$CY28:$DC28)),ER$25*LOOKUP(ER$25,$CY28:$DC28,$DE28:$DI28))+IF($DL28="Y",$DM28,$DJ28)+ER$25*IF($DL28="Y",$DN28,$DK28))*100/ER$25,99) -> 99 | ES28: =IFERROR((LOOKUP(ES$25,$CO28:$CS28,$CT28:$CX28)+IF($CN28="Y",SUMPRODUCT($DE28:$DI28-$DD28:$DH28,ES$25-$CY28:$DC28,N(ES$25>$CY28:$DC28)),ES$25*LOOKUP(ES$25,$CY28:$DC28,$DE28:$DI28))+IF($DL28="Y",$DM28,$DJ28)+ES$25*IF($DL28="Y",$DN28,$DK28))*100/ES$25,99) -> 99 | ET28: =IFERROR((LOOKUP(ET$25,$CO28:$CS28,$CT28:$CX28)+IF($CN28="Y",SUMPRODUCT($DE28:$DI28-$DD28:$DH28,ET$25-$CY28:$DC28,N(ET$25>$CY28:$DC28)),ET$25*LOOKUP(ET$25,$CY28:$DC28,$DE28:$DI28))+IF($DL28="Y",$DM28,$DJ28)+ET$25*IF($DL28="Y",$DN28,$DK28))*100/ET$25,99) -> 99 | EU28: =IFERROR((LOOKUP(EU$25,$CO28:$CS28,$CT28:$CX28)+IF($CN28="Y",SUMPRODUCT($DE28:$DI28-$DD28:$DH28,EU$25-$CY28:$DC28,N(EU$25>$CY28:$DC28)),EU$25*LOOKUP(EU$25,$CY28:$DC28,$DE28:$DI28))+IF($DL28="Y",$DM28,$DJ28)+EU$25*IF($DL28="Y",$DN28,$DK28))*100/EU$25,99) -> 99 | EV28: =IFERROR((LOOKUP(EV$25,$CO28:$CS28,$CT28:$CX28)+IF($CN28="Y",SUMPRODUCT($DE28:$DI28-$DD28:$DH28,EV$25-$CY28:$DC28,N(EV$25>$CY28:$DC28)),EV$25*LOOKUP(EV$25,$CY28:$DC28,$DE28:$DI28))+IF($DL28="Y",$DM28,$DJ28)+EV$25*IF($DL28="Y",$DN28,$DK28))*100/EV$25,99) -> 99 | EW28: =IFERROR((LOOKUP(EW$25,$CO28:$CS28,$CT28:$CX28)+IF($CN28="Y",SUMPRODUCT($DE28:$DI28-$DD28:$DH28,EW$25-$CY28:$DC28,N(EW$25>$CY28:$DC28)),EW$25*LOOKUP(EW$25,$CY28:$DC28,$DE28:$DI28))+IF($DL28="Y",$DM28,$DJ28)+EW$25*IF($DL28="Y",$DN28,$DK28))*100/EW$25,99) -> 99 | EX28: =IFERROR((LOOKUP(EX$25,$CO28:$CS28,$CT28:$CX28)+IF($CN28="Y",SUMPRODUCT($DE28:$DI28-$DD28:$DH28,EX$25-$CY28:$DC28,N(EX$25>$CY28:$DC28)),EX$25*LOOKUP(EX$25,$CY28:$DC28,$DE28:$DI28))+IF($DL28="Y",$DM28,$DJ28)+EX$25*IF($DL28="Y",$DN28,$DK28))*100/EX$25,99) -> 99 | EY28: =IFERROR((LOOKUP(EY$25,$CO28:$CS28,$CT28:$CX28)+IF($CN28="Y",SUMPRODUCT($DE28:$DI28-$DD28:$DH28,EY$25-$CY28:$DC28,N(EY$25>$CY28:$DC28)),EY$25*LOOKUP(EY$25,$CY28:$DC28,$DE28:$DI28))+IF($DL28="Y",$DM28,$DJ28)+EY$25*IF($DL28="Y",$DN28,$DK28))*100/EY$25,99) -> 99 | ... GK28: =IFERROR((LOOKUP(GK$25,$CO28:$CS28,$CT28:$CX28)+IF($CN28="Y",SUMPRODUCT($DE28:$DI28-$DD28:$DH28,GK$25-$CY28:$DC28,N(GK$25>$CY28:$DC28)),GK$25*LOOKUP(GK$25,$CY28:$DC28,$DE28:$DI28))+IF($DL28="Y",$DM28,$DJ28)+GK$25*IF($DL28="Y",$DN28,$DK28))*100/GK$25,99) -> 99
A29: =IF(More_Plans,A28+1,"") | B29: =IF(More_Plans,IF(Locked,IF(Selected_Plan,$BZ29,$BV29),IFERROR(PROPER(INDEX(Database!$G$8:$G$360,$BQ29)),"")),"") | G29: =IF(Locked,"",IFERROR(HYPERLINK(INDEX(Database!$Y$8:$Y$360,$BQ29),"EFL"),"")) | H29: =IF(Locked,"",IFERROR(HYPERLINK(INDEX(Database!$U$8:$U$360,$BQ29),"TOS"),"")) | I29: =IFERROR(INDEX(Database!$Q$8:$Q$360,$BQ29),"") | K29: =IFERROR(IF(All_In,INDEX(Database!$BQ$8:$BQ$360,$BQ29),INDEX(Database!$BR$8:$BR$360,$BQ29)),"") | L29: =IFERROR(INDEX(Database!$BO$8:$BO$360,$BQ29),"") | M29: =IFERROR(INDEX(Database!$CX$8:$CX$360,$BQ29),"") | N29: =IFERROR(INDEX(Database!$BH$8:$BH$360,$BQ29),"") | P29: =IFERROR(INDEX(Database!$P$8:$P$360,$BQ29),"") | Q29: =IFERROR(INDEX(Database!$CR$8:$CR$360,$BQ29),"") | R29: =IFERROR(INDEX(Database!$AC$8:$AC$360,$BQ29),"") | S29: {=IF(More_Plans,IF(Locked,$CD29,IF(ISNUMBER($BT29),INDEX(REP_Info!$E$6:$E$250,$BT29),"")),"")} | U29: =IF(More_Plans,IF(ISNUMBER($BT29),YEAR(INDEX(REP_Info!$J$6:$J$250,$BT29)),""),"") | V29: =IF(More_Plans,IF(ISNUMBER($BT29),ROUND(INDEX(REP_Info!$G$6:$G$250,$BT29)/1000,0)&"k",""),"") | W29: =IFERROR(INDEX(Database!$BJ$8:$BJ$360,$BQ29),"") | Y29: =IFERROR(IF(ISBLANK(INDEX(TOS!$F$6:$AP$213,$BS29,Y$42)),"",INDEX(TOS!$F$6:$AP$213,$BS29,Y$42)),"") | Z29: =IFERROR(IF(ISBLANK(INDEX(TOS!$F$6:$AP$213,$BS29,Z$42)),"",INDEX(TOS!$F$6:$AP$213,$BS29,Z$42)),"") | AA29: =IFERROR(IF(ISBLANK(INDEX(TOS!$F$6:$AP$213,$BS29,AA$42)),"",INDEX(TOS!$F$6:$AP$213,$BS29,AA$42)),"") | AB29: =IFERROR(IF(ISBLANK(INDEX(TOS!$F$6:$AP$213,$BS29,AB$42)),"",INDEX(TOS!$F$6:$AP$213,$BS29,AB$42)),"") | AC29: =IFERROR(IF(ISBLANK(INDEX(TOS!$F$6:$AP$213,$BS29,AC$42)),"",INDEX(TOS!$F$6:$AP$213,$BS29,AC$42)),"") | AD29: =IFERROR(IF(ISBLANK(INDEX(TOS!$F$6:$AP$213,$BS29,AD$42)),"",INDEX(TOS!$F$6:$AP$213,$BS29,AD$42)),"") | AE29: =IFERROR(IF(ISBLANK(INDEX(TOS!$F$6:$AP$213,$BS29,AE$42)),"",INDEX(TOS!$F$6:$AP$213,$BS29,AE$42)),"") | AF29: =IFERROR(IF(ISBLANK(INDEX(TOS!$F$6:$AP$213,$BS29,AF$42)),"",INDEX(TOS!$F$6:$AP$213,$BS29,AF$42)),"") | ... BC29: =IFERROR(IF(ISBLANK(INDEX(TOS!$F$6:$AP$213,$BS29,BC$42)),"",INDEX(TOS!$F$6:$AP$213,$BS29,BC$42)),"") | BE29: Database row of PTC-suggested plan | BF29: =MATCH(1,Database!$CE$8:$CE$360,0) -> #N/A | BG29: Opt'l trend | BH29: =IF(Trends!J16="",REPT("█",4),"") -> ████ | BJ29: =IF(AND(TDU_IDd, Months_Entered=0),BJ30,IF(ISBLANK(ZIP_Code),"Step ①: DOUBLE-tap the yellow box, type your ZIP Code, and press Enter.",IF(ISNA(ZIPCodes!A6),"Sorry, ZIP Code not found.",IF(ZIPCodes!J7=0,"Sorry, this area doesn't offer retail choice",IF(ISNA(MATCH(TDU,$CM$10:$CM$12,0)),"Select your TDU area ↓",IF(TDU="Entergy","Sorry, this TDU doesn't offer retail choice",IF(NOT(OR(TDU="Centerpoint",TDU="Oncor")),"Sorry, we don't cover this TDU area yet. If another utility serves you, select it below.",""))))))) -> Step ①: DOUBLE-tap the yellow box, type your ZIP Code, and press Enter. | BQ29: =IF(More_Plans,MATCH($A29,Database!$CG$8:$CG$360,0),NA()) -> #N/A | BR29: =Locked*IFERROR((($K29-INDEX(Trends!$AA$5:$AA$8,MATCH($I29,{24,12,6,3},-1)))<BR$25),0) -> 0 | BS29: =MATCH(SUBSTITUTE(INDEX(Database!$U$8:$U$360,$BQ29),"~","~~"),TOS!$C$6:$C$213,0) -> #N/A | BT29: =MATCH(INDEX(Database!$F$8:$F$360,$BQ29),REP_Info!$D$6:$D$250,0) -> #N/A | BU29: =IFERROR(INDEX(Database!$CV$8:$CV$360,$BQ29),"") | BV29: to compare plans. | BZ29: ="" | CD29: ="" | CN29: =INDEX(Database!$AG$8:$BG$360,$BQ29,CN$22) -> #N/A | CO29: =IF(ISBLANK(INDEX(Database!$AG$8:$BG$360,$BQ29,CO$22)),"",INDEX(Database!$AG$8:$BG$360,$BQ29,CO$22)) -> #N/A | CP29: =IF(ISBLANK(INDEX(Database!$AG$8:$BG$360,$BQ29,CP$22)),"",INDEX(Database!$AG$8:$BG$360,$BQ29,CP$22)) -> #N/A | CQ29: =IF(ISBLANK(INDEX(Database!$AG$8:$BG$360,$BQ29,CQ$22)),"",INDEX(Database!$AG$8:$BG$360,$BQ29,CQ$22)) -> #N/A | CR29: =IF(ISBLANK(INDEX(Database!$AG$8:$BG$360,$BQ29,CR$22)),"",INDEX(Database!$AG$8:$BG$360,$BQ29,CR$22)) -> #N/A | CS29: =IF(ISBLANK(INDEX(Database!$AG$8:$BG$360,$BQ29,CS$22)),"",INDEX(Database!$AG$8:$BG$360,$BQ29,CS$22)) -> #N/A | CT29: =IF(ISBLANK(INDEX(Database!$AG$8:$BG$360,$BQ29,CT$22)),"",INDEX(Database!$AG$8:$BG$360,$BQ29,CT$22)) -> #N/A | CU29: =IF(ISBLANK(INDEX(Database!$AG$8:$BG$360,$BQ29,CU$22)),"",INDEX(Database!$AG$8:$BG$360,$BQ29,CU$22)) -> #N/A | CV29: =IF(ISBLANK(INDEX(Database!$AG$8:$BG$360,$BQ29,CV$22)),"",INDEX(Database!$AG$8:$BG$360,$BQ29,CV$22)) -> #N/A | ... CX29: =IF(ISBLANK(INDEX(Database!$AG$8:$BG$360,$BQ29,CX$22)),"",INDEX(Database!$AG$8:$BG$360,$BQ29,CX$22)) -> #N/A | CY29: =INDEX(Database!$AG$8:$BG$360,$BQ29,CY$22) -> #N/A | CZ29: =INDEX(Database!$AG$8:$BG$360,$BQ29,CZ$22) -> #N/A | DA29: =INDEX(Database!$AG$8:$BG$360,$BQ29,DA$22) -> #N/A | DB29: =INDEX(Database!$AG$8:$BG$360,$BQ29,DB$22) -> #N/A | DC29: =INDEX(Database!$AG$8:$BG$360,$BQ29,DC$22) -> #N/A | DD29: =INDEX(Database!$AG$8:$BG$360,$BQ29,DD$22) -> #N/A | DE29: =INDEX(Database!$AG$8:$BG$360,$BQ29,DE$22) -> #N/A | DF29: =INDEX(Database!$AG$8:$BG$360,$BQ29,DF$22) -> #N/A | ... DN29: =INDEX(Database!$AG$8:$BG$360,$BQ29,DN$22) -> #N/A | DQ29: =IFERROR((LOOKUP(DQ$25,$CO29:$CS29,$CT29:$CX29)+IF($CN29="Y",SUMPRODUCT($DE29:$DI29-$DD29:$DH29,DQ$25-$CY29:$DC29,N(DQ$25>$CY29:$DC29)),DQ$25*LOOKUP(DQ$25,$CY29:$DC29,$DE29:$DI29))+IF($DL29="Y",$DM29,$DJ29)+DQ$25*IF($DL29="Y",$DN29,$DK29))*100/DQ$25,99) -> 99 | DR29: =IFERROR((LOOKUP(DR$25,$CO29:$CS29,$CT29:$CX29)+IF($CN29="Y",SUMPRODUCT($DE29:$DI29-$DD29:$DH29,DR$25-$CY29:$DC29,N(DR$25>$CY29:$DC29)),DR$25*LOOKUP(DR$25,$CY29:$DC29,$DE29:$DI29))+IF($DL29="Y",$DM29,$DJ29)+DR$25*IF($DL29="Y",$DN29,$DK29))*100/DR$25,99) -> 99 | DS29: =IFERROR((LOOKUP(DS$25,$CO29:$CS29,$CT29:$CX29)+IF($CN29="Y",SUMPRODUCT($DE29:$DI29-$DD29:$DH29,DS$25-$CY29:$DC29,N(DS$25>$CY29:$DC29)),DS$25*LOOKUP(DS$25,$CY29:$DC29,$DE29:$DI29))+IF($DL29="Y",$DM29,$DJ29)+DS$25*IF($DL29="Y",$DN29,$DK29))*100/DS$25,99) -> 99 | DT29: =IFERROR((LOOKUP(DT$25,$CO29:$CS29,$CT29:$CX29)+IF($CN29="Y",SUMPRODUCT($DE29:$DI29-$DD29:$DH29,DT$25-$CY29:$DC29,N(DT$25>$CY29:$DC29)),DT$25*LOOKUP(DT$25,$CY29:$DC29,$DE29:$DI29))+IF($DL29="Y",$DM29,$DJ29)+DT$25*IF($DL29="Y",$DN29,$DK29))*100/DT$25,99) -> 99 | DU29: =IFERROR((LOOKUP(DU$25,$CO29:$CS29,$CT29:$CX29)+IF($CN29="Y",SUMPRODUCT($DE29:$DI29-$DD29:$DH29,DU$25-$CY29:$DC29,N(DU$25>$CY29:$DC29)),DU$25*LOOKUP(DU$25,$CY29:$DC29,$DE29:$DI29))+IF($DL29="Y",$DM29,$DJ29)+DU$25*IF($DL29="Y",$DN29,$DK29))*100/DU$25,99) -> 99 | DV29: =IFERROR((LOOKUP(DV$25,$CO29:$CS29,$CT29:$CX29)+IF($CN29="Y",SUMPRODUCT($DE29:$DI29-$DD29:$DH29,DV$25-$CY29:$DC29,N(DV$25>$CY29:$DC29)),DV$25*LOOKUP(DV$25,$CY29:$DC29,$DE29:$DI29))+IF($DL29="Y",$DM29,$DJ29)+DV$25*IF($DL29="Y",$DN29,$DK29))*100/DV$25,99) -> 99 | DW29: =IFERROR((LOOKUP(DW$25,$CO29:$CS29,$CT29:$CX29)+IF($CN29="Y",SUMPRODUCT($DE29:$DI29-$DD29:$DH29,DW$25-$CY29:$DC29,N(DW$25>$CY29:$DC29)),DW$25*LOOKUP(DW$25,$CY29:$DC29,$DE29:$DI29))+IF($DL29="Y",$DM29,$DJ29)+DW$25*IF($DL29="Y",$DN29,$DK29))*100/DW$25,99) -> 99 | DX29: =IFERROR((LOOKUP(DX$25,$CO29:$CS29,$CT29:$CX29)+IF($CN29="Y",SUMPRODUCT($DE29:$DI29-$DD29:$DH29,DX$25-$CY29:$DC29,N(DX$25>$CY29:$DC29)),DX$25*LOOKUP(DX$25,$CY29:$DC29,$DE29:$DI29))+IF($DL29="Y",$DM29,$DJ29)+DX$25*IF($DL29="Y",$DN29,$DK29))*100/DX$25,99) -> 99 | ... EB29: =IFERROR((LOOKUP(EB$25,$CO29:$CS29,$CT29:$CX29)+IF($CN29="Y",SUMPRODUCT($DE29:$DI29-$DD29:$DH29,EB$25-$CY29:$DC29,N(EB$25>$CY29:$DC29)),EB$25*LOOKUP(EB$25,$CY29:$DC29,$DE29:$DI29))+IF($DL29="Y",$DM29,$DJ29)+EB$25*IF($DL29="Y",$DN29,$DK29))*100/EB$25,99) -> 99 | EC29: =IF($I29>EC$22,EC$25,NA()) -> 0 | ED29: =IF($I29>ED$22,ED$25,NA()) -> 0 | EE29: =IF($I29>EE$22,EE$25,NA()) -> 0 | EF29: =IF($I29>EF$22,EF$25,NA()) -> 0 | EG29: =IF($I29>EG$22,EG$25,NA()) -> 0 | EH29: =IF($I29>EH$22,EH$25,NA()) -> 0 | EI29: =IF($I29>EI$22,EI$25,NA()) -> 0 | EJ29: =IF($I29>EJ$22,EJ$25,NA()) -> 0 | ... EN29: =IF($I29>EN$22,EN$25,NA()) -> 0 | EO29: 0 | EP29: 100 | ER29: =IFERROR((LOOKUP(ER$25,$CO29:$CS29,$CT29:$CX29)+IF($CN29="Y",SUMPRODUCT($DE29:$DI29-$DD29:$DH29,ER$25-$CY29:$DC29,N(ER$25>$CY29:$DC29)),ER$25*LOOKUP(ER$25,$CY29:$DC29,$DE29:$DI29))+IF($DL29="Y",$DM29,$DJ29)+ER$25*IF($DL29="Y",$DN29,$DK29))*100/ER$25,99) -> 99 | ES29: =IFERROR((LOOKUP(ES$25,$CO29:$CS29,$CT29:$CX29)+IF($CN29="Y",SUMPRODUCT($DE29:$DI29-$DD29:$DH29,ES$25-$CY29:$DC29,N(ES$25>$CY29:$DC29)),ES$25*LOOKUP(ES$25,$CY29:$DC29,$DE29:$DI29))+IF($DL29="Y",$DM29,$DJ29)+ES$25*IF($DL29="Y",$DN29,$DK29))*100/ES$25,99) -> 99 | ET29: =IFERROR((LOOKUP(ET$25,$CO29:$CS29,$CT29:$CX29)+IF($CN29="Y",SUMPRODUCT($DE29:$DI29-$DD29:$DH29,ET$25-$CY29:$DC29,N(ET$25>$CY29:$DC29)),ET$25*LOOKUP(ET$25,$CY29:$DC29,$DE29:$DI29))+IF($DL29="Y",$DM29,$DJ29)+ET$25*IF($DL29="Y",$DN29,$DK29))*100/ET$25,99) -> 99 | EU29: =IFERROR((LOOKUP(EU$25,$CO29:$CS29,$CT29:$CX29)+IF($CN29="Y",SUMPRODUCT($DE29:$DI29-$DD29:$DH29,EU$25-$CY29:$DC29,N(EU$25>$CY29:$DC29)),EU$25*LOOKUP(EU$25,$CY29:$DC29,$DE29:$DI29))+IF($DL29="Y",$DM29,$DJ29)+EU$25*IF($DL29="Y",$DN29,$DK29))*100/EU$25,99) -> 99 | EV29: =IFERROR((LOOKUP(EV$25,$CO29:$CS29,$CT29:$CX29)+IF($CN29="Y",SUMPRODUCT($DE29:$DI29-$DD29:$DH29,EV$25-$CY29:$DC29,N(EV$25>$CY29:$DC29)),EV$25*LOOKUP(EV$25,$CY29:$DC29,$DE29:$DI29))+IF($DL29="Y",$DM29,$DJ29)+EV$25*IF($DL29="Y",$DN29,$DK29))*100/EV$25,99) -> 99 | EW29: =IFERROR((LOOKUP(EW$25,$CO29:$CS29,$CT29:$CX29)+IF($CN29="Y",SUMPRODUCT($DE29:$DI29-$DD29:$DH29,EW$25-$CY29:$DC29,N(EW$25>$CY29:$DC29)),EW$25*LOOKUP(EW$25,$CY29:$DC29,$DE29:$DI29))+IF($DL29="Y",$DM29,$DJ29)+EW$25*IF($DL29="Y",$DN29,$DK29))*100/EW$25,99) -> 99 | EX29: =IFERROR((LOOKUP(EX$25,$CO29:$CS29,$CT29:$CX29)+IF($CN29="Y",SUMPRODUCT($DE29:$DI29-$DD29:$DH29,EX$25-$CY29:$DC29,N(EX$25>$CY29:$DC29)),EX$25*LOOKUP(EX$25,$CY29:$DC29,$DE29:$DI29))+IF($DL29="Y",$DM29,$DJ29)+EX$25*IF($DL29="Y",$DN29,$DK29))*100/EX$25,99) -> 99 | EY29: =IFERROR((LOOKUP(EY$25,$CO29:$CS29,$CT29:$CX29)+IF($CN29="Y",SUMPRODUCT($DE29:$DI29-$DD29:$DH29,EY$25-$CY29:$DC29,N(EY$25>$CY29:$DC29)),EY$25*LOOKUP(EY$25,$CY29:$DC29,$DE29:$DI29))+IF($DL29="Y",$DM29,$DJ29)+EY$25*IF($DL29="Y",$DN29,$DK29))*100/EY$25,99) -> 99 | ... GK29: =IFERROR((LOOKUP(GK$25,$CO29:$CS29,$CT29:$CX29)+IF($CN29="Y",SUMPRODUCT($DE29:$DI29-$DD29:$DH29,GK$25-$CY29:$DC29,N(GK$25>$CY29:$DC29)),GK$25*LOOKUP(GK$25,$CY29:$DC29,$DE29:$DI29))+IF($DL29="Y",$DM29,$DJ29)+GK$25*IF($DL29="Y",$DN29,$DK29))*100/GK$25,99) -> 99
A30: =IF(More_Plans,A29+1,"") | B30: =IF(More_Plans,IF(Locked,IF(Selected_Plan,$BZ30,$BV30),IFERROR(PROPER(INDEX(Database!$G$8:$G$360,$BQ30)),"")),"") | G30: =IF(Locked,"",IFERROR(HYPERLINK(INDEX(Database!$Y$8:$Y$360,$BQ30),"EFL"),"")) | H30: =IF(Locked,"",IFERROR(HYPERLINK(INDEX(Database!$U$8:$U$360,$BQ30),"TOS"),"")) | I30: =IFERROR(INDEX(Database!$Q$8:$Q$360,$BQ30),"") | K30: =IFERROR(IF(All_In,INDEX(Database!$BQ$8:$BQ$360,$BQ30),INDEX(Database!$BR$8:$BR$360,$BQ30)),"") | L30: =IFERROR(INDEX(Database!$BO$8:$BO$360,$BQ30),"") | M30: =IFERROR(INDEX(Database!$CX$8:$CX$360,$BQ30),"") | N30: =IFERROR(INDEX(Database!$BH$8:$BH$360,$BQ30),"") | P30: =IFERROR(INDEX(Database!$P$8:$P$360,$BQ30),"") | Q30: =IFERROR(INDEX(Database!$CR$8:$CR$360,$BQ30),"") | R30: =IFERROR(INDEX(Database!$AC$8:$AC$360,$BQ30),"") | S30: {=IF(More_Plans,IF(Locked,$CD30,IF(ISNUMBER($BT30),INDEX(REP_Info!$E$6:$E$250,$BT30),"")),"")} | U30: =IF(More_Plans,IF(ISNUMBER($BT30),YEAR(INDEX(REP_Info!$J$6:$J$250,$BT30)),""),"") | V30: =IF(More_Plans,IF(ISNUMBER($BT30),ROUND(INDEX(REP_Info!$G$6:$G$250,$BT30)/1000,0)&"k",""),"") | W30: =IFERROR(INDEX(Database!$BJ$8:$BJ$360,$BQ30),"") | Y30: =IFERROR(IF(ISBLANK(INDEX(TOS!$F$6:$AP$213,$BS30,Y$42)),"",INDEX(TOS!$F$6:$AP$213,$BS30,Y$42)),"") | Z30: =IFERROR(IF(ISBLANK(INDEX(TOS!$F$6:$AP$213,$BS30,Z$42)),"",INDEX(TOS!$F$6:$AP$213,$BS30,Z$42)),"") | AA30: =IFERROR(IF(ISBLANK(INDEX(TOS!$F$6:$AP$213,$BS30,AA$42)),"",INDEX(TOS!$F$6:$AP$213,$BS30,AA$42)),"") | AB30: =IFERROR(IF(ISBLANK(INDEX(TOS!$F$6:$AP$213,$BS30,AB$42)),"",INDEX(TOS!$F$6:$AP$213,$BS30,AB$42)),"") | AC30: =IFERROR(IF(ISBLANK(INDEX(TOS!$F$6:$AP$213,$BS30,AC$42)),"",INDEX(TOS!$F$6:$AP$213,$BS30,AC$42)),"") | AD30: =IFERROR(IF(ISBLANK(INDEX(TOS!$F$6:$AP$213,$BS30,AD$42)),"",INDEX(TOS!$F$6:$AP$213,$BS30,AD$42)),"") | AE30: =IFERROR(IF(ISBLANK(INDEX(TOS!$F$6:$AP$213,$BS30,AE$42)),"",INDEX(TOS!$F$6:$AP$213,$BS30,AE$42)),"") | AF30: =IFERROR(IF(ISBLANK(INDEX(TOS!$F$6:$AP$213,$BS30,AF$42)),"",INDEX(TOS!$F$6:$AP$213,$BS30,AF$42)),"") | ... BC30: =IFERROR(IF(ISBLANK(INDEX(TOS!$F$6:$AP$213,$BS30,BC$42)),"",INDEX(TOS!$F$6:$AP$213,$BS30,BC$42)),"") | BE30: Rank of PTC-suggested plan | BF30: =INDEX(Database!CG$8:CG$360,$BF29) -> #N/A | BG30: Computed | BH30: =IF(ISNA(Trends!$H$5),REPT("█",4),"") -> ████ | BJ30: ← Double-tap a yellow box to enter that month's electricity usage (in kWh, not $) from past bills. For best results, enter as many as you know. We'll estimate the rest. Moving or don't know your usage? Enter '999' for February to see usage-independent rates. | BQ30: =IF(More_Plans,MATCH($A30,Database!$CG$8:$CG$360,0),NA()) -> #N/A | BR30: =Locked*IFERROR((($K30-INDEX(Trends!$AA$5:$AA$8,MATCH($I30,{24,12,6,3},-1)))<BR$25),0) -> 0 | BS30: =MATCH(SUBSTITUTE(INDEX(Database!$U$8:$U$360,$BQ30),"~","~~"),TOS!$C$6:$C$213,0) -> #N/A | BT30: =MATCH(INDEX(Database!$F$8:$F$360,$BQ30),REP_Info!$D$6:$D$250,0) -> #N/A | BU30: =IFERROR(INDEX(Database!$CV$8:$CV$360,$BQ30),"") | BV30: ="" | BZ30: ="" | CD30: ="" | CN30: =INDEX(Database!$AG$8:$BG$360,$BQ30,CN$22) -> #N/A | CO30: =IF(ISBLANK(INDEX(Database!$AG$8:$BG$360,$BQ30,CO$22)),"",INDEX(Database!$AG$8:$BG$360,$BQ30,CO$22)) -> #N/A | CP30: =IF(ISBLANK(INDEX(Database!$AG$8:$BG$360,$BQ30,CP$22)),"",INDEX(Database!$AG$8:$BG$360,$BQ30,CP$22)) -> #N/A | CQ30: =IF(ISBLANK(INDEX(Database!$AG$8:$BG$360,$BQ30,CQ$22)),"",INDEX(Database!$AG$8:$BG$360,$BQ30,CQ$22)) -> #N/A | CR30: =IF(ISBLANK(INDEX(Database!$AG$8:$BG$360,$BQ30,CR$22)),"",INDEX(Database!$AG$8:$BG$360,$BQ30,CR$22)) -> #N/A | CS30: =IF(ISBLANK(INDEX(Database!$AG$8:$BG$360,$BQ30,CS$22)),"",INDEX(Database!$AG$8:$BG$360,$BQ30,CS$22)) -> #N/A | CT30: =IF(ISBLANK(INDEX(Database!$AG$8:$BG$360,$BQ30,CT$22)),"",INDEX(Database!$AG$8:$BG$360,$BQ30,CT$22)) -> #N/A | CU30: =IF(ISBLANK(INDEX(Database!$AG$8:$BG$360,$BQ30,CU$22)),"",INDEX(Database!$AG$8:$BG$360,$BQ30,CU$22)) -> #N/A | CV30: =IF(ISBLANK(INDEX(Database!$AG$8:$BG$360,$BQ30,CV$22)),"",INDEX(Database!$AG$8:$BG$360,$BQ30,CV$22)) -> #N/A | ... CX30: =IF(ISBLANK(INDEX(Database!$AG$8:$BG$360,$BQ30,CX$22)),"",INDEX(Database!$AG$8:$BG$360,$BQ30,CX$22)) -> #N/A | CY30: =INDEX(Database!$AG$8:$BG$360,$BQ30,CY$22) -> #N/A | CZ30: =INDEX(Database!$AG$8:$BG$360,$BQ30,CZ$22) -> #N/A | DA30: =INDEX(Database!$AG$8:$BG$360,$BQ30,DA$22) -> #N/A | DB30: =INDEX(Database!$AG$8:$BG$360,$BQ30,DB$22) -> #N/A | DC30: =INDEX(Database!$AG$8:$BG$360,$BQ30,DC$22) -> #N/A | DD30: =INDEX(Database!$AG$8:$BG$360,$BQ30,DD$22) -> #N/A | DE30: =INDEX(Database!$AG$8:$BG$360,$BQ30,DE$22) -> #N/A | DF30: =INDEX(Database!$AG$8:$BG$360,$BQ30,DF$22) -> #N/A | ... DN30: =INDEX(Database!$AG$8:$BG$360,$BQ30,DN$22) -> #N/A | DQ30: =IFERROR((LOOKUP(DQ$25,$CO30:$CS30,$CT30:$CX30)+IF($CN30="Y",SUMPRODUCT($DE30:$DI30-$DD30:$DH30,DQ$25-$CY30:$DC30,N(DQ$25>$CY30:$DC30)),DQ$25*LOOKUP(DQ$25,$CY30:$DC30,$DE30:$DI30))+IF($DL30="Y",$DM30,$DJ30)+DQ$25*IF($DL30="Y",$DN30,$DK30))*100/DQ$25,99) -> 99 | DR30: =IFERROR((LOOKUP(DR$25,$CO30:$CS30,$CT30:$CX30)+IF($CN30="Y",SUMPRODUCT($DE30:$DI30-$DD30:$DH30,DR$25-$CY30:$DC30,N(DR$25>$CY30:$DC30)),DR$25*LOOKUP(DR$25,$CY30:$DC30,$DE30:$DI30))+IF($DL30="Y",$DM30,$DJ30)+DR$25*IF($DL30="Y",$DN30,$DK30))*100/DR$25,99) -> 99 | DS30: =IFERROR((LOOKUP(DS$25,$CO30:$CS30,$CT30:$CX30)+IF($CN30="Y",SUMPRODUCT($DE30:$DI30-$DD30:$DH30,DS$25-$CY30:$DC30,N(DS$25>$CY30:$DC30)),DS$25*LOOKUP(DS$25,$CY30:$DC30,$DE30:$DI30))+IF($DL30="Y",$DM30,$DJ30)+DS$25*IF($DL30="Y",$DN30,$DK30))*100/DS$25,99) -> 99 | DT30: =IFERROR((LOOKUP(DT$25,$CO30:$CS30,$CT30:$CX30)+IF($CN30="Y",SUMPRODUCT($DE30:$DI30-$DD30:$DH30,DT$25-$CY30:$DC30,N(DT$25>$CY30:$DC30)),DT$25*LOOKUP(DT$25,$CY30:$DC30,$DE30:$DI30))+IF($DL30="Y",$DM30,$DJ30)+DT$25*IF($DL30="Y",$DN30,$DK30))*100/DT$25,99) -> 99 | DU30: =IFERROR((LOOKUP(DU$25,$CO30:$CS30,$CT30:$CX30)+IF($CN30="Y",SUMPRODUCT($DE30:$DI30-$DD30:$DH30,DU$25-$CY30:$DC30,N(DU$25>$CY30:$DC30)),DU$25*LOOKUP(DU$25,$CY30:$DC30,$DE30:$DI30))+IF($DL30="Y",$DM30,$DJ30)+DU$25*IF($DL30="Y",$DN30,$DK30))*100/DU$25,99) -> 99 | DV30: =IFERROR((LOOKUP(DV$25,$CO30:$CS30,$CT30:$CX30)+IF($CN30="Y",SUMPRODUCT($DE30:$DI30-$DD30:$DH30,DV$25-$CY30:$DC30,N(DV$25>$CY30:$DC30)),DV$25*LOOKUP(DV$25,$CY30:$DC30,$DE30:$DI30))+IF($DL30="Y",$DM30,$DJ30)+DV$25*IF($DL30="Y",$DN30,$DK30))*100/DV$25,99) -> 99 | DW30: =IFERROR((LOOKUP(DW$25,$CO30:$CS30,$CT30:$CX30)+IF($CN30="Y",SUMPRODUCT($DE30:$DI30-$DD30:$DH30,DW$25-$CY30:$DC30,N(DW$25>$CY30:$DC30)),DW$25*LOOKUP(DW$25,$CY30:$DC30,$DE30:$DI30))+IF($DL30="Y",$DM30,$DJ30)+DW$25*IF($DL30="Y",$DN30,$DK30))*100/DW$25,99) -> 99 | DX30: =IFERROR((LOOKUP(DX$25,$CO30:$CS30,$CT30:$CX30)+IF($CN30="Y",SUMPRODUCT($DE30:$DI30-$DD30:$DH30,DX$25-$CY30:$DC30,N(DX$25>$CY30:$DC30)),DX$25*LOOKUP(DX$25,$CY30:$DC30,$DE30:$DI30))+IF($DL30="Y",$DM30,$DJ30)+DX$25*IF($DL30="Y",$DN30,$DK30))*100/DX$25,99) -> 99 | ... EB30: =IFERROR((LOOKUP(EB$25,$CO30:$CS30,$CT30:$CX30)+IF($CN30="Y",SUMPRODUCT($DE30:$DI30-$DD30:$DH30,EB$25-$CY30:$DC30,N(EB$25>$CY30:$DC30)),EB$25*LOOKUP(EB$25,$CY30:$DC30,$DE30:$DI30))+IF($DL30="Y",$DM30,$DJ30)+EB$25*IF($DL30="Y",$DN30,$DK30))*100/EB$25,99) -> 99 | EC30: =IF($I30>EC$22,EC$25,NA()) -> 0 | ED30: =IF($I30>ED$22,ED$25,NA()) -> 0 | EE30: =IF($I30>EE$22,EE$25,NA()) -> 0 | EF30: =IF($I30>EF$22,EF$25,NA()) -> 0 | EG30: =IF($I30>EG$22,EG$25,NA()) -> 0 | EH30: =IF($I30>EH$22,EH$25,NA()) -> 0 | EI30: =IF($I30>EI$22,EI$25,NA()) -> 0 | EJ30: =IF($I30>EJ$22,EJ$25,NA()) -> 0 | ... EN30: =IF($I30>EN$22,EN$25,NA()) -> 0 | EO30: 0 | EP30: 100 | ER30: =IFERROR((LOOKUP(ER$25,$CO30:$CS30,$CT30:$CX30)+IF($CN30="Y",SUMPRODUCT($DE30:$DI30-$DD30:$DH30,ER$25-$CY30:$DC30,N(ER$25>$CY30:$DC30)),ER$25*LOOKUP(ER$25,$CY30:$DC30,$DE30:$DI30))+IF($DL30="Y",$DM30,$DJ30)+ER$25*IF($DL30="Y",$DN30,$DK30))*100/ER$25,99) -> 99 | ES30: =IFERROR((LOOKUP(ES$25,$CO30:$CS30,$CT30:$CX30)+IF($CN30="Y",SUMPRODUCT($DE30:$DI30-$DD30:$DH30,ES$25-$CY30:$DC30,N(ES$25>$CY30:$DC30)),ES$25*LOOKUP(ES$25,$CY30:$DC30,$DE30:$DI30))+IF($DL30="Y",$DM30,$DJ30)+ES$25*IF($DL30="Y",$DN30,$DK30))*100/ES$25,99) -> 99 | ET30: =IFERROR((LOOKUP(ET$25,$CO30:$CS30,$CT30:$CX30)+IF($CN30="Y",SUMPRODUCT($DE30:$DI30-$DD30:$DH30,ET$25-$CY30:$DC30,N(ET$25>$CY30:$DC30)),ET$25*LOOKUP(ET$25,$CY30:$DC30,$DE30:$DI30))+IF($DL30="Y",$DM30,$DJ30)+ET$25*IF($DL30="Y",$DN30,$DK30))*100/ET$25,99) -> 99 | EU30: =IFERROR((LOOKUP(EU$25,$CO30:$CS30,$CT30:$CX30)+IF($CN30="Y",SUMPRODUCT($DE30:$DI30-$DD30:$DH30,EU$25-$CY30:$DC30,N(EU$25>$CY30:$DC30)),EU$25*LOOKUP(EU$25,$CY30:$DC30,$DE30:$DI30))+IF($DL30="Y",$DM30,$DJ30)+EU$25*IF($DL30="Y",$DN30,$DK30))*100/EU$25,99) -> 99 | EV30: =IFERROR((LOOKUP(EV$25,$CO30:$CS30,$CT30:$CX30)+IF($CN30="Y",SUMPRODUCT($DE30:$DI30-$DD30:$DH30,EV$25-$CY30:$DC30,N(EV$25>$CY30:$DC30)),EV$25*LOOKUP(EV$25,$CY30:$DC30,$DE30:$DI30))+IF($DL30="Y",$DM30,$DJ30)+EV$25*IF($DL30="Y",$DN30,$DK30))*100/EV$25,99) -> 99 | EW30: =IFERROR((LOOKUP(EW$25,$CO30:$CS30,$CT30:$CX30)+IF($CN30="Y",SUMPRODUCT($DE30:$DI30-$DD30:$DH30,EW$25-$CY30:$DC30,N(EW$25>$CY30:$DC30)),EW$25*LOOKUP(EW$25,$CY30:$DC30,$DE30:$DI30))+IF($DL30="Y",$DM30,$DJ30)+EW$25*IF($DL30="Y",$DN30,$DK30))*100/EW$25,99) -> 99 | EX30: =IFERROR((LOOKUP(EX$25,$CO30:$CS30,$CT30:$CX30)+IF($CN30="Y",SUMPRODUCT($DE30:$DI30-$DD30:$DH30,EX$25-$CY30:$DC30,N(EX$25>$CY30:$DC30)),EX$25*LOOKUP(EX$25,$CY30:$DC30,$DE30:$DI30))+IF($DL30="Y",$DM30,$DJ30)+EX$25*IF($DL30="Y",$DN30,$DK30))*100/EX$25,99) -> 99 | EY30: =IFERROR((LOOKUP(EY$25,$CO30:$CS30,$CT30:$CX30)+IF($CN30="Y",SUMPRODUCT($DE30:$DI30-$DD30:$DH30,EY$25-$CY30:$DC30,N(EY$25>$CY30:$DC30)),EY$25*LOOKUP(EY$25,$CY30:$DC30,$DE30:$DI30))+IF($DL30="Y",$DM30,$DJ30)+EY$25*IF($DL30="Y",$DN30,$DK30))*100/EY$25,99) -> 99 | ... GK30: =IFERROR((LOOKUP(GK$25,$CO30:$CS30,$CT30:$CX30)+IF($CN30="Y",SUMPRODUCT($DE30:$DI30-$DD30:$DH30,GK$25-$CY30:$DC30,N(GK$25>$CY30:$DC30)),GK$25*LOOKUP(GK$25,$CY30:$DC30,$DE30:$DI30))+IF($DL30="Y",$DM30,$DJ30)+GK$25*IF($DL30="Y",$DN30,$DK30))*100/GK$25,99) -> 99
A31: =IF(More_Plans,A30+1,"") | B31: =IF(More_Plans,IF(Locked,IF(Selected_Plan,$BZ31,$BV31),IFERROR(PROPER(INDEX(Database!$G$8:$G$360,$BQ31)),"")),"") | G31: =IF(Locked,"",IFERROR(HYPERLINK(INDEX(Database!$Y$8:$Y$360,$BQ31),"EFL"),"")) | H31: =IF(Locked,"",IFERROR(HYPERLINK(INDEX(Database!$U$8:$U$360,$BQ31),"TOS"),"")) | I31: =IFERROR(INDEX(Database!$Q$8:$Q$360,$BQ31),"") | K31: =IFERROR(IF(All_In,INDEX(Database!$BQ$8:$BQ$360,$BQ31),INDEX(Database!$BR$8:$BR$360,$BQ31)),"") | L31: =IFERROR(INDEX(Database!$BO$8:$BO$360,$BQ31),"") | M31: =IFERROR(INDEX(Database!$CX$8:$CX$360,$BQ31),"") | N31: =IFERROR(INDEX(Database!$BH$8:$BH$360,$BQ31),"") | P31: =IFERROR(INDEX(Database!$P$8:$P$360,$BQ31),"") | Q31: =IFERROR(INDEX(Database!$CR$8:$CR$360,$BQ31),"") | R31: =IFERROR(INDEX(Database!$AC$8:$AC$360,$BQ31),"") | S31: {=IF(More_Plans,IF(Locked,$CD31,IF(ISNUMBER($BT31),INDEX(REP_Info!$E$6:$E$250,$BT31),"")),"")} | U31: =IF(More_Plans,IF(ISNUMBER($BT31),YEAR(INDEX(REP_Info!$J$6:$J$250,$BT31)),""),"") | V31: =IF(More_Plans,IF(ISNUMBER($BT31),ROUND(INDEX(REP_Info!$G$6:$G$250,$BT31)/1000,0)&"k",""),"") | W31: =IFERROR(INDEX(Database!$BJ$8:$BJ$360,$BQ31),"") | Y31: =IFERROR(IF(ISBLANK(INDEX(TOS!$F$6:$AP$213,$BS31,Y$42)),"",INDEX(TOS!$F$6:$AP$213,$BS31,Y$42)),"") | Z31: =IFERROR(IF(ISBLANK(INDEX(TOS!$F$6:$AP$213,$BS31,Z$42)),"",INDEX(TOS!$F$6:$AP$213,$BS31,Z$42)),"") | AA31: =IFERROR(IF(ISBLANK(INDEX(TOS!$F$6:$AP$213,$BS31,AA$42)),"",INDEX(TOS!$F$6:$AP$213,$BS31,AA$42)),"") | AB31: =IFERROR(IF(ISBLANK(INDEX(TOS!$F$6:$AP$213,$BS31,AB$42)),"",INDEX(TOS!$F$6:$AP$213,$BS31,AB$42)),"") | AC31: =IFERROR(IF(ISBLANK(INDEX(TOS!$F$6:$AP$213,$BS31,AC$42)),"",INDEX(TOS!$F$6:$AP$213,$BS31,AC$42)),"") | AD31: =IFERROR(IF(ISBLANK(INDEX(TOS!$F$6:$AP$213,$BS31,AD$42)),"",INDEX(TOS!$F$6:$AP$213,$BS31,AD$42)),"") | AE31: =IFERROR(IF(ISBLANK(INDEX(TOS!$F$6:$AP$213,$BS31,AE$42)),"",INDEX(TOS!$F$6:$AP$213,$BS31,AE$42)),"") | AF31: =IFERROR(IF(ISBLANK(INDEX(TOS!$F$6:$AP$213,$BS31,AF$42)),"",INDEX(TOS!$F$6:$AP$213,$BS31,AF$42)),"") | ... BC31: =IFERROR(IF(ISBLANK(INDEX(TOS!$F$6:$AP$213,$BS31,BC$42)),"",INDEX(TOS!$F$6:$AP$213,$BS31,BC$42)),"") | BE31: Cost of PTC-suggested plan | BF31: =IF(Risk_Input="Yes",NA(),INDEX(Database!BO$8:BO$360,$BF$29)) -> #N/A | BG31: Rates | BH31: =IF(NOT(Show_Plan),REPT("█",84),"") -> ████████████████████████████████████████████████████████████████████████████████████ | BJ31: ="Step ②: Enter at least one month's electricity usage (in kWh, not $) from past bills or SmartMeterTexas. We'll estimate any you don't enter. If you're moving in, enter '999' for Feb." -> Step ②: Enter at least one month's electricity usage (in kWh, not $) from past bills or SmartMeterTexas. We'll estimate any you don't enter. If you're moving in, enter '999' for Feb. | BQ31: =IF(More_Plans,MATCH($A31,Database!$CG$8:$CG$360,0),NA()) -> #N/A | BR31: =Locked*IFERROR((($K31-INDEX(Trends!$AA$5:$AA$8,MATCH($I31,{24,12,6,3},-1)))<BR$25),0) -> 0 | BS31: =MATCH(SUBSTITUTE(INDEX(Database!$U$8:$U$360,$BQ31),"~","~~"),TOS!$C$6:$C$213,0) -> #N/A | BT31: =MATCH(INDEX(Database!$F$8:$F$360,$BQ31),REP_Info!$D$6:$D$250,0) -> #N/A | BU31: =IFERROR(INDEX(Database!$CV$8:$CV$360,$BQ31),"") | BV31: =IF(AND(Term_Min=Term_Min_Recd,Term_Max=Term_Max_Recd)," We suggest Plan #"&Default_Plan&".","") -> We suggest Plan #1. | BZ31: Step ④: For plan names | CD31: ="" | CN31: =INDEX(Database!$AG$8:$BG$360,$BQ31,CN$22) -> #N/A | CO31: =IF(ISBLANK(INDEX(Database!$AG$8:$BG$360,$BQ31,CO$22)),"",INDEX(Database!$AG$8:$BG$360,$BQ31,CO$22)) -> #N/A | CP31: =IF(ISBLANK(INDEX(Database!$AG$8:$BG$360,$BQ31,CP$22)),"",INDEX(Database!$AG$8:$BG$360,$BQ31,CP$22)) -> #N/A | CQ31: =IF(ISBLANK(INDEX(Database!$AG$8:$BG$360,$BQ31,CQ$22)),"",INDEX(Database!$AG$8:$BG$360,$BQ31,CQ$22)) -> #N/A | CR31: =IF(ISBLANK(INDEX(Database!$AG$8:$BG$360,$BQ31,CR$22)),"",INDEX(Database!$AG$8:$BG$360,$BQ31,CR$22)) -> #N/A | CS31: =IF(ISBLANK(INDEX(Database!$AG$8:$BG$360,$BQ31,CS$22)),"",INDEX(Database!$AG$8:$BG$360,$BQ31,CS$22)) -> #N/A | CT31: =IF(ISBLANK(INDEX(Database!$AG$8:$BG$360,$BQ31,CT$22)),"",INDEX(Database!$AG$8:$BG$360,$BQ31,CT$22)) -> #N/A | CU31: =IF(ISBLANK(INDEX(Database!$AG$8:$BG$360,$BQ31,CU$22)),"",INDEX(Database!$AG$8:$BG$360,$BQ31,CU$22)) -> #N/A | CV31: =IF(ISBLANK(INDEX(Database!$AG$8:$BG$360,$BQ31,CV$22)),"",INDEX(Database!$AG$8:$BG$360,$BQ31,CV$22)) -> #N/A | ... CX31: =IF(ISBLANK(INDEX(Database!$AG$8:$BG$360,$BQ31,CX$22)),"",INDEX(Database!$AG$8:$BG$360,$BQ31,CX$22)) -> #N/A | CY31: =INDEX(Database!$AG$8:$BG$360,$BQ31,CY$22) -> #N/A | CZ31: =INDEX(Database!$AG$8:$BG$360,$BQ31,CZ$22) -> #N/A | DA31: =INDEX(Database!$AG$8:$BG$360,$BQ31,DA$22) -> #N/A | DB31: =INDEX(Database!$AG$8:$BG$360,$BQ31,DB$22) -> #N/A | DC31: =INDEX(Database!$AG$8:$BG$360,$BQ31,DC$22) -> #N/A | DD31: =INDEX(Database!$AG$8:$BG$360,$BQ31,DD$22) -> #N/A | DE31: =INDEX(Database!$AG$8:$BG$360,$BQ31,DE$22) -> #N/A | DF31: =INDEX(Database!$AG$8:$BG$360,$BQ31,DF$22) -> #N/A | ... DN31: =INDEX(Database!$AG$8:$BG$360,$BQ31,DN$22) -> #N/A | DQ31: =IFERROR((LOOKUP(DQ$25,$CO31:$CS31,$CT31:$CX31)+IF($CN31="Y",SUMPRODUCT($DE31:$DI31-$DD31:$DH31,DQ$25-$CY31:$DC31,N(DQ$25>$CY31:$DC31)),DQ$25*LOOKUP(DQ$25,$CY31:$DC31,$DE31:$DI31))+IF($DL31="Y",$DM31,$DJ31)+DQ$25*IF($DL31="Y",$DN31,$DK31))*100/DQ$25,99) -> 99 | DR31: =IFERROR((LOOKUP(DR$25,$CO31:$CS31,$CT31:$CX31)+IF($CN31="Y",SUMPRODUCT($DE31:$DI31-$DD31:$DH31,DR$25-$CY31:$DC31,N(DR$25>$CY31:$DC31)),DR$25*LOOKUP(DR$25,$CY31:$DC31,$DE31:$DI31))+IF($DL31="Y",$DM31,$DJ31)+DR$25*IF($DL31="Y",$DN31,$DK31))*100/DR$25,99) -> 99 | DS31: =IFERROR((LOOKUP(DS$25,$CO31:$CS31,$CT31:$CX31)+IF($CN31="Y",SUMPRODUCT($DE31:$DI31-$DD31:$DH31,DS$25-$CY31:$DC31,N(DS$25>$CY31:$DC31)),DS$25*LOOKUP(DS$25,$CY31:$DC31,$DE31:$DI31))+IF($DL31="Y",$DM31,$DJ31)+DS$25*IF($DL31="Y",$DN31,$DK31))*100/DS$25,99) -> 99 | DT31: =IFERROR((LOOKUP(DT$25,$CO31:$CS31,$CT31:$CX31)+IF($CN31="Y",SUMPRODUCT($DE31:$DI31-$DD31:$DH31,DT$25-$CY31:$DC31,N(DT$25>$CY31:$DC31)),DT$25*LOOKUP(DT$25,$CY31:$DC31,$DE31:$DI31))+IF($DL31="Y",$DM31,$DJ31)+DT$25*IF($DL31="Y",$DN31,$DK31))*100/DT$25,99) -> 99 | DU31: =IFERROR((LOOKUP(DU$25,$CO31:$CS31,$CT31:$CX31)+IF($CN31="Y",SUMPRODUCT($DE31:$DI31-$DD31:$DH31,DU$25-$CY31:$DC31,N(DU$25>$CY31:$DC31)),DU$25*LOOKUP(DU$25,$CY31:$DC31,$DE31:$DI31))+IF($DL31="Y",$DM31,$DJ31)+DU$25*IF($DL31="Y",$DN31,$DK31))*100/DU$25,99) -> 99 | DV31: =IFERROR((LOOKUP(DV$25,$CO31:$CS31,$CT31:$CX31)+IF($CN31="Y",SUMPRODUCT($DE31:$DI31-$DD31:$DH31,DV$25-$CY31:$DC31,N(DV$25>$CY31:$DC31)),DV$25*LOOKUP(DV$25,$CY31:$DC31,$DE31:$DI31))+IF($DL31="Y",$DM31,$DJ31)+DV$25*IF($DL31="Y",$DN31,$DK31))*100/DV$25,99) -> 99 | DW31: =IFERROR((LOOKUP(DW$25,$CO31:$CS31,$CT31:$CX31)+IF($CN31="Y",SUMPRODUCT($DE31:$DI31-$DD31:$DH31,DW$25-$CY31:$DC31,N(DW$25>$CY31:$DC31)),DW$25*LOOKUP(DW$25,$CY31:$DC31,$DE31:$DI31))+IF($DL31="Y",$DM31,$DJ31)+DW$25*IF($DL31="Y",$DN31,$DK31))*100/DW$25,99) -> 99 | DX31: =IFERROR((LOOKUP(DX$25,$CO31:$CS31,$CT31:$CX31)+IF($CN31="Y",SUMPRODUCT($DE31:$DI31-$DD31:$DH31,DX$25-$CY31:$DC31,N(DX$25>$CY31:$DC31)),DX$25*LOOKUP(DX$25,$CY31:$DC31,$DE31:$DI31))+IF($DL31="Y",$DM31,$DJ31)+DX$25*IF($DL31="Y",$DN31,$DK31))*100/DX$25,99) -> 99 | ... EB31: =IFERROR((LOOKUP(EB$25,$CO31:$CS31,$CT31:$CX31)+IF($CN31="Y",SUMPRODUCT($DE31:$DI31-$DD31:$DH31,EB$25-$CY31:$DC31,N(EB$25>$CY31:$DC31)),EB$25*LOOKUP(EB$25,$CY31:$DC31,$DE31:$DI31))+IF($DL31="Y",$DM31,$DJ31)+EB$25*IF($DL31="Y",$DN31,$DK31))*100/EB$25,99) -> 99 | EC31: =IF($I31>EC$22,EC$25,NA()) -> 0 | ED31: =IF($I31>ED$22,ED$25,NA()) -> 0 | EE31: =IF($I31>EE$22,EE$25,NA()) -> 0 | EF31: =IF($I31>EF$22,EF$25,NA()) -> 0 | EG31: =IF($I31>EG$22,EG$25,NA()) -> 0 | EH31: =IF($I31>EH$22,EH$25,NA()) -> 0 | EI31: =IF($I31>EI$22,EI$25,NA()) -> 0 | EJ31: =IF($I31>EJ$22,EJ$25,NA()) -> 0 | ... EN31: =IF($I31>EN$22,EN$25,NA()) -> 0 | EO31: 0 | EP31: 100 | ER31: =IFERROR((LOOKUP(ER$25,$CO31:$CS31,$CT31:$CX31)+IF($CN31="Y",SUMPRODUCT($DE31:$DI31-$DD31:$DH31,ER$25-$CY31:$DC31,N(ER$25>$CY31:$DC31)),ER$25*LOOKUP(ER$25,$CY31:$DC31,$DE31:$DI31))+IF($DL31="Y",$DM31,$DJ31)+ER$25*IF($DL31="Y",$DN31,$DK31))*100/ER$25,99) -> 99 | ES31: =IFERROR((LOOKUP(ES$25,$CO31:$CS31,$CT31:$CX31)+IF($CN31="Y",SUMPRODUCT($DE31:$DI31-$DD31:$DH31,ES$25-$CY31:$DC31,N(ES$25>$CY31:$DC31)),ES$25*LOOKUP(ES$25,$CY31:$DC31,$DE31:$DI31))+IF($DL31="Y",$DM31,$DJ31)+ES$25*IF($DL31="Y",$DN31,$DK31))*100/ES$25,99) -> 99 | ET31: =IFERROR((LOOKUP(ET$25,$CO31:$CS31,$CT31:$CX31)+IF($CN31="Y",SUMPRODUCT($DE31:$DI31-$DD31:$DH31,ET$25-$CY31:$DC31,N(ET$25>$CY31:$DC31)),ET$25*LOOKUP(ET$25,$CY31:$DC31,$DE31:$DI31))+IF($DL31="Y",$DM31,$DJ31)+ET$25*IF($DL31="Y",$DN31,$DK31))*100/ET$25,99) -> 99 | EU31: =IFERROR((LOOKUP(EU$25,$CO31:$CS31,$CT31:$CX31)+IF($CN31="Y",SUMPRODUCT($DE31:$DI31-$DD31:$DH31,EU$25-$CY31:$DC31,N(EU$25>$CY31:$DC31)),EU$25*LOOKUP(EU$25,$CY31:$DC31,$DE31:$DI31))+IF($DL31="Y",$DM31,$DJ31)+EU$25*IF($DL31="Y",$DN31,$DK31))*100/EU$25,99) -> 99 | EV31: =IFERROR((LOOKUP(EV$25,$CO31:$CS31,$CT31:$CX31)+IF($CN31="Y",SUMPRODUCT($DE31:$DI31-$DD31:$DH31,EV$25-$CY31:$DC31,N(EV$25>$CY31:$DC31)),EV$25*LOOKUP(EV$25,$CY31:$DC31,$DE31:$DI31))+IF($DL31="Y",$DM31,$DJ31)+EV$25*IF($DL31="Y",$DN31,$DK31))*100/EV$25,99) -> 99 | EW31: =IFERROR((LOOKUP(EW$25,$CO31:$CS31,$CT31:$CX31)+IF($CN31="Y",SUMPRODUCT($DE31:$DI31-$DD31:$DH31,EW$25-$CY31:$DC31,N(EW$25>$CY31:$DC31)),EW$25*LOOKUP(EW$25,$CY31:$DC31,$DE31:$DI31))+IF($DL31="Y",$DM31,$DJ31)+EW$25*IF($DL31="Y",$DN31,$DK31))*100/EW$25,99) -> 99 | EX31: =IFERROR((LOOKUP(EX$25,$CO31:$CS31,$CT31:$CX31)+IF($CN31="Y",SUMPRODUCT($DE31:$DI31-$DD31:$DH31,EX$25-$CY31:$DC31,N(EX$25>$CY31:$DC31)),EX$25*LOOKUP(EX$25,$CY31:$DC31,$DE31:$DI31))+IF($DL31="Y",$DM31,$DJ31)+EX$25*IF($DL31="Y",$DN31,$DK31))*100/EX$25,99) -> 99 | EY31: =IFERROR((LOOKUP(EY$25,$CO31:$CS31,$CT31:$CX31)+IF($CN31="Y",SUMPRODUCT($DE31:$DI31-$DD31:$DH31,EY$25-$CY31:$DC31,N(EY$25>$CY31:$DC31)),EY$25*LOOKUP(EY$25,$CY31:$DC31,$DE31:$DI31))+IF($DL31="Y",$DM31,$DJ31)+EY$25*IF($DL31="Y",$DN31,$DK31))*100/EY$25,99) -> 99 | ... GK31: =IFERROR((LOOKUP(GK$25,$CO31:$CS31,$CT31:$CX31)+IF($CN31="Y",SUMPRODUCT($DE31:$DI31-$DD31:$DH31,GK$25-$CY31:$DC31,N(GK$25>$CY31:$DC31)),GK$25*LOOKUP(GK$25,$CY31:$DC31,$DE31:$DI31))+IF($DL31="Y",$DM31,$DJ31)+GK$25*IF($DL31="Y",$DN31,$DK31))*100/GK$25,99) -> 99
A32: =IF(More_Plans,A31+1,"") | B32: =IF(More_Plans,IF(Locked,IF(Selected_Plan,$BZ32,$BV32),IFERROR(PROPER(INDEX(Database!$G$8:$G$360,$BQ32)),"")),"") | G32: =IF(Locked,"",IFERROR(HYPERLINK(INDEX(Database!$Y$8:$Y$360,$BQ32),"EFL"),"")) | H32: =IF(Locked,"",IFERROR(HYPERLINK(INDEX(Database!$U$8:$U$360,$BQ32),"TOS"),"")) | I32: =IFERROR(INDEX(Database!$Q$8:$Q$360,$BQ32),"") | K32: =IFERROR(IF(All_In,INDEX(Database!$BQ$8:$BQ$360,$BQ32),INDEX(Database!$BR$8:$BR$360,$BQ32)),"") | L32: =IFERROR(INDEX(Database!$BO$8:$BO$360,$BQ32),"") | M32: =IFERROR(INDEX(Database!$CX$8:$CX$360,$BQ32),"") | N32: =IFERROR(INDEX(Database!$BH$8:$BH$360,$BQ32),"") | P32: =IFERROR(INDEX(Database!$P$8:$P$360,$BQ32),"") | Q32: =IFERROR(INDEX(Database!$CR$8:$CR$360,$BQ32),"") | R32: =IFERROR(INDEX(Database!$AC$8:$AC$360,$BQ32),"") | S32: {=IF(More_Plans,IF(Locked,$CD32,IF(ISNUMBER($BT32),INDEX(REP_Info!$E$6:$E$250,$BT32),"")),"")} | U32: =IF(More_Plans,IF(ISNUMBER($BT32),YEAR(INDEX(REP_Info!$J$6:$J$250,$BT32)),""),"") | V32: =IF(More_Plans,IF(ISNUMBER($BT32),ROUND(INDEX(REP_Info!$G$6:$G$250,$BT32)/1000,0)&"k",""),"") | W32: =IFERROR(INDEX(Database!$BJ$8:$BJ$360,$BQ32),"") | Y32: =IFERROR(IF(ISBLANK(INDEX(TOS!$F$6:$AP$213,$BS32,Y$42)),"",INDEX(TOS!$F$6:$AP$213,$BS32,Y$42)),"") | Z32: =IFERROR(IF(ISBLANK(INDEX(TOS!$F$6:$AP$213,$BS32,Z$42)),"",INDEX(TOS!$F$6:$AP$213,$BS32,Z$42)),"") | AA32: =IFERROR(IF(ISBLANK(INDEX(TOS!$F$6:$AP$213,$BS32,AA$42)),"",INDEX(TOS!$F$6:$AP$213,$BS32,AA$42)),"") | AB32: =IFERROR(IF(ISBLANK(INDEX(TOS!$F$6:$AP$213,$BS32,AB$42)),"",INDEX(TOS!$F$6:$AP$213,$BS32,AB$42)),"") | AC32: =IFERROR(IF(ISBLANK(INDEX(TOS!$F$6:$AP$213,$BS32,AC$42)),"",INDEX(TOS!$F$6:$AP$213,$BS32,AC$42)),"") | AD32: =IFERROR(IF(ISBLANK(INDEX(TOS!$F$6:$AP$213,$BS32,AD$42)),"",INDEX(TOS!$F$6:$AP$213,$BS32,AD$42)),"") | AE32: =IFERROR(IF(ISBLANK(INDEX(TOS!$F$6:$AP$213,$BS32,AE$42)),"",INDEX(TOS!$F$6:$AP$213,$BS32,AE$42)),"") | AF32: =IFERROR(IF(ISBLANK(INDEX(TOS!$F$6:$AP$213,$BS32,AF$42)),"",INDEX(TOS!$F$6:$AP$213,$BS32,AF$42)),"") | ... BC32: =IFERROR(IF(ISBLANK(INDEX(TOS!$F$6:$AP$213,$BS32,BC$42)),"",INDEX(TOS!$F$6:$AP$213,$BS32,BC$42)),"") | BE32: REP Name | BF32: =IF(Show_Plan,IF(0,"[🔒- Retailer name]",PROPER(INDEX(REP_Info!$E$6:$E$250,REP_row))),"") | BG32: Timing | BH32: =IF(OR(NOT(AND(Selected,Show_Plan,NOT(Locked))),Rate_Type="Flat",Rate_Type="Low",ISNA(Bill_Cycle)),REPT("█",80),"") -> ████████████████████████████████████████████████████████████████████████████████ | BJ32: =IFERROR(IF($CB$3-$BW$3>0.5,"Caution: Using 10% more costs "&TEXT($CB$3,"#.0")&"¢ avg",IF($BZ$3-$BW$3>0.5,"Caution: 10% lower usage costs "&TEXT($BZ$3,"#.0")&"¢ avg","")),"") | BQ32: =IF(More_Plans,MATCH($A32,Database!$CG$8:$CG$360,0),NA()) -> #N/A | BR32: =Locked*IFERROR((($K32-INDEX(Trends!$AA$5:$AA$8,MATCH($I32,{24,12,6,3},-1)))<BR$25),0) -> 0 | BS32: =MATCH(SUBSTITUTE(INDEX(Database!$U$8:$U$360,$BQ32),"~","~~"),TOS!$C$6:$C$213,0) -> #N/A | BT32: =MATCH(INDEX(Database!$F$8:$F$360,$BQ32),REP_Info!$D$6:$D$250,0) -> #N/A | BU32: =IFERROR(INDEX(Database!$CV$8:$CV$360,$BQ32),"") | BV32: ="" | BZ32: & links to sign yourself up, | CD32: ="" | CN32: =INDEX(Database!$AG$8:$BG$360,$BQ32,CN$22) -> #N/A | CO32: =IF(ISBLANK(INDEX(Database!$AG$8:$BG$360,$BQ32,CO$22)),"",INDEX(Database!$AG$8:$BG$360,$BQ32,CO$22)) -> #N/A | CP32: =IF(ISBLANK(INDEX(Database!$AG$8:$BG$360,$BQ32,CP$22)),"",INDEX(Database!$AG$8:$BG$360,$BQ32,CP$22)) -> #N/A | CQ32: =IF(ISBLANK(INDEX(Database!$AG$8:$BG$360,$BQ32,CQ$22)),"",INDEX(Database!$AG$8:$BG$360,$BQ32,CQ$22)) -> #N/A | CR32: =IF(ISBLANK(INDEX(Database!$AG$8:$BG$360,$BQ32,CR$22)),"",INDEX(Database!$AG$8:$BG$360,$BQ32,CR$22)) -> #N/A | CS32: =IF(ISBLANK(INDEX(Database!$AG$8:$BG$360,$BQ32,CS$22)),"",INDEX(Database!$AG$8:$BG$360,$BQ32,CS$22)) -> #N/A | CT32: =IF(ISBLANK(INDEX(Database!$AG$8:$BG$360,$BQ32,CT$22)),"",INDEX(Database!$AG$8:$BG$360,$BQ32,CT$22)) -> #N/A | CU32: =IF(ISBLANK(INDEX(Database!$AG$8:$BG$360,$BQ32,CU$22)),"",INDEX(Database!$AG$8:$BG$360,$BQ32,CU$22)) -> #N/A | CV32: =IF(ISBLANK(INDEX(Database!$AG$8:$BG$360,$BQ32,CV$22)),"",INDEX(Database!$AG$8:$BG$360,$BQ32,CV$22)) -> #N/A | ... CX32: =IF(ISBLANK(INDEX(Database!$AG$8:$BG$360,$BQ32,CX$22)),"",INDEX(Database!$AG$8:$BG$360,$BQ32,CX$22)) -> #N/A | CY32: =INDEX(Database!$AG$8:$BG$360,$BQ32,CY$22) -> #N/A | CZ32: =INDEX(Database!$AG$8:$BG$360,$BQ32,CZ$22) -> #N/A | DA32: =INDEX(Database!$AG$8:$BG$360,$BQ32,DA$22) -> #N/A | DB32: =INDEX(Database!$AG$8:$BG$360,$BQ32,DB$22) -> #N/A | DC32: =INDEX(Database!$AG$8:$BG$360,$BQ32,DC$22) -> #N/A | DD32: =INDEX(Database!$AG$8:$BG$360,$BQ32,DD$22) -> #N/A | DE32: =INDEX(Database!$AG$8:$BG$360,$BQ32,DE$22) -> #N/A | DF32: =INDEX(Database!$AG$8:$BG$360,$BQ32,DF$22) -> #N/A | ... DN32: =INDEX(Database!$AG$8:$BG$360,$BQ32,DN$22) -> #N/A | DQ32: =IFERROR((LOOKUP(DQ$25,$CO32:$CS32,$CT32:$CX32)+IF($CN32="Y",SUMPRODUCT($DE32:$DI32-$DD32:$DH32,DQ$25-$CY32:$DC32,N(DQ$25>$CY32:$DC32)),DQ$25*LOOKUP(DQ$25,$CY32:$DC32,$DE32:$DI32))+IF($DL32="Y",$DM32,$DJ32)+DQ$25*IF($DL32="Y",$DN32,$DK32))*100/DQ$25,99) -> 99 | DR32: =IFERROR((LOOKUP(DR$25,$CO32:$CS32,$CT32:$CX32)+IF($CN32="Y",SUMPRODUCT($DE32:$DI32-$DD32:$DH32,DR$25-$CY32:$DC32,N(DR$25>$CY32:$DC32)),DR$25*LOOKUP(DR$25,$CY32:$DC32,$DE32:$DI32))+IF($DL32="Y",$DM32,$DJ32)+DR$25*IF($DL32="Y",$DN32,$DK32))*100/DR$25,99) -> 99 | DS32: =IFERROR((LOOKUP(DS$25,$CO32:$CS32,$CT32:$CX32)+IF($CN32="Y",SUMPRODUCT($DE32:$DI32-$DD32:$DH32,DS$25-$CY32:$DC32,N(DS$25>$CY32:$DC32)),DS$25*LOOKUP(DS$25,$CY32:$DC32,$DE32:$DI32))+IF($DL32="Y",$DM32,$DJ32)+DS$25*IF($DL32="Y",$DN32,$DK32))*100/DS$25,99) -> 99 | DT32: =IFERROR((LOOKUP(DT$25,$CO32:$CS32,$CT32:$CX32)+IF($CN32="Y",SUMPRODUCT($DE32:$DI32-$DD32:$DH32,DT$25-$CY32:$DC32,N(DT$25>$CY32:$DC32)),DT$25*LOOKUP(DT$25,$CY32:$DC32,$DE32:$DI32))+IF($DL32="Y",$DM32,$DJ32)+DT$25*IF($DL32="Y",$DN32,$DK32))*100/DT$25,99) -> 99 | DU32: =IFERROR((LOOKUP(DU$25,$CO32:$CS32,$CT32:$CX32)+IF($CN32="Y",SUMPRODUCT($DE32:$DI32-$DD32:$DH32,DU$25-$CY32:$DC32,N(DU$25>$CY32:$DC32)),DU$25*LOOKUP(DU$25,$CY32:$DC32,$DE32:$DI32))+IF($DL32="Y",$DM32,$DJ32)+DU$25*IF($DL32="Y",$DN32,$DK32))*100/DU$25,99) -> 99 | DV32: =IFERROR((LOOKUP(DV$25,$CO32:$CS32,$CT32:$CX32)+IF($CN32="Y",SUMPRODUCT($DE32:$DI32-$DD32:$DH32,DV$25-$CY32:$DC32,N(DV$25>$CY32:$DC32)),DV$25*LOOKUP(DV$25,$CY32:$DC32,$DE32:$DI32))+IF($DL32="Y",$DM32,$DJ32)+DV$25*IF($DL32="Y",$DN32,$DK32))*100/DV$25,99) -> 99 | DW32: =IFERROR((LOOKUP(DW$25,$CO32:$CS32,$CT32:$CX32)+IF($CN32="Y",SUMPRODUCT($DE32:$DI32-$DD32:$DH32,DW$25-$CY32:$DC32,N(DW$25>$CY32:$DC32)),DW$25*LOOKUP(DW$25,$CY32:$DC32,$DE32:$DI32))+IF($DL32="Y",$DM32,$DJ32)+DW$25*IF($DL32="Y",$DN32,$DK32))*100/DW$25,99) -> 99 | DX32: =IFERROR((LOOKUP(DX$25,$CO32:$CS32,$CT32:$CX32)+IF($CN32="Y",SUMPRODUCT($DE32:$DI32-$DD32:$DH32,DX$25-$CY32:$DC32,N(DX$25>$CY32:$DC32)),DX$25*LOOKUP(DX$25,$CY32:$DC32,$DE32:$DI32))+IF($DL32="Y",$DM32,$DJ32)+DX$25*IF($DL32="Y",$DN32,$DK32))*100/DX$25,99) -> 99 | ... EB32: =IFERROR((LOOKUP(EB$25,$CO32:$CS32,$CT32:$CX32)+IF($CN32="Y",SUMPRODUCT($DE32:$DI32-$DD32:$DH32,EB$25-$CY32:$DC32,N(EB$25>$CY32:$DC32)),EB$25*LOOKUP(EB$25,$CY32:$DC32,$DE32:$DI32))+IF($DL32="Y",$DM32,$DJ32)+EB$25*IF($DL32="Y",$DN32,$DK32))*100/EB$25,99) -> 99 | EC32: =IF($I32>EC$22,EC$25,NA()) -> 0 | ED32: =IF($I32>ED$22,ED$25,NA()) -> 0 | EE32: =IF($I32>EE$22,EE$25,NA()) -> 0 | EF32: =IF($I32>EF$22,EF$25,NA()) -> 0 | EG32: =IF($I32>EG$22,EG$25,NA()) -> 0 | EH32: =IF($I32>EH$22,EH$25,NA()) -> 0 | EI32: =IF($I32>EI$22,EI$25,NA()) -> 0 | EJ32: =IF($I32>EJ$22,EJ$25,NA()) -> 0 | ... EN32: =IF($I32>EN$22,EN$25,NA()) -> 0 | EO32: 0 | EP32: 100 | ER32: =IFERROR((LOOKUP(ER$25,$CO32:$CS32,$CT32:$CX32)+IF($CN32="Y",SUMPRODUCT($DE32:$DI32-$DD32:$DH32,ER$25-$CY32:$DC32,N(ER$25>$CY32:$DC32)),ER$25*LOOKUP(ER$25,$CY32:$DC32,$DE32:$DI32))+IF($DL32="Y",$DM32,$DJ32)+ER$25*IF($DL32="Y",$DN32,$DK32))*100/ER$25,99) -> 99 | ES32: =IFERROR((LOOKUP(ES$25,$CO32:$CS32,$CT32:$CX32)+IF($CN32="Y",SUMPRODUCT($DE32:$DI32-$DD32:$DH32,ES$25-$CY32:$DC32,N(ES$25>$CY32:$DC32)),ES$25*LOOKUP(ES$25,$CY32:$DC32,$DE32:$DI32))+IF($DL32="Y",$DM32,$DJ32)+ES$25*IF($DL32="Y",$DN32,$DK32))*100/ES$25,99) -> 99 | ET32: =IFERROR((LOOKUP(ET$25,$CO32:$CS32,$CT32:$CX32)+IF($CN32="Y",SUMPRODUCT($DE32:$DI32-$DD32:$DH32,ET$25-$CY32:$DC32,N(ET$25>$CY32:$DC32)),ET$25*LOOKUP(ET$25,$CY32:$DC32,$DE32:$DI32))+IF($DL32="Y",$DM32,$DJ32)+ET$25*IF($DL32="Y",$DN32,$DK32))*100/ET$25,99) -> 99 | EU32: =IFERROR((LOOKUP(EU$25,$CO32:$CS32,$CT32:$CX32)+IF($CN32="Y",SUMPRODUCT($DE32:$DI32-$DD32:$DH32,EU$25-$CY32:$DC32,N(EU$25>$CY32:$DC32)),EU$25*LOOKUP(EU$25,$CY32:$DC32,$DE32:$DI32))+IF($DL32="Y",$DM32,$DJ32)+EU$25*IF($DL32="Y",$DN32,$DK32))*100/EU$25,99) -> 99 | EV32: =IFERROR((LOOKUP(EV$25,$CO32:$CS32,$CT32:$CX32)+IF($CN32="Y",SUMPRODUCT($DE32:$DI32-$DD32:$DH32,EV$25-$CY32:$DC32,N(EV$25>$CY32:$DC32)),EV$25*LOOKUP(EV$25,$CY32:$DC32,$DE32:$DI32))+IF($DL32="Y",$DM32,$DJ32)+EV$25*IF($DL32="Y",$DN32,$DK32))*100/EV$25,99) -> 99 | EW32: =IFERROR((LOOKUP(EW$25,$CO32:$CS32,$CT32:$CX32)+IF($CN32="Y",SUMPRODUCT($DE32:$DI32-$DD32:$DH32,EW$25-$CY32:$DC32,N(EW$25>$CY32:$DC32)),EW$25*LOOKUP(EW$25,$CY32:$DC32,$DE32:$DI32))+IF($DL32="Y",$DM32,$DJ32)+EW$25*IF($DL32="Y",$DN32,$DK32))*100/EW$25,99) -> 99 | EX32: =IFERROR((LOOKUP(EX$25,$CO32:$CS32,$CT32:$CX32)+IF($CN32="Y",SUMPRODUCT($DE32:$DI32-$DD32:$DH32,EX$25-$CY32:$DC32,N(EX$25>$CY32:$DC32)),EX$25*LOOKUP(EX$25,$CY32:$DC32,$DE32:$DI32))+IF($DL32="Y",$DM32,$DJ32)+EX$25*IF($DL32="Y",$DN32,$DK32))*100/EX$25,99) -> 99 | EY32: =IFERROR((LOOKUP(EY$25,$CO32:$CS32,$CT32:$CX32)+IF($CN32="Y",SUMPRODUCT($DE32:$DI32-$DD32:$DH32,EY$25-$CY32:$DC32,N(EY$25>$CY32:$DC32)),EY$25*LOOKUP(EY$25,$CY32:$DC32,$DE32:$DI32))+IF($DL32="Y",$DM32,$DJ32)+EY$25*IF($DL32="Y",$DN32,$DK32))*100/EY$25,99) -> 99 | ... GK32: =IFERROR((LOOKUP(GK$25,$CO32:$CS32,$CT32:$CX32)+IF($CN32="Y",SUMPRODUCT($DE32:$DI32-$DD32:$DH32,GK$25-$CY32:$DC32,N(GK$25>$CY32:$DC32)),GK$25*LOOKUP(GK$25,$CY32:$DC32,$DE32:$DI32))+IF($DL32="Y",$DM32,$DJ32)+GK$25*IF($DL32="Y",$DN32,$DK32))*100/GK$25,99) -> 99
A33: =IF(More_Plans,A32+1,"") | B33: =IF(More_Plans,IF(Locked,IF(Selected_Plan,HYPERLINK("https://www.paypal.com/cgi-bin/webscr?cmd=_s-xclick&hosted_button_id=7ZQ7FRBT2DNJU",$BZ33),$BV33),IFERROR(PROPER(INDEX(Database!$G$8:$G$360,$BQ33)),"")),"") | G33: =IF(Locked,"",IFERROR(HYPERLINK(INDEX(Database!$Y$8:$Y$360,$BQ33),"EFL"),"")) | H33: =IF(Locked,"",IFERROR(HYPERLINK(INDEX(Database!$U$8:$U$360,$BQ33),"TOS"),"")) | I33: =IFERROR(INDEX(Database!$Q$8:$Q$360,$BQ33),"") | K33: =IFERROR(IF(All_In,INDEX(Database!$BQ$8:$BQ$360,$BQ33),INDEX(Database!$BR$8:$BR$360,$BQ33)),"") | L33: =IFERROR(INDEX(Database!$BO$8:$BO$360,$BQ33),"") | M33: =IFERROR(INDEX(Database!$CX$8:$CX$360,$BQ33),"") | N33: =IFERROR(INDEX(Database!$BH$8:$BH$360,$BQ33),"") | P33: =IFERROR(INDEX(Database!$P$8:$P$360,$BQ33),"") | Q33: =IFERROR(INDEX(Database!$CR$8:$CR$360,$BQ33),"") | R33: =IFERROR(INDEX(Database!$AC$8:$AC$360,$BQ33),"") | S33: {=IF(More_Plans,IF(Locked,$CD33,IF(ISNUMBER($BT33),INDEX(REP_Info!$E$6:$E$250,$BT33),"")),"")} | U33: =IF(More_Plans,IF(ISNUMBER($BT33),YEAR(INDEX(REP_Info!$J$6:$J$250,$BT33)),""),"") | V33: =IF(More_Plans,IF(ISNUMBER($BT33),ROUND(INDEX(REP_Info!$G$6:$G$250,$BT33)/1000,0)&"k",""),"") | W33: =IFERROR(INDEX(Database!$BJ$8:$BJ$360,$BQ33),"") | Y33: =IFERROR(IF(ISBLANK(INDEX(TOS!$F$6:$AP$213,$BS33,Y$42)),"",INDEX(TOS!$F$6:$AP$213,$BS33,Y$42)),"") | Z33: =IFERROR(IF(ISBLANK(INDEX(TOS!$F$6:$AP$213,$BS33,Z$42)),"",INDEX(TOS!$F$6:$AP$213,$BS33,Z$42)),"") | AA33: =IFERROR(IF(ISBLANK(INDEX(TOS!$F$6:$AP$213,$BS33,AA$42)),"",INDEX(TOS!$F$6:$AP$213,$BS33,AA$42)),"") | AB33: =IFERROR(IF(ISBLANK(INDEX(TOS!$F$6:$AP$213,$BS33,AB$42)),"",INDEX(TOS!$F$6:$AP$213,$BS33,AB$42)),"") | AC33: =IFERROR(IF(ISBLANK(INDEX(TOS!$F$6:$AP$213,$BS33,AC$42)),"",INDEX(TOS!$F$6:$AP$213,$BS33,AC$42)),"") | AD33: =IFERROR(IF(ISBLANK(INDEX(TOS!$F$6:$AP$213,$BS33,AD$42)),"",INDEX(TOS!$F$6:$AP$213,$BS33,AD$42)),"") | AE33: =IFERROR(IF(ISBLANK(INDEX(TOS!$F$6:$AP$213,$BS33,AE$42)),"",INDEX(TOS!$F$6:$AP$213,$BS33,AE$42)),"") | AF33: =IFERROR(IF(ISBLANK(INDEX(TOS!$F$6:$AP$213,$BS33,AF$42)),"",INDEX(TOS!$F$6:$AP$213,$BS33,AF$42)),"") | ... BC33: =IFERROR(IF(ISBLANK(INDEX(TOS!$F$6:$AP$213,$BS33,BC$42)),"",INDEX(TOS!$F$6:$AP$213,$BS33,BC$42)),"") | BE33: Default Plan | BF33: =IFERROR(Database!CR5,1) -> 1 | BG33: NR Fees | BH33: =IF(More_Plans,"",REPT("█",80)) -> ████████████████████████████████████████████████████████████████████████████████ | BJ33: ="You pay "&PROPER(TDU)&" $"&$DM$21&"/mo + "&TEXT($DN$21*100,"#.##")&" ¢/kWh no matter which plan you choose." -> #N/A | BQ33: =IF(More_Plans,MATCH($A33,Database!$CG$8:$CG$360,0),NA()) -> #N/A | BR33: =Locked*IFERROR((($K33-INDEX(Trends!$AA$5:$AA$8,MATCH($I33,{24,12,6,3},-1)))<BR$25),0) -> 0 | BS33: =MATCH(SUBSTITUTE(INDEX(Database!$U$8:$U$360,$BQ33),"~","~~"),TOS!$C$6:$C$213,0) -> #N/A | BT33: =MATCH(INDEX(Database!$F$8:$F$360,$BQ33),REP_Info!$D$6:$D$250,0) -> #N/A | BU33: =IFERROR(INDEX(Database!$CV$8:$CV$360,$BQ33),"") | BV33: To explore more options, | BZ33: >> CLICK HERE << | CD33: ="" | CN33: =INDEX(Database!$AG$8:$BG$360,$BQ33,CN$22) -> #N/A | CO33: =IF(ISBLANK(INDEX(Database!$AG$8:$BG$360,$BQ33,CO$22)),"",INDEX(Database!$AG$8:$BG$360,$BQ33,CO$22)) -> #N/A | CP33: =IF(ISBLANK(INDEX(Database!$AG$8:$BG$360,$BQ33,CP$22)),"",INDEX(Database!$AG$8:$BG$360,$BQ33,CP$22)) -> #N/A | CQ33: =IF(ISBLANK(INDEX(Database!$AG$8:$BG$360,$BQ33,CQ$22)),"",INDEX(Database!$AG$8:$BG$360,$BQ33,CQ$22)) -> #N/A | CR33: =IF(ISBLANK(INDEX(Database!$AG$8:$BG$360,$BQ33,CR$22)),"",INDEX(Database!$AG$8:$BG$360,$BQ33,CR$22)) -> #N/A | CS33: =IF(ISBLANK(INDEX(Database!$AG$8:$BG$360,$BQ33,CS$22)),"",INDEX(Database!$AG$8:$BG$360,$BQ33,CS$22)) -> #N/A | CT33: =IF(ISBLANK(INDEX(Database!$AG$8:$BG$360,$BQ33,CT$22)),"",INDEX(Database!$AG$8:$BG$360,$BQ33,CT$22)) -> #N/A | CU33: =IF(ISBLANK(INDEX(Database!$AG$8:$BG$360,$BQ33,CU$22)),"",INDEX(Database!$AG$8:$BG$360,$BQ33,CU$22)) -> #N/A | CV33: =IF(ISBLANK(INDEX(Database!$AG$8:$BG$360,$BQ33,CV$22)),"",INDEX(Database!$AG$8:$BG$360,$BQ33,CV$22)) -> #N/A | ... CX33: =IF(ISBLANK(INDEX(Database!$AG$8:$BG$360,$BQ33,CX$22)),"",INDEX(Database!$AG$8:$BG$360,$BQ33,CX$22)) -> #N/A | CY33: =INDEX(Database!$AG$8:$BG$360,$BQ33,CY$22) -> #N/A | CZ33: =INDEX(Database!$AG$8:$BG$360,$BQ33,CZ$22) -> #N/A | DA33: =INDEX(Database!$AG$8:$BG$360,$BQ33,DA$22) -> #N/A | DB33: =INDEX(Database!$AG$8:$BG$360,$BQ33,DB$22) -> #N/A | DC33: =INDEX(Database!$AG$8:$BG$360,$BQ33,DC$22) -> #N/A | DD33: =INDEX(Database!$AG$8:$BG$360,$BQ33,DD$22) -> #N/A | DE33: =INDEX(Database!$AG$8:$BG$360,$BQ33,DE$22) -> #N/A | DF33: =INDEX(Database!$AG$8:$BG$360,$BQ33,DF$22) -> #N/A | ... DN33: =INDEX(Database!$AG$8:$BG$360,$BQ33,DN$22) -> #N/A | DQ33: =IFERROR((LOOKUP(DQ$25,$CO33:$CS33,$CT33:$CX33)+IF($CN33="Y",SUMPRODUCT($DE33:$DI33-$DD33:$DH33,DQ$25-$CY33:$DC33,N(DQ$25>$CY33:$DC33)),DQ$25*LOOKUP(DQ$25,$CY33:$DC33,$DE33:$DI33))+IF($DL33="Y",$DM33,$DJ33)+DQ$25*IF($DL33="Y",$DN33,$DK33))*100/DQ$25,99) -> 99 | DR33: =IFERROR((LOOKUP(DR$25,$CO33:$CS33,$CT33:$CX33)+IF($CN33="Y",SUMPRODUCT($DE33:$DI33-$DD33:$DH33,DR$25-$CY33:$DC33,N(DR$25>$CY33:$DC33)),DR$25*LOOKUP(DR$25,$CY33:$DC33,$DE33:$DI33))+IF($DL33="Y",$DM33,$DJ33)+DR$25*IF($DL33="Y",$DN33,$DK33))*100/DR$25,99) -> 99 | DS33: =IFERROR((LOOKUP(DS$25,$CO33:$CS33,$CT33:$CX33)+IF($CN33="Y",SUMPRODUCT($DE33:$DI33-$DD33:$DH33,DS$25-$CY33:$DC33,N(DS$25>$CY33:$DC33)),DS$25*LOOKUP(DS$25,$CY33:$DC33,$DE33:$DI33))+IF($DL33="Y",$DM33,$DJ33)+DS$25*IF($DL33="Y",$DN33,$DK33))*100/DS$25,99) -> 99 | DT33: =IFERROR((LOOKUP(DT$25,$CO33:$CS33,$CT33:$CX33)+IF($CN33="Y",SUMPRODUCT($DE33:$DI33-$DD33:$DH33,DT$25-$CY33:$DC33,N(DT$25>$CY33:$DC33)),DT$25*LOOKUP(DT$25,$CY33:$DC33,$DE33:$DI33))+IF($DL33="Y",$DM33,$DJ33)+DT$25*IF($DL33="Y",$DN33,$DK33))*100/DT$25,99) -> 99 | DU33: =IFERROR((LOOKUP(DU$25,$CO33:$CS33,$CT33:$CX33)+IF($CN33="Y",SUMPRODUCT($DE33:$DI33-$DD33:$DH33,DU$25-$CY33:$DC33,N(DU$25>$CY33:$DC33)),DU$25*LOOKUP(DU$25,$CY33:$DC33,$DE33:$DI33))+IF($DL33="Y",$DM33,$DJ33)+DU$25*IF($DL33="Y",$DN33,$DK33))*100/DU$25,99) -> 99 | DV33: =IFERROR((LOOKUP(DV$25,$CO33:$CS33,$CT33:$CX33)+IF($CN33="Y",SUMPRODUCT($DE33:$DI33-$DD33:$DH33,DV$25-$CY33:$DC33,N(DV$25>$CY33:$DC33)),DV$25*LOOKUP(DV$25,$CY33:$DC33,$DE33:$DI33))+IF($DL33="Y",$DM33,$DJ33)+DV$25*IF($DL33="Y",$DN33,$DK33))*100/DV$25,99) -> 99 | DW33: =IFERROR((LOOKUP(DW$25,$CO33:$CS33,$CT33:$CX33)+IF($CN33="Y",SUMPRODUCT($DE33:$DI33-$DD33:$DH33,DW$25-$CY33:$DC33,N(DW$25>$CY33:$DC33)),DW$25*LOOKUP(DW$25,$CY33:$DC33,$DE33:$DI33))+IF($DL33="Y",$DM33,$DJ33)+DW$25*IF($DL33="Y",$DN33,$DK33))*100/DW$25,99) -> 99 | DX33: =IFERROR((LOOKUP(DX$25,$CO33:$CS33,$CT33:$CX33)+IF($CN33="Y",SUMPRODUCT($DE33:$DI33-$DD33:$DH33,DX$25-$CY33:$DC33,N(DX$25>$CY33:$DC33)),DX$25*LOOKUP(DX$25,$CY33:$DC33,$DE33:$DI33))+IF($DL33="Y",$DM33,$DJ33)+DX$25*IF($DL33="Y",$DN33,$DK33))*100/DX$25,99) -> 99 | ... EB33: =IFERROR((LOOKUP(EB$25,$CO33:$CS33,$CT33:$CX33)+IF($CN33="Y",SUMPRODUCT($DE33:$DI33-$DD33:$DH33,EB$25-$CY33:$DC33,N(EB$25>$CY33:$DC33)),EB$25*LOOKUP(EB$25,$CY33:$DC33,$DE33:$DI33))+IF($DL33="Y",$DM33,$DJ33)+EB$25*IF($DL33="Y",$DN33,$DK33))*100/EB$25,99) -> 99 | EC33: =IF($I33>EC$22,EC$25,NA()) -> 0 | ED33: =IF($I33>ED$22,ED$25,NA()) -> 0 | EE33: =IF($I33>EE$22,EE$25,NA()) -> 0 | EF33: =IF($I33>EF$22,EF$25,NA()) -> 0 | EG33: =IF($I33>EG$22,EG$25,NA()) -> 0 | EH33: =IF($I33>EH$22,EH$25,NA()) -> 0 | EI33: =IF($I33>EI$22,EI$25,NA()) -> 0 | EJ33: =IF($I33>EJ$22,EJ$25,NA()) -> 0 | ... EN33: =IF($I33>EN$22,EN$25,NA()) -> 0 | EO33: 0 | EP33: 100 | ER33: =IFERROR((LOOKUP(ER$25,$CO33:$CS33,$CT33:$CX33)+IF($CN33="Y",SUMPRODUCT($DE33:$DI33-$DD33:$DH33,ER$25-$CY33:$DC33,N(ER$25>$CY33:$DC33)),ER$25*LOOKUP(ER$25,$CY33:$DC33,$DE33:$DI33))+IF($DL33="Y",$DM33,$DJ33)+ER$25*IF($DL33="Y",$DN33,$DK33))*100/ER$25,99) -> 99 | ES33: =IFERROR((LOOKUP(ES$25,$CO33:$CS33,$CT33:$CX33)+IF($CN33="Y",SUMPRODUCT($DE33:$DI33-$DD33:$DH33,ES$25-$CY33:$DC33,N(ES$25>$CY33:$DC33)),ES$25*LOOKUP(ES$25,$CY33:$DC33,$DE33:$DI33))+IF($DL33="Y",$DM33,$DJ33)+ES$25*IF($DL33="Y",$DN33,$DK33))*100/ES$25,99) -> 99 | ET33: =IFERROR((LOOKUP(ET$25,$CO33:$CS33,$CT33:$CX33)+IF($CN33="Y",SUMPRODUCT($DE33:$DI33-$DD33:$DH33,ET$25-$CY33:$DC33,N(ET$25>$CY33:$DC33)),ET$25*LOOKUP(ET$25,$CY33:$DC33,$DE33:$DI33))+IF($DL33="Y",$DM33,$DJ33)+ET$25*IF($DL33="Y",$DN33,$DK33))*100/ET$25,99) -> 99 | EU33: =IFERROR((LOOKUP(EU$25,$CO33:$CS33,$CT33:$CX33)+IF($CN33="Y",SUMPRODUCT($DE33:$DI33-$DD33:$DH33,EU$25-$CY33:$DC33,N(EU$25>$CY33:$DC33)),EU$25*LOOKUP(EU$25,$CY33:$DC33,$DE33:$DI33))+IF($DL33="Y",$DM33,$DJ33)+EU$25*IF($DL33="Y",$DN33,$DK33))*100/EU$25,99) -> 99 | EV33: =IFERROR((LOOKUP(EV$25,$CO33:$CS33,$CT33:$CX33)+IF($CN33="Y",SUMPRODUCT($DE33:$DI33-$DD33:$DH33,EV$25-$CY33:$DC33,N(EV$25>$CY33:$DC33)),EV$25*LOOKUP(EV$25,$CY33:$DC33,$DE33:$DI33))+IF($DL33="Y",$DM33,$DJ33)+EV$25*IF($DL33="Y",$DN33,$DK33))*100/EV$25,99) -> 99 | EW33: =IFERROR((LOOKUP(EW$25,$CO33:$CS33,$CT33:$CX33)+IF($CN33="Y",SUMPRODUCT($DE33:$DI33-$DD33:$DH33,EW$25-$CY33:$DC33,N(EW$25>$CY33:$DC33)),EW$25*LOOKUP(EW$25,$CY33:$DC33,$DE33:$DI33))+IF($DL33="Y",$DM33,$DJ33)+EW$25*IF($DL33="Y",$DN33,$DK33))*100/EW$25,99) -> 99 | EX33: =IFERROR((LOOKUP(EX$25,$CO33:$CS33,$CT33:$CX33)+IF($CN33="Y",SUMPRODUCT($DE33:$DI33-$DD33:$DH33,EX$25-$CY33:$DC33,N(EX$25>$CY33:$DC33)),EX$25*LOOKUP(EX$25,$CY33:$DC33,$DE33:$DI33))+IF($DL33="Y",$DM33,$DJ33)+EX$25*IF($DL33="Y",$DN33,$DK33))*100/EX$25,99) -> 99 | EY33: =IFERROR((LOOKUP(EY$25,$CO33:$CS33,$CT33:$CX33)+IF($CN33="Y",SUMPRODUCT($DE33:$DI33-$DD33:$DH33,EY$25-$CY33:$DC33,N(EY$25>$CY33:$DC33)),EY$25*LOOKUP(EY$25,$CY33:$DC33,$DE33:$DI33))+IF($DL33="Y",$DM33,$DJ33)+EY$25*IF($DL33="Y",$DN33,$DK33))*100/EY$25,99) -> 99 | ... GK33: =IFERROR((LOOKUP(GK$25,$CO33:$CS33,$CT33:$CX33)+IF($CN33="Y",SUMPRODUCT($DE33:$DI33-$DD33:$DH33,GK$25-$CY33:$DC33,N(GK$25>$CY33:$DC33)),GK$25*LOOKUP(GK$25,$CY33:$DC33,$DE33:$DI33))+IF($DL33="Y",$DM33,$DJ33)+GK$25*IF($DL33="Y",$DN33,$DK33))*100/GK$25,99) -> 99
A34: =IF(More_Plans,A33+1,"") | B34: =IF(More_Plans,IF(Locked,IF(Selected_Plan,$BZ34,$BV34),IFERROR(PROPER(INDEX(Database!$G$8:$G$360,$BQ34)),"")),"") | G34: =IF(Locked,"",IFERROR(HYPERLINK(INDEX(Database!$Y$8:$Y$360,$BQ34),"EFL"),"")) | H34: =IF(Locked,"",IFERROR(HYPERLINK(INDEX(Database!$U$8:$U$360,$BQ34),"TOS"),"")) | I34: =IFERROR(INDEX(Database!$Q$8:$Q$360,$BQ34),"") | K34: =IFERROR(IF(All_In,INDEX(Database!$BQ$8:$BQ$360,$BQ34),INDEX(Database!$BR$8:$BR$360,$BQ34)),"") | L34: =IFERROR(INDEX(Database!$BO$8:$BO$360,$BQ34),"") | M34: =IFERROR(INDEX(Database!$CX$8:$CX$360,$BQ34),"") | N34: =IFERROR(INDEX(Database!$BH$8:$BH$360,$BQ34),"") | P34: =IFERROR(INDEX(Database!$P$8:$P$360,$BQ34),"") | Q34: =IFERROR(INDEX(Database!$CR$8:$CR$360,$BQ34),"") | R34: =IFERROR(INDEX(Database!$AC$8:$AC$360,$BQ34),"") | S34: {=IF(More_Plans,IF(Locked,$CD34,IF(ISNUMBER($BT34),INDEX(REP_Info!$E$6:$E$250,$BT34),"")),"")} | U34: =IF(More_Plans,IF(ISNUMBER($BT34),YEAR(INDEX(REP_Info!$J$6:$J$250,$BT34)),""),"") | V34: =IF(More_Plans,IF(ISNUMBER($BT34),ROUND(INDEX(REP_Info!$G$6:$G$250,$BT34)/1000,0)&"k",""),"") | W34: =IFERROR(INDEX(Database!$BJ$8:$BJ$360,$BQ34),"") | Y34: =IFERROR(IF(ISBLANK(INDEX(TOS!$F$6:$AP$213,$BS34,Y$42)),"",INDEX(TOS!$F$6:$AP$213,$BS34,Y$42)),"") | Z34: =IFERROR(IF(ISBLANK(INDEX(TOS!$F$6:$AP$213,$BS34,Z$42)),"",INDEX(TOS!$F$6:$AP$213,$BS34,Z$42)),"") | AA34: =IFERROR(IF(ISBLANK(INDEX(TOS!$F$6:$AP$213,$BS34,AA$42)),"",INDEX(TOS!$F$6:$AP$213,$BS34,AA$42)),"") | AB34: =IFERROR(IF(ISBLANK(INDEX(TOS!$F$6:$AP$213,$BS34,AB$42)),"",INDEX(TOS!$F$6:$AP$213,$BS34,AB$42)),"") | AC34: =IFERROR(IF(ISBLANK(INDEX(TOS!$F$6:$AP$213,$BS34,AC$42)),"",INDEX(TOS!$F$6:$AP$213,$BS34,AC$42)),"") | AD34: =IFERROR(IF(ISBLANK(INDEX(TOS!$F$6:$AP$213,$BS34,AD$42)),"",INDEX(TOS!$F$6:$AP$213,$BS34,AD$42)),"") | AE34: =IFERROR(IF(ISBLANK(INDEX(TOS!$F$6:$AP$213,$BS34,AE$42)),"",INDEX(TOS!$F$6:$AP$213,$BS34,AE$42)),"") | AF34: =IFERROR(IF(ISBLANK(INDEX(TOS!$F$6:$AP$213,$BS34,AF$42)),"",INDEX(TOS!$F$6:$AP$213,$BS34,AF$42)),"") | ... BC34: =IFERROR(IF(ISBLANK(INDEX(TOS!$F$6:$AP$213,$BS34,BC$42)),"",INDEX(TOS!$F$6:$AP$213,$BS34,BC$42)),"") | BE34: Selected Plan | BF34: =IF(ISNUMBER(Plan_Input),INT(Plan_Input),1) -> 1 | BG34: NR Headings | BH34: =IF(More_Plans,"",REPT("█",80)) -> ████████████████████████████████████████████████████████████████████████████████ | BJ34: =IF(TDU_IDd,IF(Show_Plan,"",IF(Trends!$T$5,"Including "&PROPER(TDU)&" delivery (currently $"&$DM$21&"/mo + "&TEXT($DN$21*100,"#.##")&"¢/kWh)","")),"") | BQ34: =IF(More_Plans,MATCH($A34,Database!$CG$8:$CG$360,0),NA()) -> #N/A | BR34: =Locked*IFERROR((($K34-INDEX(Trends!$AA$5:$AA$8,MATCH($I34,{24,12,6,3},-1)))<BR$25),0) -> 0 | BS34: =MATCH(SUBSTITUTE(INDEX(Database!$U$8:$U$360,$BQ34),"~","~~"),TOS!$C$6:$C$213,0) -> #N/A | BT34: =MATCH(INDEX(Database!$F$8:$F$360,$BQ34),REP_Info!$D$6:$D$250,0) -> #N/A | BU34: =IFERROR(INDEX(Database!$CV$8:$CV$360,$BQ34),"") | BV34: edit any yellow inputs. | BZ34: to buy an Unlock Code | CD34: ="" | CN34: =INDEX(Database!$AG$8:$BG$360,$BQ34,CN$22) -> #N/A | CO34: =IF(ISBLANK(INDEX(Database!$AG$8:$BG$360,$BQ34,CO$22)),"",INDEX(Database!$AG$8:$BG$360,$BQ34,CO$22)) -> #N/A | CP34: =IF(ISBLANK(INDEX(Database!$AG$8:$BG$360,$BQ34,CP$22)),"",INDEX(Database!$AG$8:$BG$360,$BQ34,CP$22)) -> #N/A | CQ34: =IF(ISBLANK(INDEX(Database!$AG$8:$BG$360,$BQ34,CQ$22)),"",INDEX(Database!$AG$8:$BG$360,$BQ34,CQ$22)) -> #N/A | CR34: =IF(ISBLANK(INDEX(Database!$AG$8:$BG$360,$BQ34,CR$22)),"",INDEX(Database!$AG$8:$BG$360,$BQ34,CR$22)) -> #N/A | CS34: =IF(ISBLANK(INDEX(Database!$AG$8:$BG$360,$BQ34,CS$22)),"",INDEX(Database!$AG$8:$BG$360,$BQ34,CS$22)) -> #N/A | CT34: =IF(ISBLANK(INDEX(Database!$AG$8:$BG$360,$BQ34,CT$22)),"",INDEX(Database!$AG$8:$BG$360,$BQ34,CT$22)) -> #N/A | CU34: =IF(ISBLANK(INDEX(Database!$AG$8:$BG$360,$BQ34,CU$22)),"",INDEX(Database!$AG$8:$BG$360,$BQ34,CU$22)) -> #N/A | CV34: =IF(ISBLANK(INDEX(Database!$AG$8:$BG$360,$BQ34,CV$22)),"",INDEX(Database!$AG$8:$BG$360,$BQ34,CV$22)) -> #N/A | ... CX34: =IF(ISBLANK(INDEX(Database!$AG$8:$BG$360,$BQ34,CX$22)),"",INDEX(Database!$AG$8:$BG$360,$BQ34,CX$22)) -> #N/A | CY34: =INDEX(Database!$AG$8:$BG$360,$BQ34,CY$22) -> #N/A | CZ34: =INDEX(Database!$AG$8:$BG$360,$BQ34,CZ$22) -> #N/A | DA34: =INDEX(Database!$AG$8:$BG$360,$BQ34,DA$22) -> #N/A | DB34: =INDEX(Database!$AG$8:$BG$360,$BQ34,DB$22) -> #N/A | DC34: =INDEX(Database!$AG$8:$BG$360,$BQ34,DC$22) -> #N/A | DD34: =INDEX(Database!$AG$8:$BG$360,$BQ34,DD$22) -> #N/A | DE34: =INDEX(Database!$AG$8:$BG$360,$BQ34,DE$22) -> #N/A | DF34: =INDEX(Database!$AG$8:$BG$360,$BQ34,DF$22) -> #N/A | ... DN34: =INDEX(Database!$AG$8:$BG$360,$BQ34,DN$22) -> #N/A | DQ34: =IFERROR((LOOKUP(DQ$25,$CO34:$CS34,$CT34:$CX34)+IF($CN34="Y",SUMPRODUCT($DE34:$DI34-$DD34:$DH34,DQ$25-$CY34:$DC34,N(DQ$25>$CY34:$DC34)),DQ$25*LOOKUP(DQ$25,$CY34:$DC34,$DE34:$DI34))+IF($DL34="Y",$DM34,$DJ34)+DQ$25*IF($DL34="Y",$DN34,$DK34))*100/DQ$25,99) -> 99 | DR34: =IFERROR((LOOKUP(DR$25,$CO34:$CS34,$CT34:$CX34)+IF($CN34="Y",SUMPRODUCT($DE34:$DI34-$DD34:$DH34,DR$25-$CY34:$DC34,N(DR$25>$CY34:$DC34)),DR$25*LOOKUP(DR$25,$CY34:$DC34,$DE34:$DI34))+IF($DL34="Y",$DM34,$DJ34)+DR$25*IF($DL34="Y",$DN34,$DK34))*100/DR$25,99) -> 99 | DS34: =IFERROR((LOOKUP(DS$25,$CO34:$CS34,$CT34:$CX34)+IF($CN34="Y",SUMPRODUCT($DE34:$DI34-$DD34:$DH34,DS$25-$CY34:$DC34,N(DS$25>$CY34:$DC34)),DS$25*LOOKUP(DS$25,$CY34:$DC34,$DE34:$DI34))+IF($DL34="Y",$DM34,$DJ34)+DS$25*IF($DL34="Y",$DN34,$DK34))*100/DS$25,99) -> 99 | DT34: =IFERROR((LOOKUP(DT$25,$CO34:$CS34,$CT34:$CX34)+IF($CN34="Y",SUMPRODUCT($DE34:$DI34-$DD34:$DH34,DT$25-$CY34:$DC34,N(DT$25>$CY34:$DC34)),DT$25*LOOKUP(DT$25,$CY34:$DC34,$DE34:$DI34))+IF($DL34="Y",$DM34,$DJ34)+DT$25*IF($DL34="Y",$DN34,$DK34))*100/DT$25,99) -> 99 | DU34: =IFERROR((LOOKUP(DU$25,$CO34:$CS34,$CT34:$CX34)+IF($CN34="Y",SUMPRODUCT($DE34:$DI34-$DD34:$DH34,DU$25-$CY34:$DC34,N(DU$25>$CY34:$DC34)),DU$25*LOOKUP(DU$25,$CY34:$DC34,$DE34:$DI34))+IF($DL34="Y",$DM34,$DJ34)+DU$25*IF($DL34="Y",$DN34,$DK34))*100/DU$25,99) -> 99 | DV34: =IFERROR((LOOKUP(DV$25,$CO34:$CS34,$CT34:$CX34)+IF($CN34="Y",SUMPRODUCT($DE34:$DI34-$DD34:$DH34,DV$25-$CY34:$DC34,N(DV$25>$CY34:$DC34)),DV$25*LOOKUP(DV$25,$CY34:$DC34,$DE34:$DI34))+IF($DL34="Y",$DM34,$DJ34)+DV$25*IF($DL34="Y",$DN34,$DK34))*100/DV$25,99) -> 99 | DW34: =IFERROR((LOOKUP(DW$25,$CO34:$CS34,$CT34:$CX34)+IF($CN34="Y",SUMPRODUCT($DE34:$DI34-$DD34:$DH34,DW$25-$CY34:$DC34,N(DW$25>$CY34:$DC34)),DW$25*LOOKUP(DW$25,$CY34:$DC34,$DE34:$DI34))+IF($DL34="Y",$DM34,$DJ34)+DW$25*IF($DL34="Y",$DN34,$DK34))*100/DW$25,99) -> 99 | DX34: =IFERROR((LOOKUP(DX$25,$CO34:$CS34,$CT34:$CX34)+IF($CN34="Y",SUMPRODUCT($DE34:$DI34-$DD34:$DH34,DX$25-$CY34:$DC34,N(DX$25>$CY34:$DC34)),DX$25*LOOKUP(DX$25,$CY34:$DC34,$DE34:$DI34))+IF($DL34="Y",$DM34,$DJ34)+DX$25*IF($DL34="Y",$DN34,$DK34))*100/DX$25,99) -> 99 | ... EB34: =IFERROR((LOOKUP(EB$25,$CO34:$CS34,$CT34:$CX34)+IF($CN34="Y",SUMPRODUCT($DE34:$DI34-$DD34:$DH34,EB$25-$CY34:$DC34,N(EB$25>$CY34:$DC34)),EB$25*LOOKUP(EB$25,$CY34:$DC34,$DE34:$DI34))+IF($DL34="Y",$DM34,$DJ34)+EB$25*IF($DL34="Y",$DN34,$DK34))*100/EB$25,99) -> 99 | EC34: =IF($I34>EC$22,EC$25,NA()) -> 0 | ED34: =IF($I34>ED$22,ED$25,NA()) -> 0 | EE34: =IF($I34>EE$22,EE$25,NA()) -> 0 | EF34: =IF($I34>EF$22,EF$25,NA()) -> 0 | EG34: =IF($I34>EG$22,EG$25,NA()) -> 0 | EH34: =IF($I34>EH$22,EH$25,NA()) -> 0 | EI34: =IF($I34>EI$22,EI$25,NA()) -> 0 | EJ34: =IF($I34>EJ$22,EJ$25,NA()) -> 0 | ... EN34: =IF($I34>EN$22,EN$25,NA()) -> 0 | EO34: 0 | EP34: 100 | ER34: =IFERROR((LOOKUP(ER$25,$CO34:$CS34,$CT34:$CX34)+IF($CN34="Y",SUMPRODUCT($DE34:$DI34-$DD34:$DH34,ER$25-$CY34:$DC34,N(ER$25>$CY34:$DC34)),ER$25*LOOKUP(ER$25,$CY34:$DC34,$DE34:$DI34))+IF($DL34="Y",$DM34,$DJ34)+ER$25*IF($DL34="Y",$DN34,$DK34))*100/ER$25,99) -> 99 | ES34: =IFERROR((LOOKUP(ES$25,$CO34:$CS34,$CT34:$CX34)+IF($CN34="Y",SUMPRODUCT($DE34:$DI34-$DD34:$DH34,ES$25-$CY34:$DC34,N(ES$25>$CY34:$DC34)),ES$25*LOOKUP(ES$25,$CY34:$DC34,$DE34:$DI34))+IF($DL34="Y",$DM34,$DJ34)+ES$25*IF($DL34="Y",$DN34,$DK34))*100/ES$25,99) -> 99 | ET34: =IFERROR((LOOKUP(ET$25,$CO34:$CS34,$CT34:$CX34)+IF($CN34="Y",SUMPRODUCT($DE34:$DI34-$DD34:$DH34,ET$25-$CY34:$DC34,N(ET$25>$CY34:$DC34)),ET$25*LOOKUP(ET$25,$CY34:$DC34,$DE34:$DI34))+IF($DL34="Y",$DM34,$DJ34)+ET$25*IF($DL34="Y",$DN34,$DK34))*100/ET$25,99) -> 99 | EU34: =IFERROR((LOOKUP(EU$25,$CO34:$CS34,$CT34:$CX34)+IF($CN34="Y",SUMPRODUCT($DE34:$DI34-$DD34:$DH34,EU$25-$CY34:$DC34,N(EU$25>$CY34:$DC34)),EU$25*LOOKUP(EU$25,$CY34:$DC34,$DE34:$DI34))+IF($DL34="Y",$DM34,$DJ34)+EU$25*IF($DL34="Y",$DN34,$DK34))*100/EU$25,99) -> 99 | EV34: =IFERROR((LOOKUP(EV$25,$CO34:$CS34,$CT34:$CX34)+IF($CN34="Y",SUMPRODUCT($DE34:$DI34-$DD34:$DH34,EV$25-$CY34:$DC34,N(EV$25>$CY34:$DC34)),EV$25*LOOKUP(EV$25,$CY34:$DC34,$DE34:$DI34))+IF($DL34="Y",$DM34,$DJ34)+EV$25*IF($DL34="Y",$DN34,$DK34))*100/EV$25,99) -> 99 | EW34: =IFERROR((LOOKUP(EW$25,$CO34:$CS34,$CT34:$CX34)+IF($CN34="Y",SUMPRODUCT($DE34:$DI34-$DD34:$DH34,EW$25-$CY34:$DC34,N(EW$25>$CY34:$DC34)),EW$25*LOOKUP(EW$25,$CY34:$DC34,$DE34:$DI34))+IF($DL34="Y",$DM34,$DJ34)+EW$25*IF($DL34="Y",$DN34,$DK34))*100/EW$25,99) -> 99 | EX34: =IFERROR((LOOKUP(EX$25,$CO34:$CS34,$CT34:$CX34)+IF($CN34="Y",SUMPRODUCT($DE34:$DI34-$DD34:$DH34,EX$25-$CY34:$DC34,N(EX$25>$CY34:$DC34)),EX$25*LOOKUP(EX$25,$CY34:$DC34,$DE34:$DI34))+IF($DL34="Y",$DM34,$DJ34)+EX$25*IF($DL34="Y",$DN34,$DK34))*100/EX$25,99) -> 99 | EY34: =IFERROR((LOOKUP(EY$25,$CO34:$CS34,$CT34:$CX34)+IF($CN34="Y",SUMPRODUCT($DE34:$DI34-$DD34:$DH34,EY$25-$CY34:$DC34,N(EY$25>$CY34:$DC34)),EY$25*LOOKUP(EY$25,$CY34:$DC34,$DE34:$DI34))+IF($DL34="Y",$DM34,$DJ34)+EY$25*IF($DL34="Y",$DN34,$DK34))*100/EY$25,99) -> 99 | ... GK34: =IFERROR((LOOKUP(GK$25,$CO34:$CS34,$CT34:$CX34)+IF($CN34="Y",SUMPRODUCT($DE34:$DI34-$DD34:$DH34,GK$25-$CY34:$DC34,N(GK$25>$CY34:$DC34)),GK$25*LOOKUP(GK$25,$CY34:$DC34,$DE34:$DI34))+IF($DL34="Y",$DM34,$DJ34)+GK$25*IF($DL34="Y",$DN34,$DK34))*100/GK$25,99) -> 99
A35: =IF(More_Plans,A34+1,"") | B35: =IF(More_Plans,IF(Locked,IF(Selected_Plan,$BZ35,$BV35),IFERROR(PROPER(INDEX(Database!$G$8:$G$360,$BQ35)),"")),"") | G35: =IF(Locked,"",IFERROR(HYPERLINK(INDEX(Database!$Y$8:$Y$360,$BQ35),"EFL"),"")) | H35: =IF(Locked,"",IFERROR(HYPERLINK(INDEX(Database!$U$8:$U$360,$BQ35),"TOS"),"")) | I35: =IFERROR(INDEX(Database!$Q$8:$Q$360,$BQ35),"") | K35: =IFERROR(IF(All_In,INDEX(Database!$BQ$8:$BQ$360,$BQ35),INDEX(Database!$BR$8:$BR$360,$BQ35)),"") | L35: =IFERROR(INDEX(Database!$BO$8:$BO$360,$BQ35),"") | M35: =IFERROR(INDEX(Database!$CX$8:$CX$360,$BQ35),"") | N35: =IFERROR(INDEX(Database!$BH$8:$BH$360,$BQ35),"") | P35: =IFERROR(INDEX(Database!$P$8:$P$360,$BQ35),"") | Q35: =IFERROR(INDEX(Database!$CR$8:$CR$360,$BQ35),"") | R35: =IFERROR(INDEX(Database!$AC$8:$AC$360,$BQ35),"") | S35: {=IF(More_Plans,IF(Locked,$CD35,IF(ISNUMBER($BT35),INDEX(REP_Info!$E$6:$E$250,$BT35),"")),"")} | U35: =IF(More_Plans,IF(ISNUMBER($BT35),YEAR(INDEX(REP_Info!$J$6:$J$250,$BT35)),""),"") | V35: =IF(More_Plans,IF(ISNUMBER($BT35),ROUND(INDEX(REP_Info!$G$6:$G$250,$BT35)/1000,0)&"k",""),"") | W35: =IFERROR(INDEX(Database!$BJ$8:$BJ$360,$BQ35),"") | Y35: =IFERROR(IF(ISBLANK(INDEX(TOS!$F$6:$AP$213,$BS35,Y$42)),"",INDEX(TOS!$F$6:$AP$213,$BS35,Y$42)),"") | Z35: =IFERROR(IF(ISBLANK(INDEX(TOS!$F$6:$AP$213,$BS35,Z$42)),"",INDEX(TOS!$F$6:$AP$213,$BS35,Z$42)),"") | AA35: =IFERROR(IF(ISBLANK(INDEX(TOS!$F$6:$AP$213,$BS35,AA$42)),"",INDEX(TOS!$F$6:$AP$213,$BS35,AA$42)),"") | AB35: =IFERROR(IF(ISBLANK(INDEX(TOS!$F$6:$AP$213,$BS35,AB$42)),"",INDEX(TOS!$F$6:$AP$213,$BS35,AB$42)),"") | AC35: =IFERROR(IF(ISBLANK(INDEX(TOS!$F$6:$AP$213,$BS35,AC$42)),"",INDEX(TOS!$F$6:$AP$213,$BS35,AC$42)),"") | AD35: =IFERROR(IF(ISBLANK(INDEX(TOS!$F$6:$AP$213,$BS35,AD$42)),"",INDEX(TOS!$F$6:$AP$213,$BS35,AD$42)),"") | AE35: =IFERROR(IF(ISBLANK(INDEX(TOS!$F$6:$AP$213,$BS35,AE$42)),"",INDEX(TOS!$F$6:$AP$213,$BS35,AE$42)),"") | AF35: =IFERROR(IF(ISBLANK(INDEX(TOS!$F$6:$AP$213,$BS35,AF$42)),"",INDEX(TOS!$F$6:$AP$213,$BS35,AF$42)),"") | ... BC35: =IFERROR(IF(ISBLANK(INDEX(TOS!$F$6:$AP$213,$BS35,BC$42)),"",INDEX(TOS!$F$6:$AP$213,$BS35,BC$42)),"") | BE35: Enable 'Buy'? | BF35: =AND(More_Plans,Locked,Selected_Plan) -> FALSE | BG35: Buy | BH35: =IF($BF$35,REPT("#",18),"") | BI35: =IF($BF$35,"Click Here","") | BJ35: =IF($BI$17,"","Timing tips 🛈") | BQ35: =IF(More_Plans,MATCH($A35,Database!$CG$8:$CG$360,0),NA()) -> #N/A | BR35: =Locked*IFERROR((($K35-INDEX(Trends!$AA$5:$AA$8,MATCH($I35,{24,12,6,3},-1)))<BR$25),0) -> 0 | BS35: =MATCH(SUBSTITUTE(INDEX(Database!$U$8:$U$360,$BQ35),"~","~~"),TOS!$C$6:$C$213,0) -> #N/A | BT35: =MATCH(INDEX(Database!$F$8:$F$360,$BQ35),REP_Info!$D$6:$D$250,0) -> #N/A | BU35: =IFERROR(INDEX(Database!$CV$8:$CV$360,$BQ35),"") | BV35: ="" | BZ35: and enter it here ↘ | CD35: ="" | CN35: =INDEX(Database!$AG$8:$BG$360,$BQ35,CN$22) -> #N/A | CO35: =IF(ISBLANK(INDEX(Database!$AG$8:$BG$360,$BQ35,CO$22)),"",INDEX(Database!$AG$8:$BG$360,$BQ35,CO$22)) -> #N/A | CP35: =IF(ISBLANK(INDEX(Database!$AG$8:$BG$360,$BQ35,CP$22)),"",INDEX(Database!$AG$8:$BG$360,$BQ35,CP$22)) -> #N/A | CQ35: =IF(ISBLANK(INDEX(Database!$AG$8:$BG$360,$BQ35,CQ$22)),"",INDEX(Database!$AG$8:$BG$360,$BQ35,CQ$22)) -> #N/A | CR35: =IF(ISBLANK(INDEX(Database!$AG$8:$BG$360,$BQ35,CR$22)),"",INDEX(Database!$AG$8:$BG$360,$BQ35,CR$22)) -> #N/A | CS35: =IF(ISBLANK(INDEX(Database!$AG$8:$BG$360,$BQ35,CS$22)),"",INDEX(Database!$AG$8:$BG$360,$BQ35,CS$22)) -> #N/A | CT35: =IF(ISBLANK(INDEX(Database!$AG$8:$BG$360,$BQ35,CT$22)),"",INDEX(Database!$AG$8:$BG$360,$BQ35,CT$22)) -> #N/A | CU35: =IF(ISBLANK(INDEX(Database!$AG$8:$BG$360,$BQ35,CU$22)),"",INDEX(Database!$AG$8:$BG$360,$BQ35,CU$22)) -> #N/A | CV35: =IF(ISBLANK(INDEX(Database!$AG$8:$BG$360,$BQ35,CV$22)),"",INDEX(Database!$AG$8:$BG$360,$BQ35,CV$22)) -> #N/A | ... CX35: =IF(ISBLANK(INDEX(Database!$AG$8:$BG$360,$BQ35,CX$22)),"",INDEX(Database!$AG$8:$BG$360,$BQ35,CX$22)) -> #N/A | CY35: =INDEX(Database!$AG$8:$BG$360,$BQ35,CY$22) -> #N/A | CZ35: =INDEX(Database!$AG$8:$BG$360,$BQ35,CZ$22) -> #N/A | DA35: =INDEX(Database!$AG$8:$BG$360,$BQ35,DA$22) -> #N/A | DB35: =INDEX(Database!$AG$8:$BG$360,$BQ35,DB$22) -> #N/A | DC35: =INDEX(Database!$AG$8:$BG$360,$BQ35,DC$22) -> #N/A | DD35: =INDEX(Database!$AG$8:$BG$360,$BQ35,DD$22) -> #N/A | DE35: =INDEX(Database!$AG$8:$BG$360,$BQ35,DE$22) -> #N/A | DF35: =INDEX(Database!$AG$8:$BG$360,$BQ35,DF$22) -> #N/A | ... DN35: =INDEX(Database!$AG$8:$BG$360,$BQ35,DN$22) -> #N/A | DQ35: =IFERROR((LOOKUP(DQ$25,$CO35:$CS35,$CT35:$CX35)+IF($CN35="Y",SUMPRODUCT($DE35:$DI35-$DD35:$DH35,DQ$25-$CY35:$DC35,N(DQ$25>$CY35:$DC35)),DQ$25*LOOKUP(DQ$25,$CY35:$DC35,$DE35:$DI35))+IF($DL35="Y",$DM35,$DJ35)+DQ$25*IF($DL35="Y",$DN35,$DK35))*100/DQ$25,99) -> 99 | DR35: =IFERROR((LOOKUP(DR$25,$CO35:$CS35,$CT35:$CX35)+IF($CN35="Y",SUMPRODUCT($DE35:$DI35-$DD35:$DH35,DR$25-$CY35:$DC35,N(DR$25>$CY35:$DC35)),DR$25*LOOKUP(DR$25,$CY35:$DC35,$DE35:$DI35))+IF($DL35="Y",$DM35,$DJ35)+DR$25*IF($DL35="Y",$DN35,$DK35))*100/DR$25,99) -> 99 | DS35: =IFERROR((LOOKUP(DS$25,$CO35:$CS35,$CT35:$CX35)+IF($CN35="Y",SUMPRODUCT($DE35:$DI35-$DD35:$DH35,DS$25-$CY35:$DC35,N(DS$25>$CY35:$DC35)),DS$25*LOOKUP(DS$25,$CY35:$DC35,$DE35:$DI35))+IF($DL35="Y",$DM35,$DJ35)+DS$25*IF($DL35="Y",$DN35,$DK35))*100/DS$25,99) -> 99 | DT35: =IFERROR((LOOKUP(DT$25,$CO35:$CS35,$CT35:$CX35)+IF($CN35="Y",SUMPRODUCT($DE35:$DI35-$DD35:$DH35,DT$25-$CY35:$DC35,N(DT$25>$CY35:$DC35)),DT$25*LOOKUP(DT$25,$CY35:$DC35,$DE35:$DI35))+IF($DL35="Y",$DM35,$DJ35)+DT$25*IF($DL35="Y",$DN35,$DK35))*100/DT$25,99) -> 99 | DU35: =IFERROR((LOOKUP(DU$25,$CO35:$CS35,$CT35:$CX35)+IF($CN35="Y",SUMPRODUCT($DE35:$DI35-$DD35:$DH35,DU$25-$CY35:$DC35,N(DU$25>$CY35:$DC35)),DU$25*LOOKUP(DU$25,$CY35:$DC35,$DE35:$DI35))+IF($DL35="Y",$DM35,$DJ35)+DU$25*IF($DL35="Y",$DN35,$DK35))*100/DU$25,99) -> 99 | DV35: =IFERROR((LOOKUP(DV$25,$CO35:$CS35,$CT35:$CX35)+IF($CN35="Y",SUMPRODUCT($DE35:$DI35-$DD35:$DH35,DV$25-$CY35:$DC35,N(DV$25>$CY35:$DC35)),DV$25*LOOKUP(DV$25,$CY35:$DC35,$DE35:$DI35))+IF($DL35="Y",$DM35,$DJ35)+DV$25*IF($DL35="Y",$DN35,$DK35))*100/DV$25,99) -> 99 | DW35: =IFERROR((LOOKUP(DW$25,$CO35:$CS35,$CT35:$CX35)+IF($CN35="Y",SUMPRODUCT($DE35:$DI35-$DD35:$DH35,DW$25-$CY35:$DC35,N(DW$25>$CY35:$DC35)),DW$25*LOOKUP(DW$25,$CY35:$DC35,$DE35:$DI35))+IF($DL35="Y",$DM35,$DJ35)+DW$25*IF($DL35="Y",$DN35,$DK35))*100/DW$25,99) -> 99 | DX35: =IFERROR((LOOKUP(DX$25,$CO35:$CS35,$CT35:$CX35)+IF($CN35="Y",SUMPRODUCT($DE35:$DI35-$DD35:$DH35,DX$25-$CY35:$DC35,N(DX$25>$CY35:$DC35)),DX$25*LOOKUP(DX$25,$CY35:$DC35,$DE35:$DI35))+IF($DL35="Y",$DM35,$DJ35)+DX$25*IF($DL35="Y",$DN35,$DK35))*100/DX$25,99) -> 99 | ... EB35: =IFERROR((LOOKUP(EB$25,$CO35:$CS35,$CT35:$CX35)+IF($CN35="Y",SUMPRODUCT($DE35:$DI35-$DD35:$DH35,EB$25-$CY35:$DC35,N(EB$25>$CY35:$DC35)),EB$25*LOOKUP(EB$25,$CY35:$DC35,$DE35:$DI35))+IF($DL35="Y",$DM35,$DJ35)+EB$25*IF($DL35="Y",$DN35,$DK35))*100/EB$25,99) -> 99 | EC35: =IF($I35>EC$22,EC$25,NA()) -> 0 | ED35: =IF($I35>ED$22,ED$25,NA()) -> 0 | EE35: =IF($I35>EE$22,EE$25,NA()) -> 0 | EF35: =IF($I35>EF$22,EF$25,NA()) -> 0 | EG35: =IF($I35>EG$22,EG$25,NA()) -> 0 | EH35: =IF($I35>EH$22,EH$25,NA()) -> 0 | EI35: =IF($I35>EI$22,EI$25,NA()) -> 0 | EJ35: =IF($I35>EJ$22,EJ$25,NA()) -> 0 | ... EN35: =IF($I35>EN$22,EN$25,NA()) -> 0 | EO35: 0 | EP35: 100 | ER35: =IFERROR((LOOKUP(ER$25,$CO35:$CS35,$CT35:$CX35)+IF($CN35="Y",SUMPRODUCT($DE35:$DI35-$DD35:$DH35,ER$25-$CY35:$DC35,N(ER$25>$CY35:$DC35)),ER$25*LOOKUP(ER$25,$CY35:$DC35,$DE35:$DI35))+IF($DL35="Y",$DM35,$DJ35)+ER$25*IF($DL35="Y",$DN35,$DK35))*100/ER$25,99) -> 99 | ES35: =IFERROR((LOOKUP(ES$25,$CO35:$CS35,$CT35:$CX35)+IF($CN35="Y",SUMPRODUCT($DE35:$DI35-$DD35:$DH35,ES$25-$CY35:$DC35,N(ES$25>$CY35:$DC35)),ES$25*LOOKUP(ES$25,$CY35:$DC35,$DE35:$DI35))+IF($DL35="Y",$DM35,$DJ35)+ES$25*IF($DL35="Y",$DN35,$DK35))*100/ES$25,99) -> 99 | ET35: =IFERROR((LOOKUP(ET$25,$CO35:$CS35,$CT35:$CX35)+IF($CN35="Y",SUMPRODUCT($DE35:$DI35-$DD35:$DH35,ET$25-$CY35:$DC35,N(ET$25>$CY35:$DC35)),ET$25*LOOKUP(ET$25,$CY35:$DC35,$DE35:$DI35))+IF($DL35="Y",$DM35,$DJ35)+ET$25*IF($DL35="Y",$DN35,$DK35))*100/ET$25,99) -> 99 | EU35: =IFERROR((LOOKUP(EU$25,$CO35:$CS35,$CT35:$CX35)+IF($CN35="Y",SUMPRODUCT($DE35:$DI35-$DD35:$DH35,EU$25-$CY35:$DC35,N(EU$25>$CY35:$DC35)),EU$25*LOOKUP(EU$25,$CY35:$DC35,$DE35:$DI35))+IF($DL35="Y",$DM35,$DJ35)+EU$25*IF($DL35="Y",$DN35,$DK35))*100/EU$25,99) -> 99 | EV35: =IFERROR((LOOKUP(EV$25,$CO35:$CS35,$CT35:$CX35)+IF($CN35="Y",SUMPRODUCT($DE35:$DI35-$DD35:$DH35,EV$25-$CY35:$DC35,N(EV$25>$CY35:$DC35)),EV$25*LOOKUP(EV$25,$CY35:$DC35,$DE35:$DI35))+IF($DL35="Y",$DM35,$DJ35)+EV$25*IF($DL35="Y",$DN35,$DK35))*100/EV$25,99) -> 99 | EW35: =IFERROR((LOOKUP(EW$25,$CO35:$CS35,$CT35:$CX35)+IF($CN35="Y",SUMPRODUCT($DE35:$DI35-$DD35:$DH35,EW$25-$CY35:$DC35,N(EW$25>$CY35:$DC35)),EW$25*LOOKUP(EW$25,$CY35:$DC35,$DE35:$DI35))+IF($DL35="Y",$DM35,$DJ35)+EW$25*IF($DL35="Y",$DN35,$DK35))*100/EW$25,99) -> 99 | EX35: =IFERROR((LOOKUP(EX$25,$CO35:$CS35,$CT35:$CX35)+IF($CN35="Y",SUMPRODUCT($DE35:$DI35-$DD35:$DH35,EX$25-$CY35:$DC35,N(EX$25>$CY35:$DC35)),EX$25*LOOKUP(EX$25,$CY35:$DC35,$DE35:$DI35))+IF($DL35="Y",$DM35,$DJ35)+EX$25*IF($DL35="Y",$DN35,$DK35))*100/EX$25,99) -> 99 | EY35: =IFERROR((LOOKUP(EY$25,$CO35:$CS35,$CT35:$CX35)+IF($CN35="Y",SUMPRODUCT($DE35:$DI35-$DD35:$DH35,EY$25-$CY35:$DC35,N(EY$25>$CY35:$DC35)),EY$25*LOOKUP(EY$25,$CY35:$DC35,$DE35:$DI35))+IF($DL35="Y",$DM35,$DJ35)+EY$25*IF($DL35="Y",$DN35,$DK35))*100/EY$25,99) -> 99 | ... GK35: =IFERROR((LOOKUP(GK$25,$CO35:$CS35,$CT35:$CX35)+IF($CN35="Y",SUMPRODUCT($DE35:$DI35-$DD35:$DH35,GK$25-$CY35:$DC35,N(GK$25>$CY35:$DC35)),GK$25*LOOKUP(GK$25,$CY35:$DC35,$DE35:$DI35))+IF($DL35="Y",$DM35,$DJ35)+GK$25*IF($DL35="Y",$DN35,$DK35))*100/GK$25,99) -> 99
B36: =IF($BF$35,"Unlock Code:","") | G36: =IF(More_Plans,IF(ISBLANK(Unlock_Code),"",IF(Locked=2," Invalid code, try again",IF(Locked=1," Sorry, expired code",""))),"") | BE36: Min Term Rec'd | BF36: =IF(BV3>2500,12,12) -> 12 | BH36: =IF(Meter_Needed,REPT("#",24),"") | BI36: =IF(Meter_Needed,"Enter your meter read date ↗","") | BJ36: =IF(Trends!$L$5=3,"Prior Lowest Rates","")
A37: =IF(Sign_Up,"Step ⑤:","") | E37: =IF(Locked,"",IF(Sign_Up,IF(LEFT(INDEX(Database!$Z$8:$Z$360,Plan_DBRow),4)="http",HYPERLINK(INDEX(Database!$Z$8:$Z$360,Plan_DBRow),"Sign Up!"),HYPERLINK("Call "&INDEX(Database!$AB$8:$AB$360,Plan_DBRow)&" to sign up.","Call REP")),"")) | G37: =IF(More_Plans,IF(Sign_Up,HYPERLINK("http://www.texaspowerguide.com/texas-electricity-shopping/#sign-up","📖"&"- Tips"),""),"") | K37: =IF(Sign_Up,"Step ⑥:","") | L37: =IF(Sign_Up,HYPERLINK("mailto:alerts@texaspowerguide.com?subject=RateAlert sign up&body=Please email me free alerts for this usage and new plan:"&"%0A"&BU$2,"Get Price Drop Alerts ✉"),"") | P37: =IF(Sign_Up,HYPERLINK("http://www.texaspowerguide.com/ratealert/","🛈"),"") | BE37: Max Term Rec'd | BF37: 12 | BH37: =IF(More_Plans,""," "&REPT("█",3)) -> ███ | BI37: =IF(AND(TDU_IDd,Usage,NOT(Moving),Months_Entered<$BJ$4),"For best results, enter more months' usage.","") | BJ37: =IF(Trends!$L$5=3,"Plan #"&Selected_Plan&" ("&Plan_Length&" months)","")
BE38: Include delivery costs? | BF38: =$K$21="Included" -> TRUE | BH38: =IF(More_Plans,"",BH37&BH37&BH37&BH37&BH37&BH37) -> ███ ███ ███ ███ ███ ███ | BJ38: =IF(Trends!$T$5=1,"",IF(ISBLANK(B8),"","(Excl Delivery)"))
BH39: =IF(AND(TDU_IDd,NOT(Usage)),"◄","") | BJ39: =IF(TDU_IDd,"",$BJ$29) -> Step ①: DOUBLE-tap the yellow box, type your ZIP Code, and press Enter.
BJ40: =IF(TDU_IDd,"",$BJ$26) -> Did You Know?... You pay a Retailer for electricity AND your local Utility to deliver it.
BJ41: =IF(OR(1,TDU_IDd),""," You can't choose your Utility, and you pay their same delivery rate no matter your Retailer/plan.")
B42: For ALL the data and calculations, see the 'Database' worksheet (experienced Excel users only). | Y42: =MATCH(Y$25,TOS!$F$5:$AP$5,FALSE) -> 1 | Z42: =MATCH(Z$25,TOS!$F$5:$AP$5,FALSE) -> 2 | AA42: =MATCH(AA$25,TOS!$F$5:$AP$5,FALSE) -> 3 | AB42: =MATCH(AB$25,TOS!$F$5:$AP$5,FALSE) -> 4 | AC42: =MATCH(AC$25,TOS!$F$5:$AP$5,FALSE) -> 7 | AD42: =MATCH(AD$25,TOS!$F$5:$AP$5,FALSE) -> 6 | AE42: =MATCH(AE$25,TOS!$F$5:$AP$5,FALSE) -> 5 | AF42: =MATCH(AF$25,TOS!$F$5:$AP$5,FALSE) -> 8 | ... BC42: =MATCH(BC$25,TOS!$F$5:$AP$5,FALSE) -> 32 | BJ42: =IF(AND(Show_Plan,Plan_Length<12,Plan_Length<>$BV$2),"* With est'd costs ► for month"&IF(Plan_Length<BV2-1,"s "&(Plan_Length+1)&" to "," ")&BV2&" ▼",IF(Usage,"",""))
BJ43: ="↱ For plans < 'Max Term' we estimate the extra months for better comparison." -> ↱ For plans < 'Max Term' we estimate the extra months for better comparison.
BJ44: =IF(TDU_IDd,IF(Usage,IF(NOT(Selected_Plan),IF(Moving," Since you're just moving in, we'll show only low-risk plans for any usage. "&Trends!$AG$6,IF(Months_Entered<$BJ$4," For best results, enter more months' usage. "&Trends!$AG$6,"")),""),$BJ$31),"")
BJ45: =IF(More_Plans,IF(Locked,"Use these details ► to compare plans."&IF(AND(Term_Min=Term_Min_Recd,Term_Max=Term_Max_Recd)," We suggest Plan #"&Default_Plan&".",""),""),"")

Sheet Database
A1: ="RateGrinder Database ("& TEXT(A3, "mmm dd, yyyy h:mma/p") &")" & IF(NOW()>C3," is OLD. Click to update.","") -> RateGrinder Database (Oct 26, 2026 3:51p) | H1: Buy RateGrinder, Get Free Monitoring | BS1: {=TRANSPOSE(Calculator!$BI$10:$BI$21)} -> 1 | BT1: 1 | BU1: 1 | BV1: 1 | BW1: 1 | BX1: 1 | BY1: 1 | BZ1: 1 | CA1: 1 | CB1: 1 | CC1: 1 | CD1: 1
A2: ©2016-2026 Power To Peruse, LLC. All Rights Reserved. | H2: Terms of Use
A3: 46321.66 | C3: =A3+1.5 -> 46323.16 | E3: =SUBTOTAL(3,E8:E360) -> 351 | O3: Fixed | AE3: EFL (Electricity Facts Label) Database [Source: Provider EFL documents] | BK3: Rate Map: ¢/kWh vs. kWh Usage | BO3: Costs | BS3: Customer cost calculations (w/ usage tolerances) | CE3: PTC | CG3: Calculator Filters
E4: CENTERPOINT ENERGY HOUSTON ELECTRIC LLC | L4: TRUE | O4: Indexed | BF4: =IFERROR(INDEX(TDU_Info!E$5:E$113,MATCH($E4,TDU_Info!$C$5:$C$113,0)),"") -> 4.9 | BG4: =IFERROR(INDEX(TDU_Info!F$5:F$113,MATCH($E4,TDU_Info!$C$5:$C$113,0)),"") -> 0.065333 | BI4: =Calculator!$BJ$23 -> 76 | BO4: =SUMPRODUCT($BS$1:$CD$1,$BS$7:$CD$7) -> 0 | BS4: {=TRANSPOSE(Mos_Until_EOM)} -> 2.7052019 | BT4: 3.6251198 | BU4: 4.6436003 | BV4: 5.6292266 | BW4: 6.647707 | BX4: 7.6333333 | BY4: 8.6518138 | BZ4: 9.6702943 | CA4: 10.655921 | CB4: 11.674401 | CC4: 0.66824093 | CD4: 1.6867214
E5: ONCOR ELECTRIC DELIVERY COMPANY | H5: 0.01 | L5: FALSE | O5: Variable | AH5: Tiers: If usage>=Usage[X], then Charge/Credit[X] | AR5: Rate-based Energy charges | BC5: TDU charges | BF5: =IFERROR(INDEX(TDU_Info!E$5:E$113,MATCH($E5,TDU_Info!$C$5:$C$113,0)),"") -> 4.06 | BG5: =IFERROR(INDEX(TDU_Info!F$5:F$113,MATCH($E5,TDU_Info!$C$5:$C$113,0)),"") -> 0.068673 | BI5: =Calculator!$BI$23 -> 0.003 | BO5: =SUM(BS7:CD7) -> 0 | BS5: {=TRANSPOSE(Projd_Retail)} -> 0.058193038 | BT5: 0.058109663 | BU5: 0.040139775 | BV5: 0.04602775 | BW5: 0.044013012 | BX5: 0.050071012 | BY5: 0.067754988 | BZ5: 0.083851925 | CA5: 0.0449492 | CB5: 0.04287825 | CC5: 0.042230162 | CD5: 0.043852875 | CF5: =Calculator!$BV$3 | CJ5: =Calculator!$BF$7 -> #N/A | CK5: =Calculator!$S$24 -> [Any] | CL5: =Calculator!$W$24 -> 10 | CN5: =Calculator!$I$24 -> 12 | CO5: =Calculator!$J$24 -> 12 | CP5: =Calculator!$P$24 -> 0 | CQ5: =Risk_Input -> Any | CR5: =INDEX($CG$8:$CG$360,MATCH(MIN($CR$8:$CR$360),$CR$8:$CR$360,0)) -> #N/A | CS5: 18 | CW5: =MAX(0,Trends!$AA$6-Trends!$U$13-4.2) -> 0.372
B7: Source | C7: DB Log Date | D7: idKey | E7: TDU Area | F7: Retail Electric Company ("REP") | G7: Product | H7: ¢/kWh @500 | I7: ¢/kWh @1000 | J7: ¢/kWh @2000 | K7: Fees/Credits | L7: Prepaid | M7: Time Of Use | N7: Fixed | O7: Rate Type | P7: Renewable % | Q7: Contract Term (in months) | R7: Cancel Fee | S7: REP Website | T7: Special Terms | U7: Terms URL | V7: YRACURL | W7: Promotion | X7: Promotion Desc | Y7: EFL URL | Z7: Enroll URL | AA7: Prepaid URL | AB7: Enroll Phone # | AC7: New Customer | AD7: Min Usage Fees | AE7: EFL Ver# | AF7: Offer Date (YYMMDD) | AG7: Cumulative? | AH7: Usage1 | AI7: Usage2 | AJ7: Usage3 | AK7: Usage4 | AL7: Usage5 | AM7: Chrg/Cred1 | AN7: Chrg/Cred2 | AO7: Chrg/Cred3 | AP7: Chrg/Cred4 | AQ7: Chrg/Cred5 | AR7: Usage0 | AS7: UsageA | AT7: UsageB | AU7: UsageC | AV7: UsageD | AW7: Zero | AX7: Rate0-A | AY7: RateA-B | AZ7: RateB-C | BA7: RateC-D | BB7: RateD-∞ | BC7: TDU $/month | BD7: TDU $/kWh | BE7: TDU Pass-thru? | BF7: TDU $/month (current) | BG7: TDU $/kWh (current) | BH7: Rate Risk | BI7: Renewal Factor | BJ7: Complaint Ratio | BK7: 500 | BL7: 1000 | BM7: 2000 | BN7: 3000 | BO7: Annual (or Total) Cost | BP7: Avg ¢/kWh, max | BQ7: Avg ¢/kWh, plan | BR7: Enrgy ¢/kWh plan | BS7: {=TRANSPOSE(Calc_inputs)} -> 0 | BT7: 0 | BU7: 0 | BV7: 0 | BW7: 0 | BX7: 0 | BY7: 0 | BZ7: 0 | CA7: 0 | CB7: 0 | CC7: 0 | CD7: 0 | CE7: PTC Rank | CF7: PTC Nom Rate | CG7: Calculator Rank | CH7: Calc Annual Cost | CI7: ALL Filters | CJ7: TDU Area | CK7: Company | CL7: Complaint Ratio | CM7: Rate Type | CN7: Length, min | CO7: Length, max | CP7: Renewable, min | CQ7: Rate Risk | CR7: Adj'd Cost | CS7: Renew Hassle | CT7: Break Fee # | CU7: Break Fee /r-mo? | CV7: Break Fee, Max | CW7: Break Fee, Wgtd | CX7: Break Fee Text
B8: - | C8: 36892 | F8: [] | G8: [Enter your own offer] | H8: 0 | I8: 0 | J8: 0 | AG8: Y | AM8: 0 | BF8: =IF($E8=$E$4,BF$4,IF($E8=$E$5,BF$5,"")) | BG8: =IF($E8=$E$4,BG$4,IF($E8=$E$5,BG$5,"")) | BH8: =IF(ISTEXT(BE8),IF(AND(AV8=0,SUM(AN8:AQ8)=0),IF(AM8<=0,IF(BE8="Y","Low","Flat"),"Med"),"High"),"?") -> ? | BI8: =IF(ISNUMBER(AH8),0*BI$5*SIN((EDATE($A$3,$Q8)-DATE(YEAR(EDATE($A$3,$Q8)),1,0)-BI$4)*2*PI()/365),"") | BJ8: =VLOOKUP($F8,REP_Info!$D$6:$H$250,5,FALSE) -> #N/A | BK8: =IF(BK$7>0,(LOOKUP(BK$7,$AH8:$AL8,$AM8:$AQ8)+IF($AG8="Y",SUMPRODUCT($AX8:$BB8-$AW8:$BA8,BK$7-$AR8:$AV8,N(BK$7>$AR8:$AV8)),BK$7*LOOKUP(BK$7,$AR8:$AV8,$AX8:$BB8))+IF($BE8="Y",$BF8,$BC8)+BK$7*IF($BE8="Y",$BG8,$BD8))*100/BK$7,"") -> #N/A | BL8: =IF(BL$7>0,(LOOKUP(BL$7,$AH8:$AL8,$AM8:$AQ8)+IF($AG8="Y",SUMPRODUCT($AX8:$BB8-$AW8:$BA8,BL$7-$AR8:$AV8,N(BL$7>$AR8:$AV8)),BL$7*LOOKUP(BL$7,$AR8:$AV8,$AX8:$BB8))+IF($BE8="Y",$BF8,$BC8)+BL$7*IF($BE8="Y",$BG8,$BD8))*100/BL$7,"") -> #N/A | BM8: =IF(BM$7>0,(LOOKUP(BM$7,$AH8:$AL8,$AM8:$AQ8)+IF($AG8="Y",SUMPRODUCT($AX8:$BB8-$AW8:$BA8,BM$7-$AR8:$AV8,N(BM$7>$AR8:$AV8)),BM$7*LOOKUP(BM$7,$AR8:$AV8,$AX8:$BB8))+IF($BE8="Y",$BF8,$BC8)+BM$7*IF($BE8="Y",$BG8,$BD8))*100/BM$7,"") -> #N/A | BN8: =IF(BN$7>0,(LOOKUP(BN$7,$AH8:$AL8,$AM8:$AQ8)+IF($AG8="Y",SUMPRODUCT($AX8:$BB8-$AW8:$BA8,BN$7-$AR8:$AV8,N(BN$7>$AR8:$AV8)),BN$7*LOOKUP(BN$7,$AR8:$AV8,$AX8:$BB8))+IF($BE8="Y",$BF8,$BC8)+BN$7*IF($BE8="Y",$BG8,$BD8))*100/BN$7,"") -> #N/A | BO8: =IFERROR(SUMPRODUCT($BS$7:$CD$7,$BS8:$CD8)/100,"$$$") -> $$$ | BP8: =IFERROR(BO8*100/BO$5,"$$$") -> $$$ | BQ8: =IFERROR(SUMPRODUCT($BS$7:$CD$7,$BS8:$CD8,--($BS$4:$CD$4<=$Q8))/SUMPRODUCT(--($BS$4:$CD$4<=$Q8),$BS$7:$CD$7),"$$$") -> $$$ | BR8: =IFERROR($BQ8-$BF8*100*SUMPRODUCT(--($BS$4:$CD$4<=$Q8))/SUMPRODUCT(--($BS$4:$CD$4<=$Q8),$BS$7:$CD$7)-$BG8*100,"$$$") -> $$$ | BS8: =IF($CI8,IF(BS$7>0,IF(BS$4>$Q8,$BF8+BS$7*(BS$5+$BG8+$BI8),LOOKUP(BS$7,$AH8:$AL8,$AM8:$AQ8)+IF($AG8="Y",SUMPRODUCT($AX8:$BB8-$AW8:$BA8,BS$7-$AR8:$AV8,N(BS$7>$AR8:$AV8)),BS$7*LOOKUP(BS$7,$AR8:$AV8,$AX8:$BB8))+IF($BE8="Y",$BF8,$BC8)+BS$7*IF($BE8="Y",$BG8,$BD8))*100/BS$7,""),NA()) -> #N/A | BT8: =IF($CI8,IF(BT$7>0,IF(BT$4>$Q8,$BF8+BT$7*(BT$5+$BG8+$BI8),LOOKUP(BT$7,$AH8:$AL8,$AM8:$AQ8)+IF($AG8="Y",SUMPRODUCT($AX8:$BB8-$AW8:$BA8,BT$7-$AR8:$AV8,N(BT$7>$AR8:$AV8)),BT$7*LOOKUP(BT$7,$AR8:$AV8,$AX8:$BB8))+IF($BE8="Y",$BF8,$BC8)+BT$7*IF($BE8="Y",$BG8,$BD8))*100/BT$7,""),NA()) -> #N/A | BU8: =IF($CI8,IF(BU$7>0,IF(BU$4>$Q8,$BF8+BU$7*(BU$5+$BG8+$BI8),LOOKUP(BU$7,$AH8:$AL8,$AM8:$AQ8)+IF($AG8="Y",SUMPRODUCT($AX8:$BB8-$AW8:$BA8,BU$7-$AR8:$AV8,N(BU$7>$AR8:$AV8)),BU$7*LOOKUP(BU$7,$AR8:$AV8,$AX8:$BB8))+IF($BE8="Y",$BF8,$BC8)+BU$7*IF($BE8="Y",$BG8,$BD8))*100/BU$7,""),NA()) -> #N/A | BV8: =IF($CI8,IF(BV$7>0,IF(BV$4>$Q8,$BF8+BV$7*(BV$5+$BG8+$BI8),LOOKUP(BV$7,$AH8:$AL8,$AM8:$AQ8)+IF($AG8="Y",SUMPRODUCT($AX8:$BB8-$AW8:$BA8,BV$7-$AR8:$AV8,N(BV$7>$AR8:$AV8)),BV$7*LOOKUP(BV$7,$AR8:$AV8,$AX8:$BB8))+IF($BE8="Y",$BF8,$BC8)+BV$7*IF($BE8="Y",$BG8,$BD8))*100/BV$7,""),NA()) -> #N/A | BW8: =IF($CI8,IF(BW$7>0,IF(BW$4>$Q8,$BF8+BW$7*(BW$5+$BG8+$BI8),LOOKUP(BW$7,$AH8:$AL8,$AM8:$AQ8)+IF($AG8="Y",SUMPRODUCT($AX8:$BB8-$AW8:$BA8,BW$7-$AR8:$AV8,N(BW$7>$AR8:$AV8)),BW$7*LOOKUP(BW$7,$AR8:$AV8,$AX8:$BB8))+IF($BE8="Y",$BF8,$BC8)+BW$7*IF($BE8="Y",$BG8,$BD8))*100/BW$7,""),NA()) -> #N/A | BX8: =IF($CI8,IF(BX$7>0,IF(BX$4>$Q8,$BF8+BX$7*(BX$5+$BG8+$BI8),LOOKUP(BX$7,$AH8:$AL8,$AM8:$AQ8)+IF($AG8="Y",SUMPRODUCT($AX8:$BB8-$AW8:$BA8,BX$7-$AR8:$AV8,N(BX$7>$AR8:$AV8)),BX$7*LOOKUP(BX$7,$AR8:$AV8,$AX8:$BB8))+IF($BE8="Y",$BF8,$BC8)+BX$7*IF($BE8="Y",$BG8,$BD8))*100/BX$7,""),NA()) -> #N/A | BY8: =IF($CI8,IF(BY$7>0,IF(BY$4>$Q8,$BF8+BY$7*(BY$5+$BG8+$BI8),LOOKUP(BY$7,$AH8:$AL8,$AM8:$AQ8)+IF($AG8="Y",SUMPRODUCT($AX8:$BB8-$AW8:$BA8,BY$7-$AR8:$AV8,N(BY$7>$AR8:$AV8)),BY$7*LOOKUP(BY$7,$AR8:$AV8,$AX8:$BB8))+IF($BE8="Y",$BF8,$BC8)+BY$7*IF($BE8="Y",$BG8,$BD8))*100/BY$7,""),NA()) -> #N/A | BZ8: =IF($CI8,IF(BZ$7>0,IF(BZ$4>$Q8,$BF8+BZ$7*(BZ$5+$BG8+$BI8),LOOKUP(BZ$7,$AH8:$AL8,$AM8:$AQ8)+IF($AG8="Y",SUMPRODUCT($AX8:$BB8-$AW8:$BA8,BZ$7-$AR8:$AV8,N(BZ$7>$AR8:$AV8)),BZ$7*LOOKUP(BZ$7,$AR8:$AV8,$AX8:$BB8))+IF($BE8="Y",$BF8,$BC8)+BZ$7*IF($BE8="Y",$BG8,$BD8))*100/BZ$7,""),NA()) -> #N/A | ... CD8: =IF($CI8,IF(CD$7>0,IF(CD$4>$Q8,$BF8+CD$7*(CD$5+$BG8+$BI8),LOOKUP(CD$7,$AH8:$AL8,$AM8:$AQ8)+IF($AG8="Y",SUMPRODUCT($AX8:$BB8-$AW8:$BA8,CD$7-$AR8:$AV8,N(CD$7>$AR8:$AV8)),CD$7*LOOKUP(CD$7,$AR8:$AV8,$AX8:$BB8))+IF($BE8="Y",$BF8,$BC8)+CD$7*IF($BE8="Y",$BG8,$BD8))*100/CD$7,""),NA()) -> #N/A | CE8: =IF(ISNUMBER(CF8),RANK($CF8,$CF$8:$CF$360,1),"") | CF8: =IF(AND(CI8,NOT(AD8)),LOOKUP(CF$5,{0,750,1500},H8:J8),"") -> #N/A | CG8: =IF(ISNUMBER(CH8),RANK($CH8,$CH$8:$CH$360,1),"") | CH8: =IF(CI8,IF(ISNUMBER(BO8),BO8,100000)+CV8/10000+IF(ISNUMBER(BJ8),BJ8,2)/10000-P8/100000+ROW()/10000000,"") -> #N/A | CI8: =PRODUCT(CJ8:CQ8) -> #N/A | CJ8: =IF($E8=CJ$5,1,0) -> #N/A | CK8: =IF(CK$5="[Any]",1,IF($F8=CK$5,1,0)) -> 1 | CL8: =IFERROR(--OR(ISBLANK(CL$5),$BJ8="",AND(ISNUMBER($BJ8),$BJ8<=CL$5)),1) -> 1 | CM8: =IF($O8="Fixed",1,0) -> 0 | CN8: =IF($Q8>=CN$5,1,0) -> 0 | CO8: =IF($Q8<=CO$5,1,0) -> 1 | CP8: =IF($P8>=CP$5,1,0) -> 1 | CQ8: =IF(CQ$5="Any",1,IF(AND(CQ$5="Med",AV8=0,SUM(AN8:AQ8)=0),1,IF(AND(CQ$5="Low",AV8=0,SUM(AN8:AQ8)=0,AM8=0),1,IF(AND(CQ$5="Flat",AV8=0,SUM(AN8:AQ8)=0,AM8=0,IFERROR(NOT(BE8="Y"),0)),1,0)))) -> 1 | CR8: =IF(ISNUMBER($CH8),$CH8+$CS8+$CW8,"") | CS8: =CS$5*(12/(MIN(12,Q8))-1) -> 0 | CT8: =IF(OR(LEFT($R8,2)="No",LEFT($R8,4)="Batt"),0,VALUE(IFERROR(LEFT($R8,FIND("/",$R8)-1),IFERROR(LEFT($R8,FIND(" ",$R8)-1),$R8)))) -> 0 | CU8: =IF(AND(ISERR(FIND("remain",$R8)),ISERR(FIND("left",$R8))),"","r")&IF(ISERR(FIND("mon",$R8)),"","m") | CV8: =CT8*IF(CU8="",1,Q8) -> 0 | CW8: =(CV8/25)^1.5*(Calculator!$BU$4/10000)*CW$5 -> 0 | CX8: ="$"&IF(LEFT(CU8,1)="r",CT8&"/"&CU8,CV8) -> $0
B9: - | C9: 36892 | F9: [] | G9: [Enter your own offer] | H9: 0 | I9: 0 | J9: 0 | AG9: Y | AM9: 0 | BF9: =IF($E9=$E$4,BF$4,IF($E9=$E$5,BF$5,"")) | BG9: =IF($E9=$E$4,BG$4,IF($E9=$E$5,BG$5,"")) | BH9: =IF(ISTEXT(BE9),IF(AND(AV9=0,SUM(AN9:AQ9)=0),IF(AM9<=0,IF(BE9="Y","Low","Flat"),"Med"),"High"),"?") -> ? | BI9: =IF(ISNUMBER(AH9),0*BI$5*SIN((EDATE($A$3,$Q9)-DATE(YEAR(EDATE($A$3,$Q9)),1,0)-BI$4)*2*PI()/365),"") | BJ9: =VLOOKUP($F9,REP_Info!$D$6:$H$250,5,FALSE) -> #N/A | BK9: =IF(BK$7>0,(LOOKUP(BK$7,$AH9:$AL9,$AM9:$AQ9)+IF($AG9="Y",SUMPRODUCT($AX9:$BB9-$AW9:$BA9,BK$7-$AR9:$AV9,N(BK$7>$AR9:$AV9)),BK$7*LOOKUP(BK$7,$AR9:$AV9,$AX9:$BB9))+IF($BE9="Y",$BF9,$BC9)+BK$7*IF($BE9="Y",$BG9,$BD9))*100/BK$7,"") -> #N/A | BL9: =IF(BL$7>0,(LOOKUP(BL$7,$AH9:$AL9,$AM9:$AQ9)+IF($AG9="Y",SUMPRODUCT($AX9:$BB9-$AW9:$BA9,BL$7-$AR9:$AV9,N(BL$7>$AR9:$AV9)),BL$7*LOOKUP(BL$7,$AR9:$AV9,$AX9:$BB9))+IF($BE9="Y",$BF9,$BC9)+BL$7*IF($BE9="Y",$BG9,$BD9))*100/BL$7,"") -> #N/A | BM9: =IF(BM$7>0,(LOOKUP(BM$7,$AH9:$AL9,$AM9:$AQ9)+IF($AG9="Y",SUMPRODUCT($AX9:$BB9-$AW9:$BA9,BM$7-$AR9:$AV9,N(BM$7>$AR9:$AV9)),BM$7*LOOKUP(BM$7,$AR9:$AV9,$AX9:$BB9))+IF($BE9="Y",$BF9,$BC9)+BM$7*IF($BE9="Y",$BG9,$BD9))*100/BM$7,"") -> #N/A | BN9: =IF(BN$7>0,(LOOKUP(BN$7,$AH9:$AL9,$AM9:$AQ9)+IF($AG9="Y",SUMPRODUCT($AX9:$BB9-$AW9:$BA9,BN$7-$AR9:$AV9,N(BN$7>$AR9:$AV9)),BN$7*LOOKUP(BN$7,$AR9:$AV9,$AX9:$BB9))+IF($BE9="Y",$BF9,$BC9)+BN$7*IF($BE9="Y",$BG9,$BD9))*100/BN$7,"") -> #N/A | BO9: =IFERROR(SUMPRODUCT($BS$7:$CD$7,$BS9:$CD9)/100,"$$$") -> $$$ | BP9: =IFERROR(BO9*100/BO$5,"$$$") -> $$$ | BQ9: =IFERROR(SUMPRODUCT($BS$7:$CD$7,$BS9:$CD9,--($BS$4:$CD$4<=$Q9))/SUMPRODUCT(--($BS$4:$CD$4<=$Q9),$BS$7:$CD$7),"$$$") -> $$$ | BR9: =IFERROR($BQ9-$BF9*100*SUMPRODUCT(--($BS$4:$CD$4<=$Q9))/SUMPRODUCT(--($BS$4:$CD$4<=$Q9),$BS$7:$CD$7)-$BG9*100,"$$$") -> $$$ | BS9: =IF($CI9,IF(BS$7>0,IF(BS$4>$Q9,$BF9+BS$7*(BS$5+$BG9+$BI9),LOOKUP(BS$7,$AH9:$AL9,$AM9:$AQ9)+IF($AG9="Y",SUMPRODUCT($AX9:$BB9-$AW9:$BA9,BS$7-$AR9:$AV9,N(BS$7>$AR9:$AV9)),BS$7*LOOKUP(BS$7,$AR9:$AV9,$AX9:$BB9))+IF($BE9="Y",$BF9,$BC9)+BS$7*IF($BE9="Y",$BG9,$BD9))*100/BS$7,""),NA()) -> #N/A | BT9: =IF($CI9,IF(BT$7>0,IF(BT$4>$Q9,$BF9+BT$7*(BT$5+$BG9+$BI9),LOOKUP(BT$7,$AH9:$AL9,$AM9:$AQ9)+IF($AG9="Y",SUMPRODUCT($AX9:$BB9-$AW9:$BA9,BT$7-$AR9:$AV9,N(BT$7>$AR9:$AV9)),BT$7*LOOKUP(BT$7,$AR9:$AV9,$AX9:$BB9))+IF($BE9="Y",$BF9,$BC9)+BT$7*IF($BE9="Y",$BG9,$BD9))*100/BT$7,""),NA()) -> #N/A | BU9: =IF($CI9,IF(BU$7>0,IF(BU$4>$Q9,$BF9+BU$7*(BU$5+$BG9+$BI9),LOOKUP(BU$7,$AH9:$AL9,$AM9:$AQ9)+IF($AG9="Y",SUMPRODUCT($AX9:$BB9-$AW9:$BA9,BU$7-$AR9:$AV9,N(BU$7>$AR9:$AV9)),BU$7*LOOKUP(BU$7,$AR9:$AV9,$AX9:$BB9))+IF($BE9="Y",$BF9,$BC9)+BU$7*IF($BE9="Y",$BG9,$BD9))*100/BU$7,""),NA()) -> #N/A | BV9: =IF($CI9,IF(BV$7>0,IF(BV$4>$Q9,$BF9+BV$7*(BV$5+$BG9+$BI9),LOOKUP(BV$7,$AH9:$AL9,$AM9:$AQ9)+IF($AG9="Y",SUMPRODUCT($AX9:$BB9-$AW9:$BA9,BV$7-$AR9:$AV9,N(BV$7>$AR9:$AV9)),BV$7*LOOKUP(BV$7,$AR9:$AV9,$AX9:$BB9))+IF($BE9="Y",$BF9,$BC9)+BV$7*IF($BE9="Y",$BG9,$BD9))*100/BV$7,""),NA()) -> #N/A | BW9: =IF($CI9,IF(BW$7>0,IF(BW$4>$Q9,$BF9+BW$7*(BW$5+$BG9+$BI9),LOOKUP(BW$7,$AH9:$AL9,$AM9:$AQ9)+IF($AG9="Y",SUMPRODUCT($AX9:$BB9-$AW9:$BA9,BW$7-$AR9:$AV9,N(BW$7>$AR9:$AV9)),BW$7*LOOKUP(BW$7,$AR9:$AV9,$AX9:$BB9))+IF($BE9="Y",$BF9,$BC9)+BW$7*IF($BE9="Y",$BG9,$BD9))*100/BW$7,""),NA()) -> #N/A | BX9: =IF($CI9,IF(BX$7>0,IF(BX$4>$Q9,$BF9+BX$7*(BX$5+$BG9+$BI9),LOOKUP(BX$7,$AH9:$AL9,$AM9:$AQ9)+IF($AG9="Y",SUMPRODUCT($AX9:$BB9-$AW9:$BA9,BX$7-$AR9:$AV9,N(BX$7>$AR9:$AV9)),BX$7*LOOKUP(BX$7,$AR9:$AV9,$AX9:$BB9))+IF($BE9="Y",$BF9,$BC9)+BX$7*IF($BE9="Y",$BG9,$BD9))*100/BX$7,""),NA()) -> #N/A | BY9: =IF($CI9,IF(BY$7>0,IF(BY$4>$Q9,$BF9+BY$7*(BY$5+$BG9+$BI9),LOOKUP(BY$7,$AH9:$AL9,$AM9:$AQ9)+IF($AG9="Y",SUMPRODUCT($AX9:$BB9-$AW9:$BA9,BY$7-$AR9:$AV9,N(BY$7>$AR9:$AV9)),BY$7*LOOKUP(BY$7,$AR9:$AV9,$AX9:$BB9))+IF($BE9="Y",$BF9,$BC9)+BY$7*IF($BE9="Y",$BG9,$BD9))*100/BY$7,""),NA()) -> #N/A | BZ9: =IF($CI9,IF(BZ$7>0,IF(BZ$4>$Q9,$BF9+BZ$7*(BZ$5+$BG9+$BI9),LOOKUP(BZ$7,$AH9:$AL9,$AM9:$AQ9)+IF($AG9="Y",SUMPRODUCT($AX9:$BB9-$AW9:$BA9,BZ$7-$AR9:$AV9,N(BZ$7>$AR9:$AV9)),BZ$7*LOOKUP(BZ$7,$AR9:$AV9,$AX9:$BB9))+IF($BE9="Y",$BF9,$BC9)+BZ$7*IF($BE9="Y",$BG9,$BD9))*100/BZ$7,""),NA()) -> #N/A | ... CD9: =IF($CI9,IF(CD$7>0,IF(CD$4>$Q9,$BF9+CD$7*(CD$5+$BG9+$BI9),LOOKUP(CD$7,$AH9:$AL9,$AM9:$AQ9)+IF($AG9="Y",SUMPRODUCT($AX9:$BB9-$AW9:$BA9,CD$7-$AR9:$AV9,N(CD$7>$AR9:$AV9)),CD$7*LOOKUP(CD$7,$AR9:$AV9,$AX9:$BB9))+IF($BE9="Y",$BF9,$BC9)+CD$7*IF($BE9="Y",$BG9,$BD9))*100/CD$7,""),NA()) -> #N/A | CE9: =IF(ISNUMBER(CF9),RANK($CF9,$CF$8:$CF$360,1),"") | CF9: =IF(AND(CI9,NOT(AD9)),LOOKUP(CF$5,{0,750,1500},H9:J9),"") -> #N/A | CG9: =IF(ISNUMBER(CH9),RANK($CH9,$CH$8:$CH$360,1),"") | CH9: =IF(CI9,IF(ISNUMBER(BO9),BO9,100000)+CV9/10000+IF(ISNUMBER(BJ9),BJ9,2)/10000-P9/100000+ROW()/10000000,"") -> #N/A | CI9: =PRODUCT(CJ9:CQ9) -> #N/A | CJ9: =IF($E9=CJ$5,1,0) -> #N/A | CK9: =IF(CK$5="[Any]",1,IF($F9=CK$5,1,0)) -> 1 | CL9: =IFERROR(--OR(ISBLANK(CL$5),$BJ9="",AND(ISNUMBER($BJ9),$BJ9<=CL$5)),1) -> 1 | CM9: =IF($O9="Fixed",1,0) -> 0 | CN9: =IF($Q9>=CN$5,1,0) -> 0 | CO9: =IF($Q9<=CO$5,1,0) -> 1 | CP9: =IF($P9>=CP$5,1,0) -> 1 | CQ9: =IF(CQ$5="Any",1,IF(AND(CQ$5="Med",AV9=0,SUM(AN9:AQ9)=0),1,IF(AND(CQ$5="Low",AV9=0,SUM(AN9:AQ9)=0,AM9=0),1,IF(AND(CQ$5="Flat",AV9=0,SUM(AN9:AQ9)=0,AM9=0,IFERROR(NOT(BE9="Y"),0)),1,0)))) -> 1 | CR9: =IF(ISNUMBER($CH9),$CH9+$CS9+$CW9,"") | CS9: =CS$5*(12/(MIN(12,Q9))-1) -> 0 | CT9: =IF(OR(LEFT($R9,2)="No",LEFT($R9,4)="Batt"),0,VALUE(IFERROR(LEFT($R9,FIND("/",$R9)-1),IFERROR(LEFT($R9,FIND(" ",$R9)-1),$R9)))) -> 0 | CU9: =IF(AND(ISERR(FIND("remain",$R9)),ISERR(FIND("left",$R9))),"","r")&IF(ISERR(FIND("mon",$R9)),"","m") | CV9: =CT9*IF(CU9="",1,Q9) -> 0 | CW9: =(CV9/25)^1.5*(Calculator!$BU$4/10000)*CW$5 -> 0 | CX9: ="$"&IF(LEFT(CU9,1)="r",CT9&"/"&CU9,CV9) -> $0
B10: PTC | C10: 46317.621 | D10: 38553 | E10: CENTERPOINT ENERGY HOUSTON ELECTRIC LLC | F10: Abundance Energy | G10: Confident Renter 3 | H10: 12.6 | I10: 12.1 | J10: 11.9 | L10: FALSE | M10: FALSE | N10: 1 | O10: Fixed | P10: 26 | Q10: 3 | R10: 200 | S10: https://www.abundanceenergy.com | U10: https://gb008a8dbfa8724-worx4uv1.adb.us-ashburn-1.oraclecloudapps.com/ords/worx4u/document/556BEDD633561839E06382F2000A228A/tos | V10: https://gb008a8dbfa8724-worx4uv1.adb.us-ashburn-1.oraclecloudapps.com/ords/worx4u/document/556BEDD633561839E06382F2000A228A/yrac | W10: FALSE | Y10: https://gb008a8dbfa8724-worx4uv1.adb.us-ashburn-1.oraclecloudapps.com/ords/worx4u/document/efl/5E36BD6A2AE2B5CCE063E9F2000A55EC | Z10: https://join.abundanceenergy.com/signup?ref=ptc | AB10: (833) 495-0127 | AC10: TRUE | AD10: FALSE | AE10: X | AF10: 46314 | AG10: Y | AH10: 0 | AM10: 0 | BB10: 0.0512 | BC10: 4.9 | BD10: 0.065333 | BE10: X | BF10: =IF($E10=$E$4,BF$4,IF($E10=$E$5,BF$5,"")) -> 4.9 | BG10: =IF($E10=$E$4,BG$4,IF($E10=$E$5,BG$5,"")) -> 0.065333 | BH10: =IF(ISTEXT(BE10),IF(AND(AV10=0,SUM(AN10:AQ10)=0),IF(AM10<=0,IF(BE10="Y","Low","Flat"),"Med"),"High"),"?") -> Flat | BI10: =IF(ISNUMBER(AH10),0*BI$5*SIN((EDATE($A$3,$Q10)-DATE(YEAR(EDATE($A$3,$Q10)),1,0)-BI$4)*2*PI()/365),"") -> 0 | BJ10: =VLOOKUP($F10,REP_Info!$D$6:$H$250,5,FALSE) -> 2.733 | BK10: =IF(BK$7>0,(LOOKUP(BK$7,$AH10:$AL10,$AM10:$AQ10)+IF($AG10="Y",SUMPRODUCT($AX10:$BB10-$AW10:$BA10,BK$7-$AR10:$AV10,N(BK$7>$AR10:$AV10)),BK$7*LOOKUP(BK$7,$AR10:$AV10,$AX10:$BB10))+IF($BE10="Y",$BF10,$BC10)+BK$7*IF($BE10="Y",$BG10,$BD10))*100/BK$7,"") -> 12.6333 | BL10: =IF(BL$7>0,(LOOKUP(BL$7,$AH10:$AL10,$AM10:$AQ10)+IF($AG10="Y",SUMPRODUCT($AX10:$BB10-$AW10:$BA10,BL$7-$AR10:$AV10,N(BL$7>$AR10:$AV10)),BL$7*LOOKUP(BL$7,$AR10:$AV10,$AX10:$BB10))+IF($BE10="Y",$BF10,$BC10)+BL$7*IF($BE10="Y",$BG10,$BD10))*100/BL$7,"") -> 12.1433 | BM10: =IF(BM$7>0,(LOOKUP(BM$7,$AH10:$AL10,$AM10:$AQ10)+IF($AG10="Y",SUMPRODUCT($AX10:$BB10-$AW10:$BA10,BM$7-$AR10:$AV10,N(BM$7>$AR10:$AV10)),BM$7*LOOKUP(BM$7,$AR10:$AV10,$AX10:$BB10))+IF($BE10="Y",$BF10,$BC10)+BM$7*IF($BE10="Y",$BG10,$BD10))*100/BM$7,"") -> 11.8983 | BN10: =IF(BN$7>0,(LOOKUP(BN$7,$AH10:$AL10,$AM10:$AQ10)+IF($AG10="Y",SUMPRODUCT($AX10:$BB10-$AW10:$BA10,BN$7-$AR10:$AV10,N(BN$7>$AR10:$AV10)),BN$7*LOOKUP(BN$7,$AR10:$AV10,$AX10:$BB10))+IF($BE10="Y",$BF10,$BC10)+BN$7*IF($BE10="Y",$BG10,$BD10))*100/BN$7,"") -> 11.816633 | BO10: =IFERROR(SUMPRODUCT($BS$7:$CD$7,$BS10:$CD10)/100,"$$$") -> $$$ | BP10: =IFERROR(BO10*100/BO$5,"$$$") -> $$$ | BQ10: =IFERROR(SUMPRODUCT($BS$7:$CD$7,$BS10:$CD10,--($BS$4:$CD$4<=$Q10))/SUMPRODUCT(--($BS$4:$CD$4<=$Q10),$BS$7:$CD$7),"$$$") -> $$$ | BR10: =IFERROR($BQ10-$BF10*100*SUMPRODUCT(--($BS$4:$CD$4<=$Q10))/SUMPRODUCT(--($BS$4:$CD$4<=$Q10),$BS$7:$CD$7)-$BG10*100,"$$$") -> $$$ | BS10: =IF($CI10,IF(BS$7>0,IF(BS$4>$Q10,$BF10+BS$7*(BS$5+$BG10+$BI10),LOOKUP(BS$7,$AH10:$AL10,$AM10:$AQ10)+IF($AG10="Y",SUMPRODUCT($AX10:$BB10-$AW10:$BA10,BS$7-$AR10:$AV10,N(BS$7>$AR10:$AV10)),BS$7*LOOKUP(BS$7,$AR10:$AV10,$AX10:$BB10))+IF($BE10="Y",$BF10,$BC10)+BS$7*IF($BE10="Y",$BG10,$BD10))*100/BS$7,""),NA()) -> #N/A | BT10: =IF($CI10,IF(BT$7>0,IF(BT$4>$Q10,$BF10+BT$7*(BT$5+$BG10+$BI10),LOOKUP(BT$7,$AH10:$AL10,$AM10:$AQ10)+IF($AG10="Y",SUMPRODUCT($AX10:$BB10-$AW10:$BA10,BT$7-$AR10:$AV10,N(BT$7>$AR10:$AV10)),BT$7*LOOKUP(BT$7,$AR10:$AV10,$AX10:$BB10))+IF($BE10="Y",$BF10,$BC10)+BT$7*IF($BE10="Y",$BG10,$BD10))*100/BT$7,""),NA()) -> #N/A | BU10: =IF($CI10,IF(BU$7>0,IF(BU$4>$Q10,$BF10+BU$7*(BU$5+$BG10+$BI10),LOOKUP(BU$7,$AH10:$AL10,$AM10:$AQ10)+IF($AG10="Y",SUMPRODUCT($AX10:$BB10-$AW10:$BA10,BU$7-$AR10:$AV10,N(BU$7>$AR10:$AV10)),BU$7*LOOKUP(BU$7,$AR10:$AV10,$AX10:$BB10))+IF($BE10="Y",$BF10,$BC10)+BU$7*IF($BE10="Y",$BG10,$BD10))*100/BU$7,""),NA()) -> #N/A | BV10: =IF($CI10,IF(BV$7>0,IF(BV$4>$Q10,$BF10+BV$7*(BV$5+$BG10+$BI10),LOOKUP(BV$7,$AH10:$AL10,$AM10:$AQ10)+IF($AG10="Y",SUMPRODUCT($AX10:$BB10-$AW10:$BA10,BV$7-$AR10:$AV10,N(BV$7>$AR10:$AV10)),BV$7*LOOKUP(BV$7,$AR10:$AV10,$AX10:$BB10))+IF($BE10="Y",$BF10,$BC10)+BV$7*IF($BE10="Y",$BG10,$BD10))*100/BV$7,""),NA()) -> #N/A | BW10: =IF($CI10,IF(BW$7>0,IF(BW$4>$Q10,$BF10+BW$7*(BW$5+$BG10+$BI10),LOOKUP(BW$7,$AH10:$AL10,$AM10:$AQ10)+IF($AG10="Y",SUMPRODUCT($AX10:$BB10-$AW10:$BA10,BW$7-$AR10:$AV10,N(BW$7>$AR10:$AV10)),BW$7*LOOKUP(BW$7,$AR10:$AV10,$AX10:$BB10))+IF($BE10="Y",$BF10,$BC10)+BW$7*IF($BE10="Y",$BG10,$BD10))*100/BW$7,""),NA()) -> #N/A | BX10: =IF($CI10,IF(BX$7>0,IF(BX$4>$Q10,$BF10+BX$7*(BX$5+$BG10+$BI10),LOOKUP(BX$7,$AH10:$AL10,$AM10:$AQ10)+IF($AG10="Y",SUMPRODUCT($AX10:$BB10-$AW10:$BA10,BX$7-$AR10:$AV10,N(BX$7>$AR10:$AV10)),BX$7*LOOKUP(BX$7,$AR10:$AV10,$AX10:$BB10))+IF($BE10="Y",$BF10,$BC10)+BX$7*IF($BE10="Y",$BG10,$BD10))*100/BX$7,""),NA()) -> #N/A | BY10: =IF($CI10,IF(BY$7>0,IF(BY$4>$Q10,$BF10+BY$7*(BY$5+$BG10+$BI10),LOOKUP(BY$7,$AH10:$AL10,$AM10:$AQ10)+IF($AG10="Y",SUMPRODUCT($AX10:$BB10-$AW10:$BA10,BY$7-$AR10:$AV10,N(BY$7>$AR10:$AV10)),BY$7*LOOKUP(BY$7,$AR10:$AV10,$AX10:$BB10))+IF($BE10="Y",$BF10,$BC10)+BY$7*IF($BE10="Y",$BG10,$BD10))*100/BY$7,""),NA()) -> #N/A | BZ10: =IF($CI10,IF(BZ$7>0,IF(BZ$4>$Q10,$BF10+BZ$7*(BZ$5+$BG10+$BI10),LOOKUP(BZ$7,$AH10:$AL10,$AM10:$AQ10)+IF($AG10="Y",SUMPRODUCT($AX10:$BB10-$AW10:$BA10,BZ$7-$AR10:$AV10,N(BZ$7>$AR10:$AV10)),BZ$7*LOOKUP(BZ$7,$AR10:$AV10,$AX10:$BB10))+IF($BE10="Y",$BF10,$BC10)+BZ$7*IF($BE10="Y",$BG10,$BD10))*100/BZ$7,""),NA()) -> #N/A | ... CD10: =IF($CI10,IF(CD$7>0,IF(CD$4>$Q10,$BF10+CD$7*(CD$5+$BG10+$BI10),LOOKUP(CD$7,$AH10:$AL10,$AM10:$AQ10)+IF($AG10="Y",SUMPRODUCT($AX10:$BB10-$AW10:$BA10,CD$7-$AR10:$AV10,N(CD$7>$AR10:$AV10)),CD$7*LOOKUP(CD$7,$AR10:$AV10,$AX10:$BB10))+IF($BE10="Y",$BF10,$BC10)+CD$7*IF($BE10="Y",$BG10,$BD10))*100/CD$7,""),NA()) -> #N/A | CE10: =IF(ISNUMBER(CF10),RANK($CF10,$CF$8:$CF$360,1),"") | CF10: =IF(AND(CI10,NOT(AD10)),LOOKUP(CF$5,{0,750,1500},H10:J10),"") -> #N/A | CG10: =IF(ISNUMBER(CH10),RANK($CH10,$CH$8:$CH$360,1),"") | CH10: =IF(CI10,IF(ISNUMBER(BO10),BO10,100000)+CV10/10000+IF(ISNUMBER(BJ10),BJ10,2)/10000-P10/100000+ROW()/10000000,"") -> #N/A | CI10: =PRODUCT(CJ10:CQ10) -> #N/A | CJ10: =IF($E10=CJ$5,1,0) -> #N/A | CK10: =IF(CK$5="[Any]",1,IF($F10=CK$5,1,0)) -> 1 | CL10: =IFERROR(--OR(ISBLANK(CL$5),$BJ10="",AND(ISNUMBER($BJ10),$BJ10<=CL$5)),1) -> 1 | CM10: =IF($O10="Fixed",1,0) -> 1 | CN10: =IF($Q10>=CN$5,1,0) -> 0 | CO10: =IF($Q10<=CO$5,1,0) -> 1 | CP10: =IF($P10>=CP$5,1,0) -> 1 | CQ10: =IF(CQ$5="Any",1,IF(AND(CQ$5="Med",AV10=0,SUM(AN10:AQ10)=0),1,IF(AND(CQ$5="Low",AV10=0,SUM(AN10:AQ10)=0,AM10=0),1,IF(AND(CQ$5="Flat",AV10=0,SUM(AN10:AQ10)=0,AM10=0,IFERROR(NOT(BE10="Y"),0)),1,0)))) -> 1 | CR10: =IF(ISNUMBER($CH10),$CH10+$CS10+$CW10,"") | CS10: =CS$5*(12/(MIN(12,Q10))-1) -> 54 | CT10: =IF(OR(LEFT($R10,2)="No",LEFT($R10,4)="Batt"),0,VALUE(IFERROR(LEFT($R10,FIND("/",$R10)-1),IFERROR(LEFT($R10,FIND(" ",$R10)-1),$R10)))) -> 200 | CU10: =IF(AND(ISERR(FIND("remain",$R10)),ISERR(FIND("left",$R10))),"","r")&IF(ISERR(FIND("mon",$R10)),"","m") | CV10: =CT10*IF(CU10="",1,Q10) -> 200 | CW10: =(CV10/25)^1.5*(Calculator!$BU$4/10000)*CW$5 -> 11.767524 | CX10: ="$"&IF(LEFT(CU10,1)="r",CT10&"/"&CU10,CV10) -> $200
